Workbook
Name S01AssetSubgroup: #REF!
Name Slicer_ASSET_COMPONENT: #N/A
Name Slicer_Asset_Component1: #N/A
Name Slicer_ASSET_GROUP: #N/A
Name Slicer_Asset_Group1: #N/A
Name Slicer_ASSET_GROUP2: #N/A
Name Slicer_Frequency: #N/A
Name TaskDescription: '6. BUDGET'!$E$19
Name TaskDescription: '5. SCHEDULE'!$D$49
Name Type: #REF!

Sheet TABLE OF CONTENTS
K3: REQUIRED | M3: Yellow cells: Input is REQUIRED
K4: RECOMMENDED | M4: Orange cells: Input is recommended, but not required
K5: (OUTPUT) | M5: Blue cells: No input required, cells will auto-populate
B10: TABLE OF CONTENTS | I10: COMMUNITY SPECIFIC DATA | O10: COMMUNITY INFRASTRUCTURE SUMMARY
B12: INPUT
A13: 1 | B13: Asset Inventory - Watermains | J13: Year | K13: 2022 | P13: TOTAL WATERMAINS | Q13: =SUM(Watermain_Inventory[LENGTH (m)])/1000 -> 10 | R13: km
A14: 2 | B14: Asset Inventory - Sanitary Mains | J14: Location Factor | K14: 1.2 | P14: TOTAL SANITARY MAINS | Q14: =IFERROR(GETPIVOTDATA("LENGTH (m)",'2. ASSET INVENTORY - SANI MAIN'!$D$4,"ASSET COMPONENT","Main")/1000,0) -> 5 | R14: km
A15: 3 | B15: Asset Inventory - Non-Linear Infrastructure | J15: O&M Wage | K15: 31 | L15: /hr | M15: Includes Wage Burden | P15: TOTAL FORCEMAINS | Q15: =IFERROR(GETPIVOTDATA("LENGTH (m)",'2. ASSET INVENTORY - SANI MAIN'!$D$4,"ASSET COMPONENT","Forcemain")/1000,0) -> 0 | R15: km
J16: Maintenance Truck | K16: =(K38+(K37*12)+(K39*K40*(52/2)))/K41 -> 16.466621 | L16: /hr | M16: Enter community rate or rate from calculation below | P16: TOTAL HYDRANTS | Q16: =K32 -> 50
J17: Maintenance Assistant | K17: 24 | L17: /hr | M17: Includes Wage Burden | P17: TOTAL VALVES | Q17: =K33 -> 120
B18: OUTPUT | J18: Main Operator Weekly Hours | K18: 25 | L18: For water and wastewater maintenance only | P18: TOTAL MANHOLES | Q18: =K34 -> 70
A19: 4 | B19: Suggested Work Order List
A20: 5 | B20: Annual Maintenance Schedule | P20: SYSTEM COMPONENT | Q20: QUANTITY
A21: 6 | B21: Annual Maintenance Budget | P21: Boost Station | Q21: 1
I22: ASSUMPTIONS | P22: Air Release Valve | Q22: 1
B24: REFERENCE DATA
A25: i. | B25: WO Data Masterlist
A26: ii. | B26: WO Maintenance Hours (For Linear Infrastructure)
A27: iii. | B27: Annual Maintenance Budget Summary
J28: Hydrants | K28: 5 | L28: /km of Watermain
J29: Valves | K29: 12 | L29: /km of Watermain
J30: Manholes | K30: 14 | L30: /km of Sanitary Main
J32: Hydrants | K32: =K28*Q13 -> 50 | L32: Assumed Total
J33: Valves | K33: =K29*Q13 -> 120 | L33: Assumed Total
J34: Manholes | K34: =K30*Q14 -> 70 | L34: Assumed Total
I36: MAINTENANCE TRUCK ASSUMPTIONS
J37: Monthly Lease | K37: 800
J38: Annual Insurance | K38: 2500
J39: Gas Price | K39: 1.98
J40: Tank Size | K40: 136 | L40: l
J41: Annual Working Hours | K41: 1160 | L41: hrs
J42: Maintenance Truck Hourly Rate | K42: =((K37*12)+K38+(K39*K40*26))/K41 -> 16.466621 | L42: Enter in "Maintenance Truck" above

Sheet 1.ASSET INVENTORY - WATERMAINS
F2: Return to Table of Contents
A7: INFRASTRUCTURE ASSETS
A8: ASSET INVENTORY - WATERMAINS
A11: NATION ASSET CODE | B11: ICMS ASSET CODE | C11: LOCATION DESCRIPTION | D11: Notes | E11: ASSET GROUP | F11: ASSET SUBGROUP | G11: ASSET COMPONENT | H11: MATERIAL | I11: SIZE | J11: LENGTH (m) | K11: DATE OF INSTALLATION | L11: CONDITION
A12: NAT-W-002 | B12: 434300-01 | C12: Well to Reservoir | E12: WATER | F12: Distribution | G12: Main | H12: DI | I12: 200 | J12: 10000 | K12: 36161

Sheet 2. ASSET INVENTORY - SANI MAIN
H2: Return to Table of Contents
D3: SANITARY MAIN SUMMARY
D4: Row Labels | E4: Sum of LENGTH (m)
D5: Main | E5: 5000 | O5: NAT-SM-001 | Q5: Hwy 101 (Homalco Rd. - East) | T5: 200mm Asbestos Concrete | U5: SANITARY | V5: Collection | W5: Main | X5: AC | Y5: 200 | Z5: 5000 | AA5: 30317
D6: Grand Total | E6: 5000
A7: INFRASTRUCTURE ASSETS
A8: ASSET INVENTORY - SANITARY MAINS
A11: NATION ASSET CODE | B11: ICMS ASSET CODE | C11: LOCATION DESCRIPTION | D11: MHs | E11: Drawing Set | F11: Notes | G11: ASSET GROUP | H11: ASSET SUBGROUP | I11: ASSET COMPONENT | J11: MATERIAL | K11: SIZE | L11: LENGTH (m) | M11: DATE OF INSTALLATION | N11: CONDITION
A12: NAT-SM-001 | C12: Hwy 100 | F12: 200mm Asbestos Concrete | G12: SANITARY | H12: Collection | I12: Main | J12: AC | K12: 200 | L12: 5000 | M12: 30317 | N12: Good

Sheet 3.ASSET INVENTORY - Non-Linear
D2: Return to Table of Contents | F2: SYSTEM | G2: UNITS | H2: UNITS2
F3: Water Treatment Plant | G3: Flow Rate | H3: m3/s
F4: Well | G4: Flow Rate | H4: m3/s
F5: Chlorine Disinfection | G5: Flow Rate | H5: m3/s
F6: Boost Station | G6: Flow Rate | H6: m3/s
F7: Reservoir | G7: Volume | H7: m3
F8: Lift Station | G8: Power | H8: hp
F9: Lagoon | G9: Volume | H9: m3
F10: Air Valve | G10: Diameter | H10: m
F11: PRV | G11: Diameter | H11: m
F12: Community Septic Tank | G12: Volume | H12: m3
A13: INFRASTRUCTURE ASSETS | F13: Community Septic Field | G13: Area | H13: m2
A14: ASSET INVENTORY - WATER SUPPLY, TREATMENT, AND STORAGE | F14: Sewage Treatment Plant | G14: Flow Rate | H14: m3/s
A15: ASSET INVENTORY - SANITARY TREATMENT AND DISPOSAL
A17: NATION ASSET CODE | B17: ICMS ASSET CODE | C17: LOCATION DESCRIPTION | D17: ASSET GROUP | E17: ASSET SUBGROUP | F17: ASSET COMPONENT | G17: TYPE | H17: SIZE | I17: UNIT | J17: DATE OF INSTALLATION | K17: CONDITION
A18: NAT-WT-001 | C18: Water Treatment Plant Access Rd. | D18: WATER | E18: Distribution | F18: Boost Station | I18: =IFERROR(VLOOKUP(Table13567[[#This Row],[ASSET COMPONENT]],Table10[],3,FALSE), " ") -> m3/s | J18: 1999 | K18: Good
A19: NAT-ST-001 | C19: Front Street | D19: WATER | E19: Distribution | F19: Air Release Valve | G19: Duplex | I19: =IFERROR(VLOOKUP(Table13567[[#This Row],[ASSET COMPONENT]],Table10[],3,FALSE), " ")
I20: =IFERROR(VLOOKUP(Table13567[[#This Row],[ASSET COMPONENT]],Table10[],3,FALSE), " ")
I21: =IFERROR(VLOOKUP(Table13567[[#This Row],[ASSET COMPONENT]],Table10[],3,FALSE), " ")
I22: =IFERROR(VLOOKUP(Table13567[[#This Row],[ASSET COMPONENT]],Table10[],3,FALSE), " ")
I23: =IFERROR(VLOOKUP(Table13567[[#This Row],[ASSET COMPONENT]],Table10[],3,FALSE), " ")
I24: =IFERROR(VLOOKUP(Table13567[[#This Row],[ASSET COMPONENT]],Table10[],3,FALSE), " ")
I25: =IFERROR(VLOOKUP(Table13567[[#This Row],[ASSET COMPONENT]],Table10[],3,FALSE), " ")
I26: =IFERROR(VLOOKUP(Table13567[[#This Row],[ASSET COMPONENT]],Table10[],3,FALSE), " ")
I27: =IFERROR(VLOOKUP(Table13567[[#This Row],[ASSET COMPONENT]],Table10[],3,FALSE), " ")
I28: =IFERROR(VLOOKUP(Table13567[[#This Row],[ASSET COMPONENT]],Table10[],3,FALSE), " ")
I29: =IFERROR(VLOOKUP(Table13567[[#This Row],[ASSET COMPONENT]],Table10[],3,FALSE), " ")
I30: =IFERROR(VLOOKUP(Table13567[[#This Row],[ASSET COMPONENT]],Table10[],3,FALSE), " ")
I31: =IFERROR(VLOOKUP(Table13567[[#This Row],[ASSET COMPONENT]],Table10[],3,FALSE), " ")
... I39: =IFERROR(VLOOKUP(Table13567[[#This Row],[ASSET COMPONENT]],Table10[],3,FALSE), " ")

Sheet 4. SUGGESTED WORK ORDERS
A7: LIST OF WORK ORDERS:
A10: WO Required? | B10: YES
A12: ASSET GROUP | B12: ASSET SUBGROUP | C12: TASK CODE | D12: TASK DESCRIPTION | E12: FREQUENCY
A13: WATER | B13: Distribution | C13: BS01 | D13: Weekly or Daily boost station inspection | E13: Weekly
C14: BS02 | D14: Monthly booster station inspection and Maintenance | E14: Monthly
C15: BS03 | D15: Annual Boost Station Inspection and Maintenance | E15: Annual
C16: W01 | D16: Distribution System Inspection | E16: Monthly
C17: W02 | D17: Annual Valve Inspection and Maintenance | E17: With W01
C18: W03 | D18: Watermain Flushing | E18: Annual
C19: W04 | D19: Hydrant Inspection, Maintenance, and Flushing | E19: Annual
C20: W07 | D20: Winterizing Water System | E20: As required
C21: W08 | D21: Watermain Spot Repairs | E21: As required
C22: W09 | D22: Curb Box and Curb Stop Repairs | E22: As required
C23: W10 | D23: Fire Hydrant and Standpipe Test | E23: 3 Times per Year
C24: W11 | D24: Valve Repair | E24: As required
C25: W12 | D25: Hydrant Repair (General) | E25: As required
C26: W14 | D26: Hydrant Painting | E26: As required
A27: SANITARY | B27: Collection | C27: LS01 | D27: Lift Station Weekly Inspection | E27: Weekly
C28: LS02 | D28: Lift Station Monthly Inspection | E28: Monthly
C29: LS03 | D29: Lift Station Quarterly Inspection and Maintenance | E29: Quarterly
C30: LS04 | D30: Lift Station Semi-Annual Inspection and Maintenance | E30: Semi-Annual
C31: LS05 | D31: Lift Station Annual Inspection and Maintenance | E31: Annual
C32: LS06 | D32: Pump out and flush wet well - vac truck | E32: Annual
C33: S01 | D33: Annual Sanitary Main Inspection | E33: Annual
C34: S02 | D34: Main Flushing and Cleaning | E34: Every 3 Years
C35: S03 | D35: CCTV Inspection | E35: Every 10 Years
C36: S04 | D36: Vac Truck | E36: As required
C37: S05 | D37: Annual Forcemain Inspection | E37: Annual

Sheet 5. SCHEDULE
R2: Return to Table of Contents
X4: SCHEDULE SUMMARY
X5: ANNUAL HOURS
X6: OPERATOR 1 | AE6: =BK16 -> 0
X7: OPERATOR 2 | AE7: =BK17 -> 0
X8: OPERATOR 3 | AE8: =BK18 -> 0
X9: TRUCK HOURS | AE9: =SUM(Table2[Truck]) -> 0
X10: MAINTENANCE PLANING HOURS: | AE10: =0.1*(SUM(Table2[Operator])) -> 0 | AI10: Maintenance Planning Hours budgeted at 10% of maintenance hours
B13: WATER AND WASTEWATER INFRASTRUCTURE ASSETS
B14: ANNUAL MAINTENANCE SCHEDULE | K14: Weekly Totals
H15: TOTAL HOURS | K15: =SUM(Table2[1]) -> 0 | L15: =SUM(Table2[2]) -> 0 | M15: =SUM(Table2[3]) -> 0 | N15: =SUM(Table2[4]) -> 0 | O15: =SUM(Table2[5]) -> 0 | P15: =SUM(Table2[6]) -> 0 | Q15: =SUM(Table2[7]) -> 0 | R15: =SUM(Table2[8]) -> 0 | S15: =SUM(Table2[9]) -> 0 | T15: =SUM(Table2[10]) -> 0 | U15: =SUM(Table2[11]) -> 0 | V15: =SUM(Table2[12]) -> 0 | W15: =SUM(Table2[13]) -> 0 | X15: =SUM(Table2[14]) -> 0 | Y15: =SUM(Table2[15]) -> 0 | Z15: =SUM(Table2[16]) -> 0 | AA15: =SUM(Table2[17]) -> 0 | AB15: =SUM(Table2[18]) -> 0 | AC15: =SUM(Table2[19]) -> 0 | AD15: =SUM(Table2[20]) -> 0 | AE15: =SUM(Table2[21]) -> 0 | AF15: =SUM(Table2[22]) -> 0 | AG15: =SUM(Table2[23]) -> 0 | AH15: =SUM(Table2[24]) -> 0 | AI15: =SUM(Table2[25]) -> 0 | AJ15: =SUM(Table2[26]) -> 0 | AK15: =SUM(Table2[27]) -> 0 | AL15: =SUM(Table2[28]) -> 0 | AM15: =SUM(Table2[29]) -> 0 | AN15: =SUM(Table2[30]) -> 0 | AO15: =SUM(Table2[31]) -> 0 | AP15: =SUM(Table2[32]) -> 0 | AQ15: =SUM(Table2[33]) -> 0 | AR15: =SUM(Table2[34]) -> 0 | AS15: =SUM(Table2[35]) -> 0 | AT15: =SUM(Table2[36]) -> 0 | AU15: =SUM(Table2[37]) -> 0 | AV15: =SUM(Table2[38]) -> 0 | AW15: =SUM(Table2[39]) -> 0 | AX15: =SUM(Table2[40]) -> 0 | AY15: =SUM(Table2[41]) -> 0 | AZ15: =SUM(Table2[42]) -> 0 | BA15: =SUM(Table2[43]) -> 0 | BB15: =SUM(Table2[44]) -> 0 | BC15: =SUM(Table2[45]) -> 0 | BD15: =SUM(Table2[46]) -> 0 | BE15: =SUM(Table2[47]) -> 0 | BF15: =SUM(Table2[48]) -> 0 | BG15: =SUM(Table2[49]) -> 0 | BH15: =SUM(Table2[50]) -> 0 | BI15: =SUM(Table2[51]) -> 0 | BJ15: =SUM(Table2[52]) -> 0 | BK15: ANNUAL HOURS
H16: Operator 1 | K16: =MIN('TABLE OF CONTENTS'!$K$18,K15) -> 0 | L16: =MIN('TABLE OF CONTENTS'!$K$18,L15) -> 0 | M16: =MIN('TABLE OF CONTENTS'!$K$18,M15) -> 0 | N16: =MIN('TABLE OF CONTENTS'!$K$18,N15) -> 0 | O16: =MIN('TABLE OF CONTENTS'!$K$18,O15) -> 0 | P16: =MIN('TABLE OF CONTENTS'!$K$18,P15) -> 0 | Q16: =MIN('TABLE OF CONTENTS'!$K$18,Q15) -> 0 | R16: =MIN('TABLE OF CONTENTS'!$K$18,R15) -> 0 | ... BJ16: =MIN('TABLE OF CONTENTS'!$K$18,BJ15) -> 0 | BK16: =SUM(K16:BJ16) -> 0
H17: Operator 2 | K17: =MIN('TABLE OF CONTENTS'!$K$18,K15-K16) -> 0 | L17: =MIN('TABLE OF CONTENTS'!$K$18,L15-L16) -> 0 | M17: =MIN('TABLE OF CONTENTS'!$K$18,M15-M16) -> 0 | N17: =MIN('TABLE OF CONTENTS'!$K$18,N15-N16) -> 0 | O17: =MIN('TABLE OF CONTENTS'!$K$18,O15-O16) -> 0 | P17: =MIN('TABLE OF CONTENTS'!$K$18,P15-P16) -> 0 | Q17: =MIN('TABLE OF CONTENTS'!$K$18,Q15-Q16) -> 0 | R17: =MIN('TABLE OF CONTENTS'!$K$18,R15-R16) -> 0 | ... BJ17: =MIN('TABLE OF CONTENTS'!$K$18,BJ15-BJ16) -> 0 | BK17: =SUM(K17:BJ17) -> 0
H18: Operator 3 | K18: =K15-K16-K17 -> 0 | L18: =L15-L16-L17 -> 0 | M18: =M15-M16-M17 -> 0 | N18: =N15-N16-N17 -> 0 | O18: =O15-O16-O17 -> 0 | P18: =P15-P16-P17 -> 0 | Q18: =Q15-Q16-Q17 -> 0 | R18: =R15-R16-R17 -> 0 | ... BJ18: =BJ15-BJ16-BJ17 -> 0 | BK18: =SUM(K18:BJ18) -> 0
K19: A N N U A L C A L E N D A R
F20: Crew Hours per Year | J20: January | O20: February | S20: March | W20: April | AA20: May | AE20: June | AI20: July | AN20: August | AS20: September | AW20: October | BB20: November | BF20: December | BK20: As Required
B21: Task Code | C21: ASSET GROUP | D21: Task Description | E21: Frequency | F21: Frequency Data | G21: Quantity Data | H21: Operator | I21: Truck | J21: Contractor | K21: 1 | L21: 2 | M21: 3 | N21: 4 | O21: 5 | P21: 6 | Q21: 7 | R21: 8 | S21: 9 | T21: 10 | U21: 11 | V21: 12 | W21: 13 | X21: 14 | Y21: 15 | Z21: 16 | AA21: 17 | AB21: 18 | AC21: 19 | AD21: 20 | AE21: 21 | AF21: 22 | AG21: 23 | AH21: 24 | AI21: 25 | AJ21: 26 | AK21: 27 | AL21: 28 | AM21: 29 | AN21: 30 | AO21: 31 | AP21: 32 | AQ21: 33 | AR21: 34 | AS21: 35 | AT21: 36 | AU21: 37 | AV21: 38 | AW21: 39 | AX21: 40 | AY21: 41 | AZ21: 42 | BA21: 43 | BB21: 44 | BC21: 45 | BD21: 46 | BE21: 47 | BF21: 48 | BG21: 49 | BH21: 50 | BI21: 51 | BJ21: 52 | BK21: N/A | BL21: check
C22: =IFERROR(VLOOKUP(Table2[[#This Row],[Task Code]],WO_Data_Masterlist[],2,FALSE)," ") | D22: =IFERROR(VLOOKUP(Table2[[#This Row],[Task Code]],WO_Data_Masterlist[],5,FALSE)," ") | E22: =IFERROR(VLOOKUP(Table2[[#This Row],[Task Code]],WO_Data_Masterlist[],6,FALSE)," ") | F22: =VLOOKUP(Table2[[#This Row],[Task Code]],WO_Data_Masterlist[],7,FALSE) -> #N/A | G22: =IF(VLOOKUP(Table2[[#This Row],[Task Code]],WO_Data_Masterlist[],15,FALSE)="N/A", 1, VLOOKUP(Table2[[#This Row],[Task Code]],WO_Data_Masterlist[],15,FALSE)) -> #N/A | H22: =IFERROR(VLOOKUP(Table2[[#This Row],[Task Code]],WO_Data_Masterlist[],9,FALSE)*Table2[[#This Row],[Frequency Data]]*Table2[[#This Row],[Quantity Data]]," ") | I22: =IFERROR(VLOOKUP(Table2[[#This Row],[Task Code]],WO_Data_Masterlist[],10,FALSE)*Table2[[#This Row],[Frequency Data]]*Table2[[#This Row],[Quantity Data]]," ") | J22: =VLOOKUP(Table2[[#This Row],[Task Code]],WO_Data_Masterlist[],12,FALSE)*Table2[[#This Row],[Frequency Data]] -> #N/A | BK22: =IF(Table2[[#This Row],[Operator]]=0,VLOOKUP(Table2[[#This Row],[Task Code]],WO_Data_Masterlist[],9,FALSE)," ") | BL22: =SUM(Table2[[#This Row],[1]:[N/A]]) -> 0
C23: =IFERROR(VLOOKUP(Table2[[#This Row],[Task Code]],WO_Data_Masterlist[],2,FALSE)," ") | D23: =IFERROR(VLOOKUP(Table2[[#This Row],[Task Code]],WO_Data_Masterlist[],5,FALSE)," ") | E23: =IFERROR(VLOOKUP(Table2[[#This Row],[Task Code]],WO_Data_Masterlist[],6,FALSE)," ") | F23: =VLOOKUP(Table2[[#This Row],[Task Code]],WO_Data_Masterlist[],7,FALSE) -> #N/A | G23: =IF(VLOOKUP(Table2[[#This Row],[Task Code]],WO_Data_Masterlist[],15,FALSE)="N/A", 1, VLOOKUP(Table2[[#This Row],[Task Code]],WO_Data_Masterlist[],15,FALSE)) -> #N/A | H23: =IFERROR(VLOOKUP(Table2[[#This Row],[Task Code]],WO_Data_Masterlist[],9,FALSE)*Table2[[#This Row],[Frequency Data]]*Table2[[#This Row],[Quantity Data]]," ") | I23: =IFERROR(VLOOKUP(Table2[[#This Row],[Task Code]],WO_Data_Masterlist[],10,FALSE)*Table2[[#This Row],[Frequency Data]]*Table2[[#This Row],[Quantity Data]]," ") | J23: =VLOOKUP(Table2[[#This Row],[Task Code]],WO_Data_Masterlist[],12,FALSE)*Table2[[#This Row],[Frequency Data]] -> #N/A | BK23: =IF(Table2[[#This Row],[Operator]]=0,VLOOKUP(Table2[[#This Row],[Task Code]],WO_Data_Masterlist[],9,FALSE)," ") | BL23: =SUM(Table2[[#This Row],[1]:[N/A]]) -> 0
C24: =IFERROR(VLOOKUP(Table2[[#This Row],[Task Code]],WO_Data_Masterlist[],2,FALSE)," ") | D24: =IFERROR(VLOOKUP(Table2[[#This Row],[Task Code]],WO_Data_Masterlist[],5,FALSE)," ") | E24: =IFERROR(VLOOKUP(Table2[[#This Row],[Task Code]],WO_Data_Masterlist[],6,FALSE)," ") | F24: =VLOOKUP(Table2[[#This Row],[Task Code]],WO_Data_Masterlist[],7,FALSE) -> #N/A | G24: =IF(VLOOKUP(Table2[[#This Row],[Task Code]],WO_Data_Masterlist[],15,FALSE)="N/A", 1, VLOOKUP(Table2[[#This Row],[Task Code]],WO_Data_Masterlist[],15,FALSE)) -> #N/A | H24: =IFERROR(VLOOKUP(Table2[[#This Row],[Task Code]],WO_Data_Masterlist[],9,FALSE)*Table2[[#This Row],[Frequency Data]]*Table2[[#This Row],[Quantity Data]]," ") | I24: =IFERROR(VLOOKUP(Table2[[#This Row],[Task Code]],WO_Data_Masterlist[],10,FALSE)*Table2[[#This Row],[Frequency Data]]*Table2[[#This Row],[Quantity Data]]," ") | J24: =VLOOKUP(Table2[[#This Row],[Task Code]],WO_Data_Masterlist[],12,FALSE)*Table2[[#This Row],[Frequency Data]] -> #N/A | BK24: =IF(Table2[[#This Row],[Operator]]=0,VLOOKUP(Table2[[#This Row],[Task Code]],WO_Data_Masterlist[],9,FALSE)," ") | BL24: =SUM(Table2[[#This Row],[1]:[N/A]]) -> 0
C25: =IFERROR(VLOOKUP(Table2[[#This Row],[Task Code]],WO_Data_Masterlist[],2,FALSE)," ") | D25: =IFERROR(VLOOKUP(Table2[[#This Row],[Task Code]],WO_Data_Masterlist[],5,FALSE)," ") | E25: =IFERROR(VLOOKUP(Table2[[#This Row],[Task Code]],WO_Data_Masterlist[],6,FALSE)," ") | F25: =VLOOKUP(Table2[[#This Row],[Task Code]],WO_Data_Masterlist[],7,FALSE) -> #N/A | G25: =IF(VLOOKUP(Table2[[#This Row],[Task Code]],WO_Data_Masterlist[],15,FALSE)="N/A", 1, VLOOKUP(Table2[[#This Row],[Task Code]],WO_Data_Masterlist[],15,FALSE)) -> #N/A | H25: =IFERROR(VLOOKUP(Table2[[#This Row],[Task Code]],WO_Data_Masterlist[],9,FALSE)*Table2[[#This Row],[Frequency Data]]*Table2[[#This Row],[Quantity Data]]," ") | I25: =IFERROR(VLOOKUP(Table2[[#This Row],[Task Code]],WO_Data_Masterlist[],10,FALSE)*Table2[[#This Row],[Frequency Data]]*Table2[[#This Row],[Quantity Data]]," ") | J25: =VLOOKUP(Table2[[#This Row],[Task Code]],WO_Data_Masterlist[],12,FALSE)*Table2[[#This Row],[Frequency Data]] -> #N/A | BK25: =IF(Table2[[#This Row],[Operator]]=0,VLOOKUP(Table2[[#This Row],[Task Code]],WO_Data_Masterlist[],9,FALSE)," ") | BL25: =SUM(Table2[[#This Row],[1]:[N/A]]) -> 0
C26: =IFERROR(VLOOKUP(Table2[[#This Row],[Task Code]],WO_Data_Masterlist[],2,FALSE)," ") | D26: =IFERROR(VLOOKUP(Table2[[#This Row],[Task Code]],WO_Data_Masterlist[],5,FALSE)," ") | E26: =IFERROR(VLOOKUP(Table2[[#This Row],[Task Code]],WO_Data_Masterlist[],6,FALSE)," ") | F26: =VLOOKUP(Table2[[#This Row],[Task Code]],WO_Data_Masterlist[],7,FALSE) -> #N/A | G26: =IF(VLOOKUP(Table2[[#This Row],[Task Code]],WO_Data_Masterlist[],15,FALSE)="N/A", 1, VLOOKUP(Table2[[#This Row],[Task Code]],WO_Data_Masterlist[],15,FALSE)) -> #N/A | H26: =IFERROR(VLOOKUP(Table2[[#This Row],[Task Code]],WO_Data_Masterlist[],9,FALSE)*Table2[[#This Row],[Frequency Data]]*Table2[[#This Row],[Quantity Data]]," ") | I26: =IFERROR(VLOOKUP(Table2[[#This Row],[Task Code]],WO_Data_Masterlist[],10,FALSE)*Table2[[#This Row],[Frequency Data]]*Table2[[#This Row],[Quantity Data]]," ") | J26: =VLOOKUP(Table2[[#This Row],[Task Code]],WO_Data_Masterlist[],12,FALSE)*Table2[[#This Row],[Frequency Data]] -> #N/A | BK26: =IF(Table2[[#This Row],[Operator]]=0,VLOOKUP(Table2[[#This Row],[Task Code]],WO_Data_Masterlist[],9,FALSE)," ") | BL26: =SUM(Table2[[#This Row],[1]:[N/A]]) -> 0
C27: =IFERROR(VLOOKUP(Table2[[#This Row],[Task Code]],WO_Data_Masterlist[],2,FALSE)," ") | D27: =IFERROR(VLOOKUP(Table2[[#This Row],[Task Code]],WO_Data_Masterlist[],5,FALSE)," ") | E27: =IFERROR(VLOOKUP(Table2[[#This Row],[Task Code]],WO_Data_Masterlist[],6,FALSE)," ") | F27: =VLOOKUP(Table2[[#This Row],[Task Code]],WO_Data_Masterlist[],7,FALSE) -> #N/A | G27: =IF(VLOOKUP(Table2[[#This Row],[Task Code]],WO_Data_Masterlist[],15,FALSE)="N/A", 1, VLOOKUP(Table2[[#This Row],[Task Code]],WO_Data_Masterlist[],15,FALSE)) -> #N/A | H27: =IFERROR(VLOOKUP(Table2[[#This Row],[Task Code]],WO_Data_Masterlist[],9,FALSE)*Table2[[#This Row],[Frequency Data]]*Table2[[#This Row],[Quantity Data]]," ") | I27: =IFERROR(VLOOKUP(Table2[[#This Row],[Task Code]],WO_Data_Masterlist[],10,FALSE)*Table2[[#This Row],[Frequency Data]]*Table2[[#This Row],[Quantity Data]]," ") | J27: =VLOOKUP(Table2[[#This Row],[Task Code]],WO_Data_Masterlist[],12,FALSE)*Table2[[#This Row],[Frequency Data]] -> #N/A | BK27: =IF(Table2[[#This Row],[Operator]]=0,VLOOKUP(Table2[[#This Row],[Task Code]],WO_Data_Masterlist[],9,FALSE)," ") | BL27: =SUM(Table2[[#This Row],[1]:[N/A]]) -> 0
C28: =IFERROR(VLOOKUP(Table2[[#This Row],[Task Code]],WO_Data_Masterlist[],2,FALSE)," ") | D28: =IFERROR(VLOOKUP(Table2[[#This Row],[Task Code]],WO_Data_Masterlist[],5,FALSE)," ") | E28: =IFERROR(VLOOKUP(Table2[[#This Row],[Task Code]],WO_Data_Masterlist[],6,FALSE)," ") | F28: =VLOOKUP(Table2[[#This Row],[Task Code]],WO_Data_Masterlist[],7,FALSE) -> #N/A | G28: =IF(VLOOKUP(Table2[[#This Row],[Task Code]],WO_Data_Masterlist[],15,FALSE)="N/A", 1, VLOOKUP(Table2[[#This Row],[Task Code]],WO_Data_Masterlist[],15,FALSE)) -> #N/A | H28: =IFERROR(VLOOKUP(Table2[[#This Row],[Task Code]],WO_Data_Masterlist[],9,FALSE)*Table2[[#This Row],[Frequency Data]]*Table2[[#This Row],[Quantity Data]]," ") | I28: =IFERROR(VLOOKUP(Table2[[#This Row],[Task Code]],WO_Data_Masterlist[],10,FALSE)*Table2[[#This Row],[Frequency Data]]*Table2[[#This Row],[Quantity Data]]," ") | J28: =VLOOKUP(Table2[[#This Row],[Task Code]],WO_Data_Masterlist[],12,FALSE)*Table2[[#This Row],[Frequency Data]] -> #N/A | BK28: =IF(Table2[[#This Row],[Operator]]=0,VLOOKUP(Table2[[#This Row],[Task Code]],WO_Data_Masterlist[],9,FALSE)," ") | BL28: =SUM(Table2[[#This Row],[1]:[N/A]]) -> 0
C29: =IFERROR(VLOOKUP(Table2[[#This Row],[Task Code]],WO_Data_Masterlist[],2,FALSE)," ") | D29: =IFERROR(VLOOKUP(Table2[[#This Row],[Task Code]],WO_Data_Masterlist[],5,FALSE)," ") | E29: =IFERROR(VLOOKUP(Table2[[#This Row],[Task Code]],WO_Data_Masterlist[],6,FALSE)," ") | F29: =VLOOKUP(Table2[[#This Row],[Task Code]],WO_Data_Masterlist[],7,FALSE) -> #N/A | G29: =IF(VLOOKUP(Table2[[#This Row],[Task Code]],WO_Data_Masterlist[],15,FALSE)="N/A", 1, VLOOKUP(Table2[[#This Row],[Task Code]],WO_Data_Masterlist[],15,FALSE)) -> #N/A | H29: =IFERROR(VLOOKUP(Table2[[#This Row],[Task Code]],WO_Data_Masterlist[],9,FALSE)*Table2[[#This Row],[Frequency Data]]*Table2[[#This Row],[Quantity Data]]," ") | I29: =IFERROR(VLOOKUP(Table2[[#This Row],[Task Code]],WO_Data_Masterlist[],10,FALSE)*Table2[[#This Row],[Frequency Data]]*Table2[[#This Row],[Quantity Data]]," ") | J29: =VLOOKUP(Table2[[#This Row],[Task Code]],WO_Data_Masterlist[],12,FALSE)*Table2[[#This Row],[Frequency Data]] -> #N/A | BK29: =IF(Table2[[#This Row],[Operator]]=0,VLOOKUP(Table2[[#This Row],[Task Code]],WO_Data_Masterlist[],9,FALSE)," ") | BL29: =SUM(Table2[[#This Row],[1]:[N/A]]) -> 0
C30: =IFERROR(VLOOKUP(Table2[[#This Row],[Task Code]],WO_Data_Masterlist[],2,FALSE)," ") | D30: =IFERROR(VLOOKUP(Table2[[#This Row],[Task Code]],WO_Data_Masterlist[],5,FALSE)," ") | E30: =IFERROR(VLOOKUP(Table2[[#This Row],[Task Code]],WO_Data_Masterlist[],6,FALSE)," ") | F30: =VLOOKUP(Table2[[#This Row],[Task Code]],WO_Data_Masterlist[],7,FALSE) -> #N/A | G30: =IF(VLOOKUP(Table2[[#This Row],[Task Code]],WO_Data_Masterlist[],15,FALSE)="N/A", 1, VLOOKUP(Table2[[#This Row],[Task Code]],WO_Data_Masterlist[],15,FALSE)) -> #N/A | H30: =IFERROR(VLOOKUP(Table2[[#This Row],[Task Code]],WO_Data_Masterlist[],9,FALSE)*Table2[[#This Row],[Frequency Data]]*Table2[[#This Row],[Quantity Data]]," ") | I30: =IFERROR(VLOOKUP(Table2[[#This Row],[Task Code]],WO_Data_Masterlist[],10,FALSE)*Table2[[#This Row],[Frequency Data]]*Table2[[#This Row],[Quantity Data]]," ") | J30: =VLOOKUP(Table2[[#This Row],[Task Code]],WO_Data_Masterlist[],12,FALSE)*Table2[[#This Row],[Frequency Data]] -> #N/A | BK30: =IF(Table2[[#This Row],[Operator]]=0,VLOOKUP(Table2[[#This Row],[Task Code]],WO_Data_Masterlist[],9,FALSE)," ") | BL30: =SUM(Table2[[#This Row],[1]:[N/A]]) -> 0
C31: =IFERROR(VLOOKUP(Table2[[#This Row],[Task Code]],WO_Data_Masterlist[],2,FALSE)," ") | D31: =IFERROR(VLOOKUP(Table2[[#This Row],[Task Code]],WO_Data_Masterlist[],5,FALSE)," ") | E31: =IFERROR(VLOOKUP(Table2[[#This Row],[Task Code]],WO_Data_Masterlist[],6,FALSE)," ") | F31: =VLOOKUP(Table2[[#This Row],[Task Code]],WO_Data_Masterlist[],7,FALSE) -> #N/A | G31: =IF(VLOOKUP(Table2[[#This Row],[Task Code]],WO_Data_Masterlist[],15,FALSE)="N/A", 1, VLOOKUP(Table2[[#This Row],[Task Code]],WO_Data_Masterlist[],15,FALSE)) -> #N/A | H31: =IFERROR(VLOOKUP(Table2[[#This Row],[Task Code]],WO_Data_Masterlist[],9,FALSE)*Table2[[#This Row],[Frequency Data]]*Table2[[#This Row],[Quantity Data]]," ") | I31: =IFERROR(VLOOKUP(Table2[[#This Row],[Task Code]],WO_Data_Masterlist[],10,FALSE)*Table2[[#This Row],[Frequency Data]]*Table2[[#This Row],[Quantity Data]]," ") | J31: =VLOOKUP(Table2[[#This Row],[Task Code]],WO_Data_Masterlist[],12,FALSE)*Table2[[#This Row],[Frequency Data]] -> #N/A | BK31: =IF(Table2[[#This Row],[Operator]]=0,VLOOKUP(Table2[[#This Row],[Task Code]],WO_Data_Masterlist[],9,FALSE)," ") | BL31: =SUM(Table2[[#This Row],[1]:[N/A]]) -> 0
C32: =IFERROR(VLOOKUP(Table2[[#This Row],[Task Code]],WO_Data_Masterlist[],2,FALSE)," ") | D32: =IFERROR(VLOOKUP(Table2[[#This Row],[Task Code]],WO_Data_Masterlist[],5,FALSE)," ") | E32: =IFERROR(VLOOKUP(Table2[[#This Row],[Task Code]],WO_Data_Masterlist[],6,FALSE)," ") | F32: =VLOOKUP(Table2[[#This Row],[Task Code]],WO_Data_Masterlist[],7,FALSE) -> #N/A | G32: =IF(VLOOKUP(Table2[[#This Row],[Task Code]],WO_Data_Masterlist[],15,FALSE)="N/A", 1, VLOOKUP(Table2[[#This Row],[Task Code]],WO_Data_Masterlist[],15,FALSE)) -> #N/A | H32: =IFERROR(VLOOKUP(Table2[[#This Row],[Task Code]],WO_Data_Masterlist[],9,FALSE)*Table2[[#This Row],[Frequency Data]]*Table2[[#This Row],[Quantity Data]]," ") | I32: =IFERROR(VLOOKUP(Table2[[#This Row],[Task Code]],WO_Data_Masterlist[],10,FALSE)*Table2[[#This Row],[Frequency Data]]*Table2[[#This Row],[Quantity Data]]," ") | J32: =VLOOKUP(Table2[[#This Row],[Task Code]],WO_Data_Masterlist[],12,FALSE)*Table2[[#This Row],[Frequency Data]] -> #N/A | BK32: =IF(Table2[[#This Row],[Operator]]=0,VLOOKUP(Table2[[#This Row],[Task Code]],WO_Data_Masterlist[],9,FALSE)," ") | BL32: =SUM(Table2[[#This Row],[1]:[N/A]]) -> 0
C33: =IFERROR(VLOOKUP(Table2[[#This Row],[Task Code]],WO_Data_Masterlist[],2,FALSE)," ") | D33: =IFERROR(VLOOKUP(Table2[[#This Row],[Task Code]],WO_Data_Masterlist[],5,FALSE)," ") | E33: =IFERROR(VLOOKUP(Table2[[#This Row],[Task Code]],WO_Data_Masterlist[],6,FALSE)," ") | F33: =VLOOKUP(Table2[[#This Row],[Task Code]],WO_Data_Masterlist[],7,FALSE) -> #N/A | G33: =IF(VLOOKUP(Table2[[#This Row],[Task Code]],WO_Data_Masterlist[],15,FALSE)="N/A", 1, VLOOKUP(Table2[[#This Row],[Task Code]],WO_Data_Masterlist[],15,FALSE)) -> #N/A | H33: =IFERROR(VLOOKUP(Table2[[#This Row],[Task Code]],WO_Data_Masterlist[],9,FALSE)*Table2[[#This Row],[Frequency Data]]*Table2[[#This Row],[Quantity Data]]," ") | I33: =IFERROR(VLOOKUP(Table2[[#This Row],[Task Code]],WO_Data_Masterlist[],10,FALSE)*Table2[[#This Row],[Frequency Data]]*Table2[[#This Row],[Quantity Data]]," ") | J33: =VLOOKUP(Table2[[#This Row],[Task Code]],WO_Data_Masterlist[],12,FALSE)*Table2[[#This Row],[Frequency Data]] -> #N/A | BK33: =IF(Table2[[#This Row],[Operator]]=0,VLOOKUP(Table2[[#This Row],[Task Code]],WO_Data_Masterlist[],9,FALSE)," ") | BL33: =SUM(Table2[[#This Row],[1]:[N/A]]) -> 0
... C64: =IFERROR(VLOOKUP(Table2[[#This Row],[Task Code]],WO_Data_Masterlist[],2,FALSE)," ") | D64: =IFERROR(VLOOKUP(Table2[[#This Row],[Task Code]],WO_Data_Masterlist[],5,FALSE)," ") | E64: =IFERROR(VLOOKUP(Table2[[#This Row],[Task Code]],WO_Data_Masterlist[],6,FALSE)," ") | F64: =VLOOKUP(Table2[[#This Row],[Task Code]],WO_Data_Masterlist[],7,FALSE) -> #N/A | G64: =IF(VLOOKUP(Table2[[#This Row],[Task Code]],WO_Data_Masterlist[],15,FALSE)="N/A", 1, VLOOKUP(Table2[[#This Row],[Task Code]],WO_Data_Masterlist[],15,FALSE)) -> #N/A | H64: =IFERROR(VLOOKUP(Table2[[#This Row],[Task Code]],WO_Data_Masterlist[],9,FALSE)*Table2[[#This Row],[Frequency Data]]*Table2[[#This Row],[Quantity Data]]," ") | I64: =IFERROR(VLOOKUP(Table2[[#This Row],[Task Code]],WO_Data_Masterlist[],10,FALSE)*Table2[[#This Row],[Frequency Data]]*Table2[[#This Row],[Quantity Data]]," ") | J64: =VLOOKUP(Table2[[#This Row],[Task Code]],WO_Data_Masterlist[],12,FALSE)*Table2[[#This Row],[Frequency Data]] -> #N/A | BK64: =IF(Table2[[#This Row],[Operator]]=0,VLOOKUP(Table2[[#This Row],[Task Code]],WO_Data_Masterlist[],9,FALSE)," ") | BL64: =SUM(Table2[[#This Row],[1]:[N/A]]) -> 0

Sheet 6. BUDGET
K2: Return to Table of Contents | N2: Labour Rates
N3: Labour | O3: ='TABLE OF CONTENTS'!K15 -> 31
N4: Truck | O4: ='TABLE OF CONTENTS'!K16 -> 16.466621
L6: TOTAL ANNUAL BUDGET
L7: Operator | O7: {=IFERROR(SUM(Table210[Operator]*O3)," ")}
L8: Truck | O8: =IFERROR((SUM(Table210[Truck])*O4)," ") -> 0
L9: Contractor | O9: {=IFERROR(SUM(Table210[Contractor]*Table210[Frequency Data]*Table210[Quantity2])," ")}
L10: Equipment | O10: {=IFERROR(SUM(Table210[Equipment]*Table210[Frequency Data]*Table210[Quantity2])," ")}
L11: Parts & Materials | O11: {=IFERROR(SUM(Table210[Parts & Materials]*Table210[Frequency Data]*Table210[Quantity2])," ")}
B12: WATER AND WASTEWATER INFRASTRUCTURE ASSETS | L12: Energy Requirements | O12: =IFERROR(SUM(Table210[Annual Energy Cost])," ") -> 0
B13: ANNUAL MAINTENANCE BUDGET | L13: TOTAL WATER AND WASTEWATER O&M | O13: =SUM(O7:O12) -> 0
B17: Maintenance Task | I17: Crew Hours per Year | K17: Costs per Task
B18: Task Code | C18: Asset Group | D18: Asset Component | E18: Task Description | F18: Frequency | G18: Frequency Data | H18: Quantity2 | I18: Operator | J18: Truck | K18: Contractor | L18: Equipment | M18: Parts & Materials | N18: Annual Energy Cost | O18: Annual Budget
C19: =IFERROR(VLOOKUP(Table210[[#This Row],[Task Code]],WO_Data_Masterlist[],2,FALSE)," ") | D19: =IFERROR(VLOOKUP(Table210[[#This Row],[Task Code]],WO_Data_Masterlist[],4,FALSE)," ") | E19: =IFERROR(VLOOKUP(Table210[[#This Row],[Task Code]],WO_Data_Masterlist[],5,FALSE)," ") | F19: =IFERROR(VLOOKUP(Table210[[#This Row],[Task Code]],WO_Data_Masterlist[],6,FALSE)," ") | G19: =VLOOKUP(Table210[[#This Row],[Task Code]],WO_Data_Masterlist[],7,FALSE) -> #N/A | H19: =IF(VLOOKUP(Table210[[#This Row],[Task Code]],WO_Data_Masterlist[],15,FALSE)="N/A",1,VLOOKUP(Table210[[#This Row],[Task Code]],WO_Data_Masterlist[],15,FALSE)) -> #N/A | I19: =IFERROR(VLOOKUP(Table210[[#This Row],[Task Code]],WO_Data_Masterlist[],9,FALSE)*Table210[[#This Row],[Frequency Data]]*Table210[[#This Row],[Quantity2]]," ") | J19: =IFERROR(VLOOKUP(Table210[[#This Row],[Task Code]],WO_Data_Masterlist[],10,FALSE)*Table210[[#This Row],[Frequency Data]]*Table210[[#This Row],[Quantity2]]," ") | K19: =IFERROR(VLOOKUP(Table210[[#This Row],[Task Code]],WO_Data_Masterlist[],11,FALSE)," ") | L19: =IFERROR(VLOOKUP(Table210[[#This Row],[Task Code]],WO_Data_Masterlist[],12,FALSE)," ") | M19: =IFERROR(VLOOKUP(Table210[[#This Row],[Task Code]],WO_Data_Masterlist[],13,FALSE)," ") | N19: =IFERROR(VLOOKUP(Table210[[#This Row],[Task Code]],WO_Data_Masterlist[],17,FALSE)," ") | O19: =IFERROR(((Table210[[#This Row],[Operator]]*$O$3)+(Table210[[#This Row],[Truck]]*$O$4)+(((Table210[[#This Row],[Contractor]]+Table210[[#This Row],[Equipment]]+Table210[[#This Row],[Parts & Materials]])*Table210[[#This Row],[Quantity2]])*Table210[[#This Row],[Frequency Data]]))+Table210[[#This Row],[Annual Energy Cost]]," ")
C20: =IFERROR(VLOOKUP(Table210[[#This Row],[Task Code]],WO_Data_Masterlist[],2,FALSE)," ") | D20: =IFERROR(VLOOKUP(Table210[[#This Row],[Task Code]],WO_Data_Masterlist[],4,FALSE)," ") | E20: =IFERROR(VLOOKUP(Table210[[#This Row],[Task Code]],WO_Data_Masterlist[],5,FALSE)," ") | F20: =IFERROR(VLOOKUP(Table210[[#This Row],[Task Code]],WO_Data_Masterlist[],6,FALSE)," ") | G20: =VLOOKUP(Table210[[#This Row],[Task Code]],WO_Data_Masterlist[],7,FALSE) -> #N/A | H20: =IF(VLOOKUP(Table210[[#This Row],[Task Code]],WO_Data_Masterlist[],15,FALSE)="N/A",1,VLOOKUP(Table210[[#This Row],[Task Code]],WO_Data_Masterlist[],15,FALSE)) -> #N/A | I20: =IFERROR(VLOOKUP(Table210[[#This Row],[Task Code]],WO_Data_Masterlist[],9,FALSE)*Table210[[#This Row],[Frequency Data]]*Table210[[#This Row],[Quantity2]]," ") | J20: =IFERROR(VLOOKUP(Table210[[#This Row],[Task Code]],WO_Data_Masterlist[],10,FALSE)*Table210[[#This Row],[Frequency Data]]*Table210[[#This Row],[Quantity2]]," ") | K20: =IFERROR(VLOOKUP(Table210[[#This Row],[Task Code]],WO_Data_Masterlist[],11,FALSE)," ") | L20: =IFERROR(VLOOKUP(Table210[[#This Row],[Task Code]],WO_Data_Masterlist[],12,FALSE)," ") | M20: =IFERROR(VLOOKUP(Table210[[#This Row],[Task Code]],WO_Data_Masterlist[],13,FALSE)," ") | N20: =IFERROR(VLOOKUP(Table210[[#This Row],[Task Code]],WO_Data_Masterlist[],17,FALSE)," ") | O20: =IFERROR(((Table210[[#This Row],[Operator]]*$O$3)+(Table210[[#This Row],[Truck]]*$O$4)+(((Table210[[#This Row],[Contractor]]+Table210[[#This Row],[Equipment]]+Table210[[#This Row],[Parts & Materials]])*Table210[[#This Row],[Quantity2]])*Table210[[#This Row],[Frequency Data]]))+Table210[[#This Row],[Annual Energy Cost]]," ")
C21: =IFERROR(VLOOKUP(Table210[[#This Row],[Task Code]],WO_Data_Masterlist[],2,FALSE)," ") | D21: =IFERROR(VLOOKUP(Table210[[#This Row],[Task Code]],WO_Data_Masterlist[],4,FALSE)," ") | E21: =IFERROR(VLOOKUP(Table210[[#This Row],[Task Code]],WO_Data_Masterlist[],5,FALSE)," ") | F21: =IFERROR(VLOOKUP(Table210[[#This Row],[Task Code]],WO_Data_Masterlist[],6,FALSE)," ") | G21: =VLOOKUP(Table210[[#This Row],[Task Code]],WO_Data_Masterlist[],7,FALSE) -> #N/A | H21: =IF(VLOOKUP(Table210[[#This Row],[Task Code]],WO_Data_Masterlist[],15,FALSE)="N/A",1,VLOOKUP(Table210[[#This Row],[Task Code]],WO_Data_Masterlist[],15,FALSE)) -> #N/A | I21: =IFERROR(VLOOKUP(Table210[[#This Row],[Task Code]],WO_Data_Masterlist[],9,FALSE)*Table210[[#This Row],[Frequency Data]]*Table210[[#This Row],[Quantity2]]," ") | J21: =IFERROR(VLOOKUP(Table210[[#This Row],[Task Code]],WO_Data_Masterlist[],10,FALSE)*Table210[[#This Row],[Frequency Data]]*Table210[[#This Row],[Quantity2]]," ") | K21: =IFERROR(VLOOKUP(Table210[[#This Row],[Task Code]],WO_Data_Masterlist[],11,FALSE)," ") | L21: =IFERROR(VLOOKUP(Table210[[#This Row],[Task Code]],WO_Data_Masterlist[],12,FALSE)," ") | M21: =IFERROR(VLOOKUP(Table210[[#This Row],[Task Code]],WO_Data_Masterlist[],13,FALSE)," ") | N21: =IFERROR(VLOOKUP(Table210[[#This Row],[Task Code]],WO_Data_Masterlist[],17,FALSE)," ") | O21: =IFERROR(((Table210[[#This Row],[Operator]]*$O$3)+(Table210[[#This Row],[Truck]]*$O$4)+(((Table210[[#This Row],[Contractor]]+Table210[[#This Row],[Equipment]]+Table210[[#This Row],[Parts & Materials]])*Table210[[#This Row],[Quantity2]])*Table210[[#This Row],[Frequency Data]]))+Table210[[#This Row],[Annual Energy Cost]]," ")
C22: =IFERROR(VLOOKUP(Table210[[#This Row],[Task Code]],WO_Data_Masterlist[],2,FALSE)," ") | D22: =IFERROR(VLOOKUP(Table210[[#This Row],[Task Code]],WO_Data_Masterlist[],4,FALSE)," ") | E22: =IFERROR(VLOOKUP(Table210[[#This Row],[Task Code]],WO_Data_Masterlist[],5,FALSE)," ") | F22: =IFERROR(VLOOKUP(Table210[[#This Row],[Task Code]],WO_Data_Masterlist[],6,FALSE)," ") | G22: =VLOOKUP(Table210[[#This Row],[Task Code]],WO_Data_Masterlist[],7,FALSE) -> #N/A | H22: =IF(VLOOKUP(Table210[[#This Row],[Task Code]],WO_Data_Masterlist[],15,FALSE)="N/A",1,VLOOKUP(Table210[[#This Row],[Task Code]],WO_Data_Masterlist[],15,FALSE)) -> #N/A | I22: =IFERROR(VLOOKUP(Table210[[#This Row],[Task Code]],WO_Data_Masterlist[],9,FALSE)*Table210[[#This Row],[Frequency Data]]*Table210[[#This Row],[Quantity2]]," ") | J22: =IFERROR(VLOOKUP(Table210[[#This Row],[Task Code]],WO_Data_Masterlist[],10,FALSE)*Table210[[#This Row],[Frequency Data]]*Table210[[#This Row],[Quantity2]]," ") | K22: =IFERROR(VLOOKUP(Table210[[#This Row],[Task Code]],WO_Data_Masterlist[],11,FALSE)," ") | L22: =IFERROR(VLOOKUP(Table210[[#This Row],[Task Code]],WO_Data_Masterlist[],12,FALSE)," ") | M22: =IFERROR(VLOOKUP(Table210[[#This Row],[Task Code]],WO_Data_Masterlist[],13,FALSE)," ") | N22: =IFERROR(VLOOKUP(Table210[[#This Row],[Task Code]],WO_Data_Masterlist[],17,FALSE)," ") | O22: =IFERROR(((Table210[[#This Row],[Operator]]*$O$3)+(Table210[[#This Row],[Truck]]*$O$4)+(((Table210[[#This Row],[Contractor]]+Table210[[#This Row],[Equipment]]+Table210[[#This Row],[Parts & Materials]])*Table210[[#This Row],[Quantity2]])*Table210[[#This Row],[Frequency Data]]))+Table210[[#This Row],[Annual Energy Cost]]," ")
C23: =IFERROR(VLOOKUP(Table210[[#This Row],[Task Code]],WO_Data_Masterlist[],2,FALSE)," ") | D23: =IFERROR(VLOOKUP(Table210[[#This Row],[Task Code]],WO_Data_Masterlist[],4,FALSE)," ") | E23: =IFERROR(VLOOKUP(Table210[[#This Row],[Task Code]],WO_Data_Masterlist[],5,FALSE)," ") | F23: =IFERROR(VLOOKUP(Table210[[#This Row],[Task Code]],WO_Data_Masterlist[],6,FALSE)," ") | G23: =VLOOKUP(Table210[[#This Row],[Task Code]],WO_Data_Masterlist[],7,FALSE) -> #N/A | H23: =IF(VLOOKUP(Table210[[#This Row],[Task Code]],WO_Data_Masterlist[],15,FALSE)="N/A",1,VLOOKUP(Table210[[#This Row],[Task Code]],WO_Data_Masterlist[],15,FALSE)) -> #N/A | I23: =IFERROR(VLOOKUP(Table210[[#This Row],[Task Code]],WO_Data_Masterlist[],9,FALSE)*Table210[[#This Row],[Frequency Data]]*Table210[[#This Row],[Quantity2]]," ") | J23: =IFERROR(VLOOKUP(Table210[[#This Row],[Task Code]],WO_Data_Masterlist[],10,FALSE)*Table210[[#This Row],[Frequency Data]]*Table210[[#This Row],[Quantity2]]," ") | K23: =IFERROR(VLOOKUP(Table210[[#This Row],[Task Code]],WO_Data_Masterlist[],11,FALSE)," ") | L23: =IFERROR(VLOOKUP(Table210[[#This Row],[Task Code]],WO_Data_Masterlist[],12,FALSE)," ") | M23: =IFERROR(VLOOKUP(Table210[[#This Row],[Task Code]],WO_Data_Masterlist[],13,FALSE)," ") | N23: =IFERROR(VLOOKUP(Table210[[#This Row],[Task Code]],WO_Data_Masterlist[],17,FALSE)," ") | O23: =IFERROR(((Table210[[#This Row],[Operator]]*$O$3)+(Table210[[#This Row],[Truck]]*$O$4)+(((Table210[[#This Row],[Contractor]]+Table210[[#This Row],[Equipment]]+Table210[[#This Row],[Parts & Materials]])*Table210[[#This Row],[Quantity2]])*Table210[[#This Row],[Frequency Data]]))+Table210[[#This Row],[Annual Energy Cost]]," ")
C24: =IFERROR(VLOOKUP(Table210[[#This Row],[Task Code]],WO_Data_Masterlist[],2,FALSE)," ") | D24: =IFERROR(VLOOKUP(Table210[[#This Row],[Task Code]],WO_Data_Masterlist[],4,FALSE)," ") | E24: =IFERROR(VLOOKUP(Table210[[#This Row],[Task Code]],WO_Data_Masterlist[],5,FALSE)," ") | F24: =IFERROR(VLOOKUP(Table210[[#This Row],[Task Code]],WO_Data_Masterlist[],6,FALSE)," ") | G24: =VLOOKUP(Table210[[#This Row],[Task Code]],WO_Data_Masterlist[],7,FALSE) -> #N/A | H24: =IF(VLOOKUP(Table210[[#This Row],[Task Code]],WO_Data_Masterlist[],15,FALSE)="N/A",1,VLOOKUP(Table210[[#This Row],[Task Code]],WO_Data_Masterlist[],15,FALSE)) -> #N/A | I24: =IFERROR(VLOOKUP(Table210[[#This Row],[Task Code]],WO_Data_Masterlist[],9,FALSE)*Table210[[#This Row],[Frequency Data]]*Table210[[#This Row],[Quantity2]]," ") | J24: =IFERROR(VLOOKUP(Table210[[#This Row],[Task Code]],WO_Data_Masterlist[],10,FALSE)*Table210[[#This Row],[Frequency Data]]*Table210[[#This Row],[Quantity2]]," ") | K24: =IFERROR(VLOOKUP(Table210[[#This Row],[Task Code]],WO_Data_Masterlist[],11,FALSE)," ") | L24: =IFERROR(VLOOKUP(Table210[[#This Row],[Task Code]],WO_Data_Masterlist[],12,FALSE)," ") | M24: =IFERROR(VLOOKUP(Table210[[#This Row],[Task Code]],WO_Data_Masterlist[],13,FALSE)," ") | N24: =IFERROR(VLOOKUP(Table210[[#This Row],[Task Code]],WO_Data_Masterlist[],17,FALSE)," ") | O24: =IFERROR(((Table210[[#This Row],[Operator]]*$O$3)+(Table210[[#This Row],[Truck]]*$O$4)+(((Table210[[#This Row],[Contractor]]+Table210[[#This Row],[Equipment]]+Table210[[#This Row],[Parts & Materials]])*Table210[[#This Row],[Quantity2]])*Table210[[#This Row],[Frequency Data]]))+Table210[[#This Row],[Annual Energy Cost]]," ")
C25: =IFERROR(VLOOKUP(Table210[[#This Row],[Task Code]],WO_Data_Masterlist[],2,FALSE)," ") | D25: =IFERROR(VLOOKUP(Table210[[#This Row],[Task Code]],WO_Data_Masterlist[],4,FALSE)," ") | E25: =IFERROR(VLOOKUP(Table210[[#This Row],[Task Code]],WO_Data_Masterlist[],5,FALSE)," ") | F25: =IFERROR(VLOOKUP(Table210[[#This Row],[Task Code]],WO_Data_Masterlist[],6,FALSE)," ") | G25: =VLOOKUP(Table210[[#This Row],[Task Code]],WO_Data_Masterlist[],7,FALSE) -> #N/A | H25: =IF(VLOOKUP(Table210[[#This Row],[Task Code]],WO_Data_Masterlist[],15,FALSE)="N/A",1,VLOOKUP(Table210[[#This Row],[Task Code]],WO_Data_Masterlist[],15,FALSE)) -> #N/A | I25: =IFERROR(VLOOKUP(Table210[[#This Row],[Task Code]],WO_Data_Masterlist[],9,FALSE)*Table210[[#This Row],[Frequency Data]]*Table210[[#This Row],[Quantity2]]," ") | J25: =IFERROR(VLOOKUP(Table210[[#This Row],[Task Code]],WO_Data_Masterlist[],10,FALSE)*Table210[[#This Row],[Frequency Data]]*Table210[[#This Row],[Quantity2]]," ") | K25: =IFERROR(VLOOKUP(Table210[[#This Row],[Task Code]],WO_Data_Masterlist[],11,FALSE)," ") | L25: =IFERROR(VLOOKUP(Table210[[#This Row],[Task Code]],WO_Data_Masterlist[],12,FALSE)," ") | M25: =IFERROR(VLOOKUP(Table210[[#This Row],[Task Code]],WO_Data_Masterlist[],13,FALSE)," ") | N25: =IFERROR(VLOOKUP(Table210[[#This Row],[Task Code]],WO_Data_Masterlist[],17,FALSE)," ") | O25: =IFERROR(((Table210[[#This Row],[Operator]]*$O$3)+(Table210[[#This Row],[Truck]]*$O$4)+(((Table210[[#This Row],[Contractor]]+Table210[[#This Row],[Equipment]]+Table210[[#This Row],[Parts & Materials]])*Table210[[#This Row],[Quantity2]])*Table210[[#This Row],[Frequency Data]]))+Table210[[#This Row],[Annual Energy Cost]]," ")
C26: =IFERROR(VLOOKUP(Table210[[#This Row],[Task Code]],WO_Data_Masterlist[],2,FALSE)," ") | D26: =IFERROR(VLOOKUP(Table210[[#This Row],[Task Code]],WO_Data_Masterlist[],4,FALSE)," ") | E26: =IFERROR(VLOOKUP(Table210[[#This Row],[Task Code]],WO_Data_Masterlist[],5,FALSE)," ") | F26: =IFERROR(VLOOKUP(Table210[[#This Row],[Task Code]],WO_Data_Masterlist[],6,FALSE)," ") | G26: =VLOOKUP(Table210[[#This Row],[Task Code]],WO_Data_Masterlist[],7,FALSE) -> #N/A | H26: =IF(VLOOKUP(Table210[[#This Row],[Task Code]],WO_Data_Masterlist[],15,FALSE)="N/A",1,VLOOKUP(Table210[[#This Row],[Task Code]],WO_Data_Masterlist[],15,FALSE)) -> #N/A | I26: =IFERROR(VLOOKUP(Table210[[#This Row],[Task Code]],WO_Data_Masterlist[],9,FALSE)*Table210[[#This Row],[Frequency Data]]*Table210[[#This Row],[Quantity2]]," ") | J26: =IFERROR(VLOOKUP(Table210[[#This Row],[Task Code]],WO_Data_Masterlist[],10,FALSE)*Table210[[#This Row],[Frequency Data]]*Table210[[#This Row],[Quantity2]]," ") | K26: =IFERROR(VLOOKUP(Table210[[#This Row],[Task Code]],WO_Data_Masterlist[],11,FALSE)," ") | L26: =IFERROR(VLOOKUP(Table210[[#This Row],[Task Code]],WO_Data_Masterlist[],12,FALSE)," ") | M26: =IFERROR(VLOOKUP(Table210[[#This Row],[Task Code]],WO_Data_Masterlist[],13,FALSE)," ") | N26: =IFERROR(VLOOKUP(Table210[[#This Row],[Task Code]],WO_Data_Masterlist[],17,FALSE)," ") | O26: =IFERROR(((Table210[[#This Row],[Operator]]*$O$3)+(Table210[[#This Row],[Truck]]*$O$4)+(((Table210[[#This Row],[Contractor]]+Table210[[#This Row],[Equipment]]+Table210[[#This Row],[Parts & Materials]])*Table210[[#This Row],[Quantity2]])*Table210[[#This Row],[Frequency Data]]))+Table210[[#This Row],[Annual Energy Cost]]," ")
C27: =IFERROR(VLOOKUP(Table210[[#This Row],[Task Code]],WO_Data_Masterlist[],2,FALSE)," ") | D27: =IFERROR(VLOOKUP(Table210[[#This Row],[Task Code]],WO_Data_Masterlist[],4,FALSE)," ") | E27: =IFERROR(VLOOKUP(Table210[[#This Row],[Task Code]],WO_Data_Masterlist[],5,FALSE)," ") | F27: =IFERROR(VLOOKUP(Table210[[#This Row],[Task Code]],WO_Data_Masterlist[],6,FALSE)," ") | G27: =VLOOKUP(Table210[[#This Row],[Task Code]],WO_Data_Masterlist[],7,FALSE) -> #N/A | H27: =IF(VLOOKUP(Table210[[#This Row],[Task Code]],WO_Data_Masterlist[],15,FALSE)="N/A",1,VLOOKUP(Table210[[#This Row],[Task Code]],WO_Data_Masterlist[],15,FALSE)) -> #N/A | I27: =IFERROR(VLOOKUP(Table210[[#This Row],[Task Code]],WO_Data_Masterlist[],9,FALSE)*Table210[[#This Row],[Frequency Data]]*Table210[[#This Row],[Quantity2]]," ") | J27: =IFERROR(VLOOKUP(Table210[[#This Row],[Task Code]],WO_Data_Masterlist[],10,FALSE)*Table210[[#This Row],[Frequency Data]]*Table210[[#This Row],[Quantity2]]," ") | K27: =IFERROR(VLOOKUP(Table210[[#This Row],[Task Code]],WO_Data_Masterlist[],11,FALSE)," ") | L27: =IFERROR(VLOOKUP(Table210[[#This Row],[Task Code]],WO_Data_Masterlist[],12,FALSE)," ") | M27: =IFERROR(VLOOKUP(Table210[[#This Row],[Task Code]],WO_Data_Masterlist[],13,FALSE)," ") | N27: =IFERROR(VLOOKUP(Table210[[#This Row],[Task Code]],WO_Data_Masterlist[],17,FALSE)," ") | O27: =IFERROR(((Table210[[#This Row],[Operator]]*$O$3)+(Table210[[#This Row],[Truck]]*$O$4)+(((Table210[[#This Row],[Contractor]]+Table210[[#This Row],[Equipment]]+Table210[[#This Row],[Parts & Materials]])*Table210[[#This Row],[Quantity2]])*Table210[[#This Row],[Frequency Data]]))+Table210[[#This Row],[Annual Energy Cost]]," ")
C28: =IFERROR(VLOOKUP(Table210[[#This Row],[Task Code]],WO_Data_Masterlist[],2,FALSE)," ") | D28: =IFERROR(VLOOKUP(Table210[[#This Row],[Task Code]],WO_Data_Masterlist[],4,FALSE)," ") | E28: =IFERROR(VLOOKUP(Table210[[#This Row],[Task Code]],WO_Data_Masterlist[],5,FALSE)," ") | F28: =IFERROR(VLOOKUP(Table210[[#This Row],[Task Code]],WO_Data_Masterlist[],6,FALSE)," ") | G28: =VLOOKUP(Table210[[#This Row],[Task Code]],WO_Data_Masterlist[],7,FALSE) -> #N/A | H28: =IF(VLOOKUP(Table210[[#This Row],[Task Code]],WO_Data_Masterlist[],15,FALSE)="N/A",1,VLOOKUP(Table210[[#This Row],[Task Code]],WO_Data_Masterlist[],15,FALSE)) -> #N/A | I28: =IFERROR(VLOOKUP(Table210[[#This Row],[Task Code]],WO_Data_Masterlist[],9,FALSE)*Table210[[#This Row],[Frequency Data]]*Table210[[#This Row],[Quantity2]]," ") | J28: =IFERROR(VLOOKUP(Table210[[#This Row],[Task Code]],WO_Data_Masterlist[],10,FALSE)*Table210[[#This Row],[Frequency Data]]*Table210[[#This Row],[Quantity2]]," ") | K28: =IFERROR(VLOOKUP(Table210[[#This Row],[Task Code]],WO_Data_Masterlist[],11,FALSE)," ") | L28: =IFERROR(VLOOKUP(Table210[[#This Row],[Task Code]],WO_Data_Masterlist[],12,FALSE)," ") | M28: =IFERROR(VLOOKUP(Table210[[#This Row],[Task Code]],WO_Data_Masterlist[],13,FALSE)," ") | N28: =IFERROR(VLOOKUP(Table210[[#This Row],[Task Code]],WO_Data_Masterlist[],17,FALSE)," ") | O28: =IFERROR(((Table210[[#This Row],[Operator]]*$O$3)+(Table210[[#This Row],[Truck]]*$O$4)+(((Table210[[#This Row],[Contractor]]+Table210[[#This Row],[Equipment]]+Table210[[#This Row],[Parts & Materials]])*Table210[[#This Row],[Quantity2]])*Table210[[#This Row],[Frequency Data]]))+Table210[[#This Row],[Annual Energy Cost]]," ")
C29: =IFERROR(VLOOKUP(Table210[[#This Row],[Task Code]],WO_Data_Masterlist[],2,FALSE)," ") | D29: =IFERROR(VLOOKUP(Table210[[#This Row],[Task Code]],WO_Data_Masterlist[],4,FALSE)," ") | E29: =IFERROR(VLOOKUP(Table210[[#This Row],[Task Code]],WO_Data_Masterlist[],5,FALSE)," ") | F29: =IFERROR(VLOOKUP(Table210[[#This Row],[Task Code]],WO_Data_Masterlist[],6,FALSE)," ") | G29: =VLOOKUP(Table210[[#This Row],[Task Code]],WO_Data_Masterlist[],7,FALSE) -> #N/A | H29: =IF(VLOOKUP(Table210[[#This Row],[Task Code]],WO_Data_Masterlist[],15,FALSE)="N/A",1,VLOOKUP(Table210[[#This Row],[Task Code]],WO_Data_Masterlist[],15,FALSE)) -> #N/A | I29: =IFERROR(VLOOKUP(Table210[[#This Row],[Task Code]],WO_Data_Masterlist[],9,FALSE)*Table210[[#This Row],[Frequency Data]]*Table210[[#This Row],[Quantity2]]," ") | J29: =IFERROR(VLOOKUP(Table210[[#This Row],[Task Code]],WO_Data_Masterlist[],10,FALSE)*Table210[[#This Row],[Frequency Data]]*Table210[[#This Row],[Quantity2]]," ") | K29: =IFERROR(VLOOKUP(Table210[[#This Row],[Task Code]],WO_Data_Masterlist[],11,FALSE)," ") | L29: =IFERROR(VLOOKUP(Table210[[#This Row],[Task Code]],WO_Data_Masterlist[],12,FALSE)," ") | M29: =IFERROR(VLOOKUP(Table210[[#This Row],[Task Code]],WO_Data_Masterlist[],13,FALSE)," ") | N29: =IFERROR(VLOOKUP(Table210[[#This Row],[Task Code]],WO_Data_Masterlist[],17,FALSE)," ") | O29: =IFERROR(((Table210[[#This Row],[Operator]]*$O$3)+(Table210[[#This Row],[Truck]]*$O$4)+(((Table210[[#This Row],[Contractor]]+Table210[[#This Row],[Equipment]]+Table210[[#This Row],[Parts & Materials]])*Table210[[#This Row],[Quantity2]])*Table210[[#This Row],[Frequency Data]]))+Table210[[#This Row],[Annual Energy Cost]]," ")
C30: =IFERROR(VLOOKUP(Table210[[#This Row],[Task Code]],WO_Data_Masterlist[],2,FALSE)," ") | D30: =IFERROR(VLOOKUP(Table210[[#This Row],[Task Code]],WO_Data_Masterlist[],4,FALSE)," ") | E30: =IFERROR(VLOOKUP(Table210[[#This Row],[Task Code]],WO_Data_Masterlist[],5,FALSE)," ") | F30: =IFERROR(VLOOKUP(Table210[[#This Row],[Task Code]],WO_Data_Masterlist[],6,FALSE)," ") | G30: =VLOOKUP(Table210[[#This Row],[Task Code]],WO_Data_Masterlist[],7,FALSE) -> #N/A | H30: =IF(VLOOKUP(Table210[[#This Row],[Task Code]],WO_Data_Masterlist[],15,FALSE)="N/A",1,VLOOKUP(Table210[[#This Row],[Task Code]],WO_Data_Masterlist[],15,FALSE)) -> #N/A | I30: =IFERROR(VLOOKUP(Table210[[#This Row],[Task Code]],WO_Data_Masterlist[],9,FALSE)*Table210[[#This Row],[Frequency Data]]*Table210[[#This Row],[Quantity2]]," ") | J30: =IFERROR(VLOOKUP(Table210[[#This Row],[Task Code]],WO_Data_Masterlist[],10,FALSE)*Table210[[#This Row],[Frequency Data]]*Table210[[#This Row],[Quantity2]]," ") | K30: =IFERROR(VLOOKUP(Table210[[#This Row],[Task Code]],WO_Data_Masterlist[],11,FALSE)," ") | L30: =IFERROR(VLOOKUP(Table210[[#This Row],[Task Code]],WO_Data_Masterlist[],12,FALSE)," ") | M30: =IFERROR(VLOOKUP(Table210[[#This Row],[Task Code]],WO_Data_Masterlist[],13,FALSE)," ") | N30: =IFERROR(VLOOKUP(Table210[[#This Row],[Task Code]],WO_Data_Masterlist[],17,FALSE)," ") | O30: =IFERROR(((Table210[[#This Row],[Operator]]*$O$3)+(Table210[[#This Row],[Truck]]*$O$4)+(((Table210[[#This Row],[Contractor]]+Table210[[#This Row],[Equipment]]+Table210[[#This Row],[Parts & Materials]])*Table210[[#This Row],[Quantity2]])*Table210[[#This Row],[Frequency Data]]))+Table210[[#This Row],[Annual Energy Cost]]," ")
... C61: =IFERROR(VLOOKUP(Table210[[#This Row],[Task Code]],WO_Data_Masterlist[],2,FALSE)," ") | D61: =IFERROR(VLOOKUP(Table210[[#This Row],[Task Code]],WO_Data_Masterlist[],4,FALSE)," ") | E61: =IFERROR(VLOOKUP(Table210[[#This Row],[Task Code]],WO_Data_Masterlist[],5,FALSE)," ") | F61: =IFERROR(VLOOKUP(Table210[[#This Row],[Task Code]],WO_Data_Masterlist[],6,FALSE)," ") | G61: =VLOOKUP(Table210[[#This Row],[Task Code]],WO_Data_Masterlist[],7,FALSE) -> #N/A | H61: =IF(VLOOKUP(Table210[[#This Row],[Task Code]],WO_Data_Masterlist[],15,FALSE)="N/A",1,VLOOKUP(Table210[[#This Row],[Task Code]],WO_Data_Masterlist[],15,FALSE)) -> #N/A | I61: =IFERROR(VLOOKUP(Table210[[#This Row],[Task Code]],WO_Data_Masterlist[],9,FALSE)*Table210[[#This Row],[Frequency Data]]*Table210[[#This Row],[Quantity2]]," ") | J61: =IFERROR(VLOOKUP(Table210[[#This Row],[Task Code]],WO_Data_Masterlist[],10,FALSE)*Table210[[#This Row],[Frequency Data]]*Table210[[#This Row],[Quantity2]]," ") | K61: =IFERROR(VLOOKUP(Table210[[#This Row],[Task Code]],WO_Data_Masterlist[],11,FALSE)," ") | L61: =IFERROR(VLOOKUP(Table210[[#This Row],[Task Code]],WO_Data_Masterlist[],12,FALSE)," ") | M61: =IFERROR(VLOOKUP(Table210[[#This Row],[Task Code]],WO_Data_Masterlist[],13,FALSE)," ") | N61: =IFERROR(VLOOKUP(Table210[[#This Row],[Task Code]],WO_Data_Masterlist[],17,FALSE)," ") | O61: =IFERROR(((Table210[[#This Row],[Operator]]*$O$3)+(Table210[[#This Row],[Truck]]*$O$4)+(((Table210[[#This Row],[Contractor]]+Table210[[#This Row],[Equipment]]+Table210[[#This Row],[Parts & Materials]])*Table210[[#This Row],[Quantity2]])*Table210[[#This Row],[Frequency Data]]))+Table210[[#This Row],[Annual Energy Cost]]," ")

Sheet i. WO Data Masterlist
D2: Return to Table of Contents
L3: WAGES
L4: Operator | M4: ='TABLE OF CONTENTS'!K15 -> 31
L5: Truck | M5: ='TABLE OF CONTENTS'!K16 -> 16.466621
A13: INFRASTRUCTURE ASSETS
A14: WORK ORDER DATA MASTERLIST
A16: 1 | B16: 2 | C16: 3 | D16: 4 | E16: 5 | F16: 6 | G16: 7 | H16: 8 | I16: 9 | J16: 10 | K16: 11 | L16: 12 | M16: 13 | N16: 14 | O16: 15 | P16: 16 | Q16: 17
A17: WORK ORDER | B17: ASSET GROUP | C17: ASSET SUBGROUP | D17: ASSET COMPONENT | E17: TASK DESCRIPTION | F17: FREQUENCY | G17: FREQUENCY (TIMES PER YEAR) | H17: CONTRACTOR COST / UNIT | I17: OPERATOR HOURS per TASK | J17: TRUCK HOURS | K17: CONTRACTOR COST | L17: EQUIPMENT | M17: PARTS AND MATERIALS | N17: QUANTITY LINEAR INFRASTRUCTURE | O17: QUANTITY NON-LINEAR INFRASTRUCTURE | P17: ANNUAL ENERGY PER UNIT | Q17: TOTAL ANNUAL ENERGY COSTS | R17: WO Required? | S17: ANNUAL COST PER UNIT
A18: W01 | B18: WATER | C18: Distribution | D18: Main | E18: Distribution System Inspection | F18: Monthly | G18: 11 | H18: N/A | I18: ='ii. WO Linear Infr. Mnt Hours'!G44 -> 54 | J18: =WO_Data_Masterlist[[#This Row],[OPERATOR HOURS per TASK]] -> 54 | K18: 0 | L18: ='ii. WO Linear Infr. Mnt Hours'!L44 -> 50 | M18: ='ii. WO Linear Infr. Mnt Hours'!M44 -> 50 | N18: =SUM(Watermain_Inventory[LENGTH (m)])/1000 -> 10 | O18: =IFERROR(GETPIVOTDATA("ASSET GROUP",'TABLE OF CONTENTS'!$P$20,"ASSET COMPONENT",WO_Data_Masterlist[[#This Row],[ASSET COMPONENT]]), "N/A") -> N/A | P18: 0 | Q18: =IFERROR(WO_Data_Masterlist[[#This Row],[ANNUAL ENERGY PER UNIT]]*WO_Data_Masterlist[[#This Row],[QUANTITY NON-LINEAR INFRASTRUCTURE]], 0) -> 0 | R18: =IF(SUM(WO_Data_Masterlist[[#This Row],[QUANTITY LINEAR INFRASTRUCTURE]:[QUANTITY NON-LINEAR INFRASTRUCTURE]])>0, "YES", "NO") -> YES | S18: =IFERROR(IF(WO_Data_Masterlist[[#This Row],[QUANTITY LINEAR INFRASTRUCTURE]]="N/A", ((((WO_Data_Masterlist[[#This Row],[OPERATOR HOURS per TASK]]*$M$4)+(WO_Data_Masterlist[[#This Row],[TRUCK HOURS]]*$M$5))+WO_Data_Masterlist[[#This Row],[CONTRACTOR COST]]+WO_Data_Masterlist[[#This Row],[EQUIPMENT]]+WO_Data_Masterlist[[#This Row],[PARTS AND MATERIALS]])*WO_Data_Masterlist[[#This Row],[FREQUENCY (TIMES PER YEAR)]])+WO_Data_Masterlist[[#This Row],[ANNUAL ENERGY PER UNIT]], (((((WO_Data_Masterlist[[#This Row],[OPERATOR HOURS per TASK]]*$M$4)+(WO_Data_Masterlist[[#This Row],[TRUCK HOURS]]*$M$5))+WO_Data_Masterlist[[#This Row],[CONTRACTOR COST]]+WO_Data_Masterlist[[#This Row],[EQUIPMENT]]+WO_Data_Masterlist[[#This Row],[PARTS AND MATERIALS]])*WO_Data_Masterlist[[#This Row],[FREQUENCY (TIMES PER YEAR)]])+WO_Data_Masterlist[[#This Row],[ANNUAL ENERGY PER UNIT]])/WO_Data_Masterlist[[#This Row],[QUANTITY LINEAR INFRASTRUCTURE]]), 0) -> 2929.5173
A19: W02 | B19: WATER | C19: Distribution | D19: Main | E19: Annual Valve Inspection and Maintenance | F19: Annual | G19: 1 | H19: N/A | I19: ='ii. WO Linear Infr. Mnt Hours'!G51 -> 49 | J19: =WO_Data_Masterlist[[#This Row],[OPERATOR HOURS per TASK]] -> 49 | K19: 0 | L19: ='ii. WO Linear Infr. Mnt Hours'!L51 -> 50 | M19: ='ii. WO Linear Infr. Mnt Hours'!M51 -> 150 | N19: ='ii. WO Linear Infr. Mnt Hours'!M14 -> 120 | O19: =IFERROR(GETPIVOTDATA("ASSET GROUP",'TABLE OF CONTENTS'!$P$20,"ASSET COMPONENT",WO_Data_Masterlist[[#This Row],[ASSET COMPONENT]]), "N/A") -> N/A | P19: 0 | Q19: =IFERROR(WO_Data_Masterlist[[#This Row],[ANNUAL ENERGY PER UNIT]]*WO_Data_Masterlist[[#This Row],[QUANTITY NON-LINEAR INFRASTRUCTURE]], 0) -> 0 | R19: =IF(SUM(WO_Data_Masterlist[[#This Row],[QUANTITY LINEAR INFRASTRUCTURE]:[QUANTITY NON-LINEAR INFRASTRUCTURE]])>0, "YES", "NO") -> YES | S19: =IFERROR(IF(WO_Data_Masterlist[[#This Row],[QUANTITY LINEAR INFRASTRUCTURE]]="N/A", ((((WO_Data_Masterlist[[#This Row],[OPERATOR HOURS per TASK]]*$M$4)+(WO_Data_Masterlist[[#This Row],[TRUCK HOURS]]*$M$5))+WO_Data_Masterlist[[#This Row],[CONTRACTOR COST]]+WO_Data_Masterlist[[#This Row],[EQUIPMENT]]+WO_Data_Masterlist[[#This Row],[PARTS AND MATERIALS]])*WO_Data_Masterlist[[#This Row],[FREQUENCY (TIMES PER YEAR)]])+WO_Data_Masterlist[[#This Row],[ANNUAL ENERGY PER UNIT]], (((((WO_Data_Masterlist[[#This Row],[OPERATOR HOURS per TASK]]*$M$4)+(WO_Data_Masterlist[[#This Row],[TRUCK HOURS]]*$M$5))+WO_Data_Masterlist[[#This Row],[CONTRACTOR COST]]+WO_Data_Masterlist[[#This Row],[EQUIPMENT]]+WO_Data_Masterlist[[#This Row],[PARTS AND MATERIALS]])*WO_Data_Masterlist[[#This Row],[FREQUENCY (TIMES PER YEAR)]])+WO_Data_Masterlist[[#This Row],[ANNUAL ENERGY PER UNIT]])/WO_Data_Masterlist[[#This Row],[QUANTITY LINEAR INFRASTRUCTURE]]), 0) -> 21.04887
A20: W03 | B20: WATER | C20: Distribution | D20: Main | E20: Watermain Flushing | F20: Annual | G20: 1 | H20: N/A | I20: ='ii. WO Linear Infr. Mnt Hours'!G58 -> 101 | J20: =WO_Data_Masterlist[[#This Row],[OPERATOR HOURS per TASK]] -> 101 | K20: 0 | L20: ='ii. WO Linear Infr. Mnt Hours'!L58 -> 100 | M20: ='ii. WO Linear Infr. Mnt Hours'!M58 -> 50 | N20: =SUM(Watermain_Inventory[LENGTH (m)])/1000 -> 10 | O20: =IFERROR(GETPIVOTDATA("ASSET GROUP",'TABLE OF CONTENTS'!$P$20,"ASSET COMPONENT",WO_Data_Masterlist[[#This Row],[ASSET COMPONENT]]), "N/A") -> N/A | P20: 0 | Q20: =IFERROR(WO_Data_Masterlist[[#This Row],[ANNUAL ENERGY PER UNIT]]*WO_Data_Masterlist[[#This Row],[QUANTITY NON-LINEAR INFRASTRUCTURE]], 0) -> 0 | R20: =IF(SUM(WO_Data_Masterlist[[#This Row],[QUANTITY LINEAR INFRASTRUCTURE]:[QUANTITY NON-LINEAR INFRASTRUCTURE]])>0, "YES", "NO") -> YES | S20: =IFERROR(IF(WO_Data_Masterlist[[#This Row],[QUANTITY LINEAR INFRASTRUCTURE]]="N/A", ((((WO_Data_Masterlist[[#This Row],[OPERATOR HOURS per TASK]]*$M$4)+(WO_Data_Masterlist[[#This Row],[TRUCK HOURS]]*$M$5))+WO_Data_Masterlist[[#This Row],[CONTRACTOR COST]]+WO_Data_Masterlist[[#This Row],[EQUIPMENT]]+WO_Data_Masterlist[[#This Row],[PARTS AND MATERIALS]])*WO_Data_Masterlist[[#This Row],[FREQUENCY (TIMES PER YEAR)]])+WO_Data_Masterlist[[#This Row],[ANNUAL ENERGY PER UNIT]], (((((WO_Data_Masterlist[[#This Row],[OPERATOR HOURS per TASK]]*$M$4)+(WO_Data_Masterlist[[#This Row],[TRUCK HOURS]]*$M$5))+WO_Data_Masterlist[[#This Row],[CONTRACTOR COST]]+WO_Data_Masterlist[[#This Row],[EQUIPMENT]]+WO_Data_Masterlist[[#This Row],[PARTS AND MATERIALS]])*WO_Data_Masterlist[[#This Row],[FREQUENCY (TIMES PER YEAR)]])+WO_Data_Masterlist[[#This Row],[ANNUAL ENERGY PER UNIT]])/WO_Data_Masterlist[[#This Row],[QUANTITY LINEAR INFRASTRUCTURE]]), 0) -> 494.41287
A21: W04 | B21: WATER | C21: Distribution | D21: Main | E21: Hydrant Inspection, Maintenance, and Flushing | F21: Annual | G21: 1 | H21: N/A | I21: ='ii. WO Linear Infr. Mnt Hours'!G66 -> 35 | J21: =WO_Data_Masterlist[[#This Row],[OPERATOR HOURS per TASK]] -> 35 | K21: 0 | L21: ='ii. WO Linear Infr. Mnt Hours'!L58 -> 100 | M21: ='ii. WO Linear Infr. Mnt Hours'!M58 -> 50 | N21: ='ii. WO Linear Infr. Mnt Hours'!M13 -> 50 | O21: =IFERROR(GETPIVOTDATA("ASSET GROUP",'TABLE OF CONTENTS'!$P$20,"ASSET COMPONENT",WO_Data_Masterlist[[#This Row],[ASSET COMPONENT]]), "N/A") -> N/A | P21: 0 | Q21: =IFERROR(WO_Data_Masterlist[[#This Row],[ANNUAL ENERGY PER UNIT]]*WO_Data_Masterlist[[#This Row],[QUANTITY NON-LINEAR INFRASTRUCTURE]], 0) -> 0 | R21: =IF(SUM(WO_Data_Masterlist[[#This Row],[QUANTITY LINEAR INFRASTRUCTURE]:[QUANTITY NON-LINEAR INFRASTRUCTURE]])>0, "YES", "NO") -> YES | S21: =IFERROR(IF(WO_Data_Masterlist[[#This Row],[QUANTITY LINEAR INFRASTRUCTURE]]="N/A", ((((WO_Data_Masterlist[[#This Row],[OPERATOR HOURS per TASK]]*$M$4)+(WO_Data_Masterlist[[#This Row],[TRUCK HOURS]]*$M$5))+WO_Data_Masterlist[[#This Row],[CONTRACTOR COST]]+WO_Data_Masterlist[[#This Row],[EQUIPMENT]]+WO_Data_Masterlist[[#This Row],[PARTS AND MATERIALS]])*WO_Data_Masterlist[[#This Row],[FREQUENCY (TIMES PER YEAR)]])+WO_Data_Masterlist[[#This Row],[ANNUAL ENERGY PER UNIT]], (((((WO_Data_Masterlist[[#This Row],[OPERATOR HOURS per TASK]]*$M$4)+(WO_Data_Masterlist[[#This Row],[TRUCK HOURS]]*$M$5))+WO_Data_Masterlist[[#This Row],[CONTRACTOR COST]]+WO_Data_Masterlist[[#This Row],[EQUIPMENT]]+WO_Data_Masterlist[[#This Row],[PARTS AND MATERIALS]])*WO_Data_Masterlist[[#This Row],[FREQUENCY (TIMES PER YEAR)]])+WO_Data_Masterlist[[#This Row],[ANNUAL ENERGY PER UNIT]])/WO_Data_Masterlist[[#This Row],[QUANTITY LINEAR INFRASTRUCTURE]]), 0) -> 36.226634
A22: W05 | B22: WATER | C22: Supply | D22: PRV | E22: PRV Inspection (Contractor) | F22: Annual | G22: 1 | H22: N/A | I22: 0 | J22: =WO_Data_Masterlist[[#This Row],[OPERATOR HOURS per TASK]] -> 0 | K22: 1000 | L22: 0 | M22: 0 | N22: ='ii. WO Linear Infr. Mnt Hours'!M16 -> 0 | O22: =IFERROR(GETPIVOTDATA("ASSET GROUP",'TABLE OF CONTENTS'!$P$20,"ASSET COMPONENT",WO_Data_Masterlist[[#This Row],[ASSET COMPONENT]]), "N/A") -> N/A | P22: 0 | Q22: =IFERROR(WO_Data_Masterlist[[#This Row],[ANNUAL ENERGY PER UNIT]]*WO_Data_Masterlist[[#This Row],[QUANTITY NON-LINEAR INFRASTRUCTURE]], 0) -> 0 | R22: =IF(SUM(WO_Data_Masterlist[[#This Row],[QUANTITY LINEAR INFRASTRUCTURE]:[QUANTITY NON-LINEAR INFRASTRUCTURE]])>0, "YES", "NO") -> NO | S22: =IFERROR(IF(WO_Data_Masterlist[[#This Row],[QUANTITY LINEAR INFRASTRUCTURE]]="N/A", ((((WO_Data_Masterlist[[#This Row],[OPERATOR HOURS per TASK]]*$M$4)+(WO_Data_Masterlist[[#This Row],[TRUCK HOURS]]*$M$5))+WO_Data_Masterlist[[#This Row],[CONTRACTOR COST]]+WO_Data_Masterlist[[#This Row],[EQUIPMENT]]+WO_Data_Masterlist[[#This Row],[PARTS AND MATERIALS]])*WO_Data_Masterlist[[#This Row],[FREQUENCY (TIMES PER YEAR)]])+WO_Data_Masterlist[[#This Row],[ANNUAL ENERGY PER UNIT]], (((((WO_Data_Masterlist[[#This Row],[OPERATOR HOURS per TASK]]*$M$4)+(WO_Data_Masterlist[[#This Row],[TRUCK HOURS]]*$M$5))+WO_Data_Masterlist[[#This Row],[CONTRACTOR COST]]+WO_Data_Masterlist[[#This Row],[EQUIPMENT]]+WO_Data_Masterlist[[#This Row],[PARTS AND MATERIALS]])*WO_Data_Masterlist[[#This Row],[FREQUENCY (TIMES PER YEAR)]])+WO_Data_Masterlist[[#This Row],[ANNUAL ENERGY PER UNIT]])/WO_Data_Masterlist[[#This Row],[QUANTITY LINEAR INFRASTRUCTURE]]), 0) -> 0
A23: W06 | B23: WATER | C23: Supply | D23: PRV | E23: PRV Inspection | F23: Weekly | G23: 52 | H23: N/A | I23: 1 | J23: 0.5 | K23: 0 | L23: 0 | M23: 0 | N23: ='ii. WO Linear Infr. Mnt Hours'!M16 -> 0 | O23: =IFERROR(GETPIVOTDATA("ASSET GROUP",'TABLE OF CONTENTS'!$P$20,"ASSET COMPONENT",WO_Data_Masterlist[[#This Row],[ASSET COMPONENT]]), "N/A") -> N/A | P23: 0 | Q23: =IFERROR(WO_Data_Masterlist[[#This Row],[ANNUAL ENERGY PER UNIT]]*WO_Data_Masterlist[[#This Row],[QUANTITY NON-LINEAR INFRASTRUCTURE]], 0) -> 0 | R23: =IF(SUM(WO_Data_Masterlist[[#This Row],[QUANTITY LINEAR INFRASTRUCTURE]:[QUANTITY NON-LINEAR INFRASTRUCTURE]])>0, "YES", "NO") -> NO | S23: =IFERROR(IF(WO_Data_Masterlist[[#This Row],[QUANTITY LINEAR INFRASTRUCTURE]]="N/A", ((((WO_Data_Masterlist[[#This Row],[OPERATOR HOURS per TASK]]*$M$4)+(WO_Data_Masterlist[[#This Row],[TRUCK HOURS]]*$M$5))+WO_Data_Masterlist[[#This Row],[CONTRACTOR COST]]+WO_Data_Masterlist[[#This Row],[EQUIPMENT]]+WO_Data_Masterlist[[#This Row],[PARTS AND MATERIALS]])*WO_Data_Masterlist[[#This Row],[FREQUENCY (TIMES PER YEAR)]])+WO_Data_Masterlist[[#This Row],[ANNUAL ENERGY PER UNIT]], (((((WO_Data_Masterlist[[#This Row],[OPERATOR HOURS per TASK]]*$M$4)+(WO_Data_Masterlist[[#This Row],[TRUCK HOURS]]*$M$5))+WO_Data_Masterlist[[#This Row],[CONTRACTOR COST]]+WO_Data_Masterlist[[#This Row],[EQUIPMENT]]+WO_Data_Masterlist[[#This Row],[PARTS AND MATERIALS]])*WO_Data_Masterlist[[#This Row],[FREQUENCY (TIMES PER YEAR)]])+WO_Data_Masterlist[[#This Row],[ANNUAL ENERGY PER UNIT]])/WO_Data_Masterlist[[#This Row],[QUANTITY LINEAR INFRASTRUCTURE]]), 0) -> 0
A24: W07 | B24: WATER | C24: Distribution | D24: Main | E24: Winterizing Water System | F24: As required | G24: 0 | H24: N/A | I24: 8 | J24: 0.5 | K24: 0 | L24: 0 | M24: 0 | N24: =SUM(Watermain_Inventory[LENGTH (m)])/1000 -> 10 | O24: =IFERROR(GETPIVOTDATA("ASSET GROUP",'TABLE OF CONTENTS'!$P$20,"ASSET COMPONENT",WO_Data_Masterlist[[#This Row],[ASSET COMPONENT]]), "N/A") -> N/A | P24: 0 | Q24: =IFERROR(WO_Data_Masterlist[[#This Row],[ANNUAL ENERGY PER UNIT]]*WO_Data_Masterlist[[#This Row],[QUANTITY NON-LINEAR INFRASTRUCTURE]], 0) -> 0 | R24: =IF(SUM(WO_Data_Masterlist[[#This Row],[QUANTITY LINEAR INFRASTRUCTURE]:[QUANTITY NON-LINEAR INFRASTRUCTURE]])>0, "YES", "NO") -> YES | S24: =IFERROR(IF(WO_Data_Masterlist[[#This Row],[QUANTITY LINEAR INFRASTRUCTURE]]="N/A", ((((WO_Data_Masterlist[[#This Row],[OPERATOR HOURS per TASK]]*$M$4)+(WO_Data_Masterlist[[#This Row],[TRUCK HOURS]]*$M$5))+WO_Data_Masterlist[[#This Row],[CONTRACTOR COST]]+WO_Data_Masterlist[[#This Row],[EQUIPMENT]]+WO_Data_Masterlist[[#This Row],[PARTS AND MATERIALS]])*WO_Data_Masterlist[[#This Row],[FREQUENCY (TIMES PER YEAR)]])+WO_Data_Masterlist[[#This Row],[ANNUAL ENERGY PER UNIT]], (((((WO_Data_Masterlist[[#This Row],[OPERATOR HOURS per TASK]]*$M$4)+(WO_Data_Masterlist[[#This Row],[TRUCK HOURS]]*$M$5))+WO_Data_Masterlist[[#This Row],[CONTRACTOR COST]]+WO_Data_Masterlist[[#This Row],[EQUIPMENT]]+WO_Data_Masterlist[[#This Row],[PARTS AND MATERIALS]])*WO_Data_Masterlist[[#This Row],[FREQUENCY (TIMES PER YEAR)]])+WO_Data_Masterlist[[#This Row],[ANNUAL ENERGY PER UNIT]])/WO_Data_Masterlist[[#This Row],[QUANTITY LINEAR INFRASTRUCTURE]]), 0) -> 0
A25: W08 | B25: WATER | C25: Distribution | D25: Main | E25: Watermain Spot Repairs | F25: As Required | G25: 0 | H25: N/A | I25: 4 | J25: 0 | K25: 0 | L25: 0 | M25: 50 | N25: =SUM(Watermain_Inventory[LENGTH (m)])/1000 -> 10 | O25: =IFERROR(GETPIVOTDATA("ASSET GROUP",'TABLE OF CONTENTS'!$P$20,"ASSET COMPONENT",WO_Data_Masterlist[[#This Row],[ASSET COMPONENT]]), "N/A") -> N/A | P25: 0 | Q25: =IFERROR(WO_Data_Masterlist[[#This Row],[ANNUAL ENERGY PER UNIT]]*WO_Data_Masterlist[[#This Row],[QUANTITY NON-LINEAR INFRASTRUCTURE]], 0) -> 0 | R25: =IF(SUM(WO_Data_Masterlist[[#This Row],[QUANTITY LINEAR INFRASTRUCTURE]:[QUANTITY NON-LINEAR INFRASTRUCTURE]])>0, "YES", "NO") -> YES | S25: =IFERROR(IF(WO_Data_Masterlist[[#This Row],[QUANTITY LINEAR INFRASTRUCTURE]]="N/A", ((((WO_Data_Masterlist[[#This Row],[OPERATOR HOURS per TASK]]*$M$4)+(WO_Data_Masterlist[[#This Row],[TRUCK HOURS]]*$M$5))+WO_Data_Masterlist[[#This Row],[CONTRACTOR COST]]+WO_Data_Masterlist[[#This Row],[EQUIPMENT]]+WO_Data_Masterlist[[#This Row],[PARTS AND MATERIALS]])*WO_Data_Masterlist[[#This Row],[FREQUENCY (TIMES PER YEAR)]])+WO_Data_Masterlist[[#This Row],[ANNUAL ENERGY PER UNIT]], (((((WO_Data_Masterlist[[#This Row],[OPERATOR HOURS per TASK]]*$M$4)+(WO_Data_Masterlist[[#This Row],[TRUCK HOURS]]*$M$5))+WO_Data_Masterlist[[#This Row],[CONTRACTOR COST]]+WO_Data_Masterlist[[#This Row],[EQUIPMENT]]+WO_Data_Masterlist[[#This Row],[PARTS AND MATERIALS]])*WO_Data_Masterlist[[#This Row],[FREQUENCY (TIMES PER YEAR)]])+WO_Data_Masterlist[[#This Row],[ANNUAL ENERGY PER UNIT]])/WO_Data_Masterlist[[#This Row],[QUANTITY LINEAR INFRASTRUCTURE]]), 0) -> 0
A26: W09 | B26: WATER | C26: Distribution | D26: Main | E26: Curb Box and Curb Stop Repairs | F26: As Required | G26: 0 | H26: N/A | I26: 4 | J26: 0 | K26: 0 | L26: 0 | M26: 25 | N26: =SUM(Watermain_Inventory[LENGTH (m)])/1000 -> 10 | O26: =IFERROR(GETPIVOTDATA("ASSET GROUP",'TABLE OF CONTENTS'!$P$20,"ASSET COMPONENT",WO_Data_Masterlist[[#This Row],[ASSET COMPONENT]]), "N/A") -> N/A | P26: 0 | Q26: =IFERROR(WO_Data_Masterlist[[#This Row],[ANNUAL ENERGY PER UNIT]]*WO_Data_Masterlist[[#This Row],[QUANTITY NON-LINEAR INFRASTRUCTURE]], 0) -> 0 | R26: =IF(SUM(WO_Data_Masterlist[[#This Row],[QUANTITY LINEAR INFRASTRUCTURE]:[QUANTITY NON-LINEAR INFRASTRUCTURE]])>0, "YES", "NO") -> YES | S26: =IFERROR(IF(WO_Data_Masterlist[[#This Row],[QUANTITY LINEAR INFRASTRUCTURE]]="N/A", ((((WO_Data_Masterlist[[#This Row],[OPERATOR HOURS per TASK]]*$M$4)+(WO_Data_Masterlist[[#This Row],[TRUCK HOURS]]*$M$5))+WO_Data_Masterlist[[#This Row],[CONTRACTOR COST]]+WO_Data_Masterlist[[#This Row],[EQUIPMENT]]+WO_Data_Masterlist[[#This Row],[PARTS AND MATERIALS]])*WO_Data_Masterlist[[#This Row],[FREQUENCY (TIMES PER YEAR)]])+WO_Data_Masterlist[[#This Row],[ANNUAL ENERGY PER UNIT]], (((((WO_Data_Masterlist[[#This Row],[OPERATOR HOURS per TASK]]*$M$4)+(WO_Data_Masterlist[[#This Row],[TRUCK HOURS]]*$M$5))+WO_Data_Masterlist[[#This Row],[CONTRACTOR COST]]+WO_Data_Masterlist[[#This Row],[EQUIPMENT]]+WO_Data_Masterlist[[#This Row],[PARTS AND MATERIALS]])*WO_Data_Masterlist[[#This Row],[FREQUENCY (TIMES PER YEAR)]])+WO_Data_Masterlist[[#This Row],[ANNUAL ENERGY PER UNIT]])/WO_Data_Masterlist[[#This Row],[QUANTITY LINEAR INFRASTRUCTURE]]), 0) -> 0
A27: W10 | B27: WATER | C27: Distribution | D27: Main | E27: Fire Hydrant and Standpipe Test | F27: 3 Times per Year | G27: 3 | H27: N/A | I27: ='ii. WO Linear Infr. Mnt Hours'!G73 -> 76 | J27: =WO_Data_Masterlist[[#This Row],[OPERATOR HOURS per TASK]] -> 76 | K27: 0 | N27: =SUM(Watermain_Inventory[LENGTH (m)])/1000 -> 10 | O27: =IFERROR(GETPIVOTDATA("ASSET GROUP",'TABLE OF CONTENTS'!$P$20,"ASSET COMPONENT",WO_Data_Masterlist[[#This Row],[ASSET COMPONENT]]), "N/A") -> N/A | P27: 0 | Q27: =IFERROR(WO_Data_Masterlist[[#This Row],[ANNUAL ENERGY PER UNIT]]*WO_Data_Masterlist[[#This Row],[QUANTITY NON-LINEAR INFRASTRUCTURE]], 0) -> 0 | R27: =IF(SUM(WO_Data_Masterlist[[#This Row],[QUANTITY LINEAR INFRASTRUCTURE]:[QUANTITY NON-LINEAR INFRASTRUCTURE]])>0, "YES", "NO") -> YES | S27: =IFERROR(IF(WO_Data_Masterlist[[#This Row],[QUANTITY LINEAR INFRASTRUCTURE]]="N/A", ((((WO_Data_Masterlist[[#This Row],[OPERATOR HOURS per TASK]]*$M$4)+(WO_Data_Masterlist[[#This Row],[TRUCK HOURS]]*$M$5))+WO_Data_Masterlist[[#This Row],[CONTRACTOR COST]]+WO_Data_Masterlist[[#This Row],[EQUIPMENT]]+WO_Data_Masterlist[[#This Row],[PARTS AND MATERIALS]])*WO_Data_Masterlist[[#This Row],[FREQUENCY (TIMES PER YEAR)]])+WO_Data_Masterlist[[#This Row],[ANNUAL ENERGY PER UNIT]], (((((WO_Data_Masterlist[[#This Row],[OPERATOR HOURS per TASK]]*$M$4)+(WO_Data_Masterlist[[#This Row],[TRUCK HOURS]]*$M$5))+WO_Data_Masterlist[[#This Row],[CONTRACTOR COST]]+WO_Data_Masterlist[[#This Row],[EQUIPMENT]]+WO_Data_Masterlist[[#This Row],[PARTS AND MATERIALS]])*WO_Data_Masterlist[[#This Row],[FREQUENCY (TIMES PER YEAR)]])+WO_Data_Masterlist[[#This Row],[ANNUAL ENERGY PER UNIT]])/WO_Data_Masterlist[[#This Row],[QUANTITY LINEAR INFRASTRUCTURE]]), 0) -> 1082.239
A28: W11 | B28: WATER | C28: Distribution | D28: Main | E28: Valve Repair | F28: As Required | G28: 0 | H28: N/A | I28: 4 | J28: =WO_Data_Masterlist[[#This Row],[OPERATOR HOURS per TASK]] -> 4 | K28: 0 | L28: 0 | M28: 25 | N28: =SUM(Watermain_Inventory[LENGTH (m)])/1000 -> 10 | O28: =IFERROR(GETPIVOTDATA("ASSET GROUP",'TABLE OF CONTENTS'!$P$20,"ASSET COMPONENT",WO_Data_Masterlist[[#This Row],[ASSET COMPONENT]]), "N/A") -> N/A | P28: 0 | Q28: =IFERROR(WO_Data_Masterlist[[#This Row],[ANNUAL ENERGY PER UNIT]]*WO_Data_Masterlist[[#This Row],[QUANTITY NON-LINEAR INFRASTRUCTURE]], 0) -> 0 | R28: =IF(SUM(WO_Data_Masterlist[[#This Row],[QUANTITY LINEAR INFRASTRUCTURE]:[QUANTITY NON-LINEAR INFRASTRUCTURE]])>0, "YES", "NO") -> YES | S28: =IFERROR(IF(WO_Data_Masterlist[[#This Row],[QUANTITY LINEAR INFRASTRUCTURE]]="N/A", ((((WO_Data_Masterlist[[#This Row],[OPERATOR HOURS per TASK]]*$M$4)+(WO_Data_Masterlist[[#This Row],[TRUCK HOURS]]*$M$5))+WO_Data_Masterlist[[#This Row],[CONTRACTOR COST]]+WO_Data_Masterlist[[#This Row],[EQUIPMENT]]+WO_Data_Masterlist[[#This Row],[PARTS AND MATERIALS]])*WO_Data_Masterlist[[#This Row],[FREQUENCY (TIMES PER YEAR)]])+WO_Data_Masterlist[[#This Row],[ANNUAL ENERGY PER UNIT]], (((((WO_Data_Masterlist[[#This Row],[OPERATOR HOURS per TASK]]*$M$4)+(WO_Data_Masterlist[[#This Row],[TRUCK HOURS]]*$M$5))+WO_Data_Masterlist[[#This Row],[CONTRACTOR COST]]+WO_Data_Masterlist[[#This Row],[EQUIPMENT]]+WO_Data_Masterlist[[#This Row],[PARTS AND MATERIALS]])*WO_Data_Masterlist[[#This Row],[FREQUENCY (TIMES PER YEAR)]])+WO_Data_Masterlist[[#This Row],[ANNUAL ENERGY PER UNIT]])/WO_Data_Masterlist[[#This Row],[QUANTITY LINEAR INFRASTRUCTURE]]), 0) -> 0
A29: W12 | B29: WATER | C29: Distribution | D29: Main | E29: Hydrant Repair (General) | F29: As Required | G29: 0 | H29: N/A | I29: 4 | J29: =WO_Data_Masterlist[[#This Row],[OPERATOR HOURS per TASK]] -> 4 | K29: 0 | L29: 0 | M29: 25 | N29: =SUM(Watermain_Inventory[LENGTH (m)])/1000 -> 10 | O29: =IFERROR(GETPIVOTDATA("ASSET GROUP",'TABLE OF CONTENTS'!$P$20,"ASSET COMPONENT",WO_Data_Masterlist[[#This Row],[ASSET COMPONENT]]), "N/A") -> N/A | P29: 0 | Q29: =IFERROR(WO_Data_Masterlist[[#This Row],[ANNUAL ENERGY PER UNIT]]*WO_Data_Masterlist[[#This Row],[QUANTITY NON-LINEAR INFRASTRUCTURE]], 0) -> 0 | R29: =IF(SUM(WO_Data_Masterlist[[#This Row],[QUANTITY LINEAR INFRASTRUCTURE]:[QUANTITY NON-LINEAR INFRASTRUCTURE]])>0, "YES", "NO") -> YES | S29: =IFERROR(IF(WO_Data_Masterlist[[#This Row],[QUANTITY LINEAR INFRASTRUCTURE]]="N/A", ((((WO_Data_Masterlist[[#This Row],[OPERATOR HOURS per TASK]]*$M$4)+(WO_Data_Masterlist[[#This Row],[TRUCK HOURS]]*$M$5))+WO_Data_Masterlist[[#This Row],[CONTRACTOR COST]]+WO_Data_Masterlist[[#This Row],[EQUIPMENT]]+WO_Data_Masterlist[[#This Row],[PARTS AND MATERIALS]])*WO_Data_Masterlist[[#This Row],[FREQUENCY (TIMES PER YEAR)]])+WO_Data_Masterlist[[#This Row],[ANNUAL ENERGY PER UNIT]], (((((WO_Data_Masterlist[[#This Row],[OPERATOR HOURS per TASK]]*$M$4)+(WO_Data_Masterlist[[#This Row],[TRUCK HOURS]]*$M$5))+WO_Data_Masterlist[[#This Row],[CONTRACTOR COST]]+WO_Data_Masterlist[[#This Row],[EQUIPMENT]]+WO_Data_Masterlist[[#This Row],[PARTS AND MATERIALS]])*WO_Data_Masterlist[[#This Row],[FREQUENCY (TIMES PER YEAR)]])+WO_Data_Masterlist[[#This Row],[ANNUAL ENERGY PER UNIT]])/WO_Data_Masterlist[[#This Row],[QUANTITY LINEAR INFRASTRUCTURE]]), 0) -> 0
A30: W14 | B30: WATER | C30: Distribution | D30: Main | E30: Hydrant Painting | F30: As Required | G30: 0 | H30: N/A | I30: 2 | J30: =WO_Data_Masterlist[[#This Row],[OPERATOR HOURS per TASK]] -> 2 | K30: 0 | L30: 10 | M30: 25 | N30: =SUM(Watermain_Inventory[LENGTH (m)])/1000 -> 10 | O30: =IFERROR(GETPIVOTDATA("ASSET GROUP",'TABLE OF CONTENTS'!$P$20,"ASSET COMPONENT",WO_Data_Masterlist[[#This Row],[ASSET COMPONENT]]), "N/A") -> N/A | P30: 0 | Q30: =IFERROR(WO_Data_Masterlist[[#This Row],[ANNUAL ENERGY PER UNIT]]*WO_Data_Masterlist[[#This Row],[QUANTITY NON-LINEAR INFRASTRUCTURE]], 0) -> 0 | R30: =IF(SUM(WO_Data_Masterlist[[#This Row],[QUANTITY LINEAR INFRASTRUCTURE]:[QUANTITY NON-LINEAR INFRASTRUCTURE]])>0, "YES", "NO") -> YES | S30: =IFERROR(IF(WO_Data_Masterlist[[#This Row],[QUANTITY LINEAR INFRASTRUCTURE]]="N/A", ((((WO_Data_Masterlist[[#This Row],[OPERATOR HOURS per TASK]]*$M$4)+(WO_Data_Masterlist[[#This Row],[TRUCK HOURS]]*$M$5))+WO_Data_Masterlist[[#This Row],[CONTRACTOR COST]]+WO_Data_Masterlist[[#This Row],[EQUIPMENT]]+WO_Data_Masterlist[[#This Row],[PARTS AND MATERIALS]])*WO_Data_Masterlist[[#This Row],[FREQUENCY (TIMES PER YEAR)]])+WO_Data_Masterlist[[#This Row],[ANNUAL ENERGY PER UNIT]], (((((WO_Data_Masterlist[[#This Row],[OPERATOR HOURS per TASK]]*$M$4)+(WO_Data_Masterlist[[#This Row],[TRUCK HOURS]]*$M$5))+WO_Data_Masterlist[[#This Row],[CONTRACTOR COST]]+WO_Data_Masterlist[[#This Row],[EQUIPMENT]]+WO_Data_Masterlist[[#This Row],[PARTS AND MATERIALS]])*WO_Data_Masterlist[[#This Row],[FREQUENCY (TIMES PER YEAR)]])+WO_Data_Masterlist[[#This Row],[ANNUAL ENERGY PER UNIT]])/WO_Data_Masterlist[[#This Row],[QUANTITY LINEAR INFRASTRUCTURE]]), 0) -> 0
A31: W15 | B31: WATER | C31: Distribution | D31: Air Release Valve | E31: Air Release Valve Inspection and Maintenance | F31: Annual | G31: 1 | H31: N/A | I31: 4 | J31: =WO_Data_Masterlist[[#This Row],[OPERATOR HOURS per TASK]] -> 4 | K31: 0 | L31: 50 | M31: 500 | N31: =IF('ii. WO Linear Infr. Mnt Hours'!M$17>0, 1, 0) -> 0 | O31: =IFERROR(GETPIVOTDATA("ASSET GROUP",'TABLE OF CONTENTS'!$P$20,"ASSET COMPONENT",WO_Data_Masterlist[[#This Row],[ASSET COMPONENT]]), "N/A") -> 1 | P31: 0 | Q31: =IFERROR(WO_Data_Masterlist[[#This Row],[ANNUAL ENERGY PER UNIT]]*WO_Data_Masterlist[[#This Row],[QUANTITY NON-LINEAR INFRASTRUCTURE]], 0) -> 0 | R31: =IF(SUM(WO_Data_Masterlist[[#This Row],[QUANTITY LINEAR INFRASTRUCTURE]:[QUANTITY NON-LINEAR INFRASTRUCTURE]])>0, "YES", "NO") -> YES | S31: =IFERROR(IF(WO_Data_Masterlist[[#This Row],[QUANTITY LINEAR INFRASTRUCTURE]]="N/A", ((((WO_Data_Masterlist[[#This Row],[OPERATOR HOURS per TASK]]*$M$4)+(WO_Data_Masterlist[[#This Row],[TRUCK HOURS]]*$M$5))+WO_Data_Masterlist[[#This Row],[CONTRACTOR COST]]+WO_Data_Masterlist[[#This Row],[EQUIPMENT]]+WO_Data_Masterlist[[#This Row],[PARTS AND MATERIALS]])*WO_Data_Masterlist[[#This Row],[FREQUENCY (TIMES PER YEAR)]])+WO_Data_Masterlist[[#This Row],[ANNUAL ENERGY PER UNIT]], (((((WO_Data_Masterlist[[#This Row],[OPERATOR HOURS per TASK]]*$M$4)+(WO_Data_Masterlist[[#This Row],[TRUCK HOURS]]*$M$5))+WO_Data_Masterlist[[#This Row],[CONTRACTOR COST]]+WO_Data_Masterlist[[#This Row],[EQUIPMENT]]+WO_Data_Masterlist[[#This Row],[PARTS AND MATERIALS]])*WO_Data_Masterlist[[#This Row],[FREQUENCY (TIMES PER YEAR)]])+WO_Data_Masterlist[[#This Row],[ANNUAL ENERGY PER UNIT]])/WO_Data_Masterlist[[#This Row],[QUANTITY LINEAR INFRASTRUCTURE]]), 0) -> 0
A32: WT01 | B32: WATER | C32: Treatment | D32: Chlorine Disinfection | E32: Daily Inspection of Chlorine Disinfection Treatment System | F32: Daily | G32: 360 | H32: N/A | I32: 0.5 | J32: 0.5 | K32: 0 | L32: 1 | M32: 5 | N32: N/A | O32: =IFERROR(GETPIVOTDATA("ASSET GROUP",'TABLE OF CONTENTS'!$P$20,"ASSET COMPONENT",WO_Data_Masterlist[[#This Row],[ASSET COMPONENT]]), "N/A") -> N/A | P32: 0 | Q32: =IFERROR(WO_Data_Masterlist[[#This Row],[ANNUAL ENERGY PER UNIT]]*WO_Data_Masterlist[[#This Row],[QUANTITY NON-LINEAR INFRASTRUCTURE]], 0) -> 0 | R32: =IF(SUM(WO_Data_Masterlist[[#This Row],[QUANTITY LINEAR INFRASTRUCTURE]:[QUANTITY NON-LINEAR INFRASTRUCTURE]])>0, "YES", "NO") -> NO | S32: =IFERROR(IF(WO_Data_Masterlist[[#This Row],[QUANTITY LINEAR INFRASTRUCTURE]]="N/A", ((((WO_Data_Masterlist[[#This Row],[OPERATOR HOURS per TASK]]*$M$4)+(WO_Data_Masterlist[[#This Row],[TRUCK HOURS]]*$M$5))+WO_Data_Masterlist[[#This Row],[CONTRACTOR COST]]+WO_Data_Masterlist[[#This Row],[EQUIPMENT]]+WO_Data_Masterlist[[#This Row],[PARTS AND MATERIALS]])*WO_Data_Masterlist[[#This Row],[FREQUENCY (TIMES PER YEAR)]])+WO_Data_Masterlist[[#This Row],[ANNUAL ENERGY PER UNIT]], (((((WO_Data_Masterlist[[#This Row],[OPERATOR HOURS per TASK]]*$M$4)+(WO_Data_Masterlist[[#This Row],[TRUCK HOURS]]*$M$5))+WO_Data_Masterlist[[#This Row],[CONTRACTOR COST]]+WO_Data_Masterlist[[#This Row],[EQUIPMENT]]+WO_Data_Masterlist[[#This Row],[PARTS AND MATERIALS]])*WO_Data_Masterlist[[#This Row],[FREQUENCY (TIMES PER YEAR)]])+WO_Data_Masterlist[[#This Row],[ANNUAL ENERGY PER UNIT]])/WO_Data_Masterlist[[#This Row],[QUANTITY LINEAR INFRASTRUCTURE]]), 0) -> 10703.992
A33: WT02 | B33: WATER | C33: Treatment | D33: Chlorine Disinfection | E33: Quarterly inspection and Maintenance of Chlorine System | F33: Quarterly | G33: 3 | H33: N/A | I33: 2 | J33: 1 | K33: 0 | L33: 25 | M33: 2400 | N33: N/A | O33: =IFERROR(GETPIVOTDATA("ASSET GROUP",'TABLE OF CONTENTS'!$P$20,"ASSET COMPONENT",WO_Data_Masterlist[[#This Row],[ASSET COMPONENT]]), "N/A") -> N/A | P33: 0 | Q33: =IFERROR(WO_Data_Masterlist[[#This Row],[ANNUAL ENERGY PER UNIT]]*WO_Data_Masterlist[[#This Row],[QUANTITY NON-LINEAR INFRASTRUCTURE]], 0) -> 0 | R33: =IF(SUM(WO_Data_Masterlist[[#This Row],[QUANTITY LINEAR INFRASTRUCTURE]:[QUANTITY NON-LINEAR INFRASTRUCTURE]])>0, "YES", "NO") -> NO | S33: =IFERROR(IF(WO_Data_Masterlist[[#This Row],[QUANTITY LINEAR INFRASTRUCTURE]]="N/A", ((((WO_Data_Masterlist[[#This Row],[OPERATOR HOURS per TASK]]*$M$4)+(WO_Data_Masterlist[[#This Row],[TRUCK HOURS]]*$M$5))+WO_Data_Masterlist[[#This Row],[CONTRACTOR COST]]+WO_Data_Masterlist[[#This Row],[EQUIPMENT]]+WO_Data_Masterlist[[#This Row],[PARTS AND MATERIALS]])*WO_Data_Masterlist[[#This Row],[FREQUENCY (TIMES PER YEAR)]])+WO_Data_Masterlist[[#This Row],[ANNUAL ENERGY PER UNIT]], (((((WO_Data_Masterlist[[#This Row],[OPERATOR HOURS per TASK]]*$M$4)+(WO_Data_Masterlist[[#This Row],[TRUCK HOURS]]*$M$5))+WO_Data_Masterlist[[#This Row],[CONTRACTOR COST]]+WO_Data_Masterlist[[#This Row],[EQUIPMENT]]+WO_Data_Masterlist[[#This Row],[PARTS AND MATERIALS]])*WO_Data_Masterlist[[#This Row],[FREQUENCY (TIMES PER YEAR)]])+WO_Data_Masterlist[[#This Row],[ANNUAL ENERGY PER UNIT]])/WO_Data_Masterlist[[#This Row],[QUANTITY LINEAR INFRASTRUCTURE]]), 0) -> 7510.3999
A34: WT03 | B34: WATER | C34: Treatment | D34: Chlorine Disinfection | E34: Annual Inspection and Maintenance of Chlorine System | F34: Annual | G34: 1 | H34: N/A | I34: 4 | J34: 1 | K34: 0 | L34: 50 | M34: 200 | N34: N/A | O34: =IFERROR(GETPIVOTDATA("ASSET GROUP",'TABLE OF CONTENTS'!$P$20,"ASSET COMPONENT",WO_Data_Masterlist[[#This Row],[ASSET COMPONENT]]), "N/A") -> N/A | P34: 0 | Q34: =IFERROR(WO_Data_Masterlist[[#This Row],[ANNUAL ENERGY PER UNIT]]*WO_Data_Masterlist[[#This Row],[QUANTITY NON-LINEAR INFRASTRUCTURE]], 0) -> 0 | R34: =IF(SUM(WO_Data_Masterlist[[#This Row],[QUANTITY LINEAR INFRASTRUCTURE]:[QUANTITY NON-LINEAR INFRASTRUCTURE]])>0, "YES", "NO") -> NO | S34: =IFERROR(IF(WO_Data_Masterlist[[#This Row],[QUANTITY LINEAR INFRASTRUCTURE]]="N/A", ((((WO_Data_Masterlist[[#This Row],[OPERATOR HOURS per TASK]]*$M$4)+(WO_Data_Masterlist[[#This Row],[TRUCK HOURS]]*$M$5))+WO_Data_Masterlist[[#This Row],[CONTRACTOR COST]]+WO_Data_Masterlist[[#This Row],[EQUIPMENT]]+WO_Data_Masterlist[[#This Row],[PARTS AND MATERIALS]])*WO_Data_Masterlist[[#This Row],[FREQUENCY (TIMES PER YEAR)]])+WO_Data_Masterlist[[#This Row],[ANNUAL ENERGY PER UNIT]], (((((WO_Data_Masterlist[[#This Row],[OPERATOR HOURS per TASK]]*$M$4)+(WO_Data_Masterlist[[#This Row],[TRUCK HOURS]]*$M$5))+WO_Data_Masterlist[[#This Row],[CONTRACTOR COST]]+WO_Data_Masterlist[[#This Row],[EQUIPMENT]]+WO_Data_Masterlist[[#This Row],[PARTS AND MATERIALS]])*WO_Data_Masterlist[[#This Row],[FREQUENCY (TIMES PER YEAR)]])+WO_Data_Masterlist[[#This Row],[ANNUAL ENERGY PER UNIT]])/WO_Data_Masterlist[[#This Row],[QUANTITY LINEAR INFRASTRUCTURE]]), 0) -> 390.46662
A35: WT04 | B35: WATER | C35: Treatment | D35: Water Treatment Plant | E35: Water Treatment Plant Daily Inspection | F35: Daily | G35: 365 | H35: N/A | I35: 1 | J35: 0 | K35: 0 | L35: 0 | M35: 0 | N35: N/A | O35: =IFERROR(GETPIVOTDATA("ASSET GROUP",'TABLE OF CONTENTS'!$P$20,"ASSET COMPONENT",WO_Data_Masterlist[[#This Row],[ASSET COMPONENT]]), "N/A") -> N/A | P35: 29000 | Q35: =IFERROR(WO_Data_Masterlist[[#This Row],[ANNUAL ENERGY PER UNIT]]*WO_Data_Masterlist[[#This Row],[QUANTITY NON-LINEAR INFRASTRUCTURE]], 0) -> 0 | R35: =IF(SUM(WO_Data_Masterlist[[#This Row],[QUANTITY LINEAR INFRASTRUCTURE]:[QUANTITY NON-LINEAR INFRASTRUCTURE]])>0, "YES", "NO") -> NO | S35: =IFERROR(IF(WO_Data_Masterlist[[#This Row],[QUANTITY LINEAR INFRASTRUCTURE]]="N/A", ((((WO_Data_Masterlist[[#This Row],[OPERATOR HOURS per TASK]]*$M$4)+(WO_Data_Masterlist[[#This Row],[TRUCK HOURS]]*$M$5))+WO_Data_Masterlist[[#This Row],[CONTRACTOR COST]]+WO_Data_Masterlist[[#This Row],[EQUIPMENT]]+WO_Data_Masterlist[[#This Row],[PARTS AND MATERIALS]])*WO_Data_Masterlist[[#This Row],[FREQUENCY (TIMES PER YEAR)]])+WO_Data_Masterlist[[#This Row],[ANNUAL ENERGY PER UNIT]], (((((WO_Data_Masterlist[[#This Row],[OPERATOR HOURS per TASK]]*$M$4)+(WO_Data_Masterlist[[#This Row],[TRUCK HOURS]]*$M$5))+WO_Data_Masterlist[[#This Row],[CONTRACTOR COST]]+WO_Data_Masterlist[[#This Row],[EQUIPMENT]]+WO_Data_Masterlist[[#This Row],[PARTS AND MATERIALS]])*WO_Data_Masterlist[[#This Row],[FREQUENCY (TIMES PER YEAR)]])+WO_Data_Masterlist[[#This Row],[ANNUAL ENERGY PER UNIT]])/WO_Data_Masterlist[[#This Row],[QUANTITY LINEAR INFRASTRUCTURE]]), 0) -> 40315
A36: WT06 | B36: WATER | C36: Treatment | D36: Water Treatment Plant | E36: Water Treatment Plant Periodic Inspections and Testing | F36: Weekly | G36: 52 | H36: N/A | I36: 2 | J36: 0 | K36: 0 | L36: 0 | M36: 10 | N36: N/A | O36: =IFERROR(GETPIVOTDATA("ASSET GROUP",'TABLE OF CONTENTS'!$P$20,"ASSET COMPONENT",WO_Data_Masterlist[[#This Row],[ASSET COMPONENT]]), "N/A") -> N/A | P36: 0 | Q36: =IFERROR(WO_Data_Masterlist[[#This Row],[ANNUAL ENERGY PER UNIT]]*WO_Data_Masterlist[[#This Row],[QUANTITY NON-LINEAR INFRASTRUCTURE]], 0) -> 0 | R36: =IF(SUM(WO_Data_Masterlist[[#This Row],[QUANTITY LINEAR INFRASTRUCTURE]:[QUANTITY NON-LINEAR INFRASTRUCTURE]])>0, "YES", "NO") -> NO | S36: =IFERROR(IF(WO_Data_Masterlist[[#This Row],[QUANTITY LINEAR INFRASTRUCTURE]]="N/A", ((((WO_Data_Masterlist[[#This Row],[OPERATOR HOURS per TASK]]*$M$4)+(WO_Data_Masterlist[[#This Row],[TRUCK HOURS]]*$M$5))+WO_Data_Masterlist[[#This Row],[CONTRACTOR COST]]+WO_Data_Masterlist[[#This Row],[EQUIPMENT]]+WO_Data_Masterlist[[#This Row],[PARTS AND MATERIALS]])*WO_Data_Masterlist[[#This Row],[FREQUENCY (TIMES PER YEAR)]])+WO_Data_Masterlist[[#This Row],[ANNUAL ENERGY PER UNIT]], (((((WO_Data_Masterlist[[#This Row],[OPERATOR HOURS per TASK]]*$M$4)+(WO_Data_Masterlist[[#This Row],[TRUCK HOURS]]*$M$5))+WO_Data_Masterlist[[#This Row],[CONTRACTOR COST]]+WO_Data_Masterlist[[#This Row],[EQUIPMENT]]+WO_Data_Masterlist[[#This Row],[PARTS AND MATERIALS]])*WO_Data_Masterlist[[#This Row],[FREQUENCY (TIMES PER YEAR)]])+WO_Data_Masterlist[[#This Row],[ANNUAL ENERGY PER UNIT]])/WO_Data_Masterlist[[#This Row],[QUANTITY LINEAR INFRASTRUCTURE]]), 0) -> 3744
A37: WT07 | B37: WATER | C37: Treatment | D37: Water Treatment Plant | E37: Water Treatment Plant Filter Scraping | F37: 6 times/year | G37: 6 | H37: N/A | I37: 16 | J37: 2 | K37: 0 | L37: 200 | M37: 100 | N37: N/A | O37: =IFERROR(GETPIVOTDATA("ASSET GROUP",'TABLE OF CONTENTS'!$P$20,"ASSET COMPONENT",WO_Data_Masterlist[[#This Row],[ASSET COMPONENT]]), "N/A") -> N/A | P37: 0 | Q37: =IFERROR(WO_Data_Masterlist[[#This Row],[ANNUAL ENERGY PER UNIT]]*WO_Data_Masterlist[[#This Row],[QUANTITY NON-LINEAR INFRASTRUCTURE]], 0) -> 0 | R37: =IF(SUM(WO_Data_Masterlist[[#This Row],[QUANTITY LINEAR INFRASTRUCTURE]:[QUANTITY NON-LINEAR INFRASTRUCTURE]])>0, "YES", "NO") -> NO | S37: =IFERROR(IF(WO_Data_Masterlist[[#This Row],[QUANTITY LINEAR INFRASTRUCTURE]]="N/A", ((((WO_Data_Masterlist[[#This Row],[OPERATOR HOURS per TASK]]*$M$4)+(WO_Data_Masterlist[[#This Row],[TRUCK HOURS]]*$M$5))+WO_Data_Masterlist[[#This Row],[CONTRACTOR COST]]+WO_Data_Masterlist[[#This Row],[EQUIPMENT]]+WO_Data_Masterlist[[#This Row],[PARTS AND MATERIALS]])*WO_Data_Masterlist[[#This Row],[FREQUENCY (TIMES PER YEAR)]])+WO_Data_Masterlist[[#This Row],[ANNUAL ENERGY PER UNIT]], (((((WO_Data_Masterlist[[#This Row],[OPERATOR HOURS per TASK]]*$M$4)+(WO_Data_Masterlist[[#This Row],[TRUCK HOURS]]*$M$5))+WO_Data_Masterlist[[#This Row],[CONTRACTOR COST]]+WO_Data_Masterlist[[#This Row],[EQUIPMENT]]+WO_Data_Masterlist[[#This Row],[PARTS AND MATERIALS]])*WO_Data_Masterlist[[#This Row],[FREQUENCY (TIMES PER YEAR)]])+WO_Data_Masterlist[[#This Row],[ANNUAL ENERGY PER UNIT]])/WO_Data_Masterlist[[#This Row],[QUANTITY LINEAR INFRASTRUCTURE]]), 0) -> 4973.5994
A38: WT08 | B38: WATER | C38: Treatment | D38: Water Treatment Plant | E38: Water Treatment Plant Media Addition | F38: Every 6 years | G38: =1/6 -> 0.16666667 | H38: N/A | I38: 60 | J38: 20 | K38: 0 | L38: 200 | M38: 1000 | N38: N/A | O38: =IFERROR(GETPIVOTDATA("ASSET GROUP",'TABLE OF CONTENTS'!$P$20,"ASSET COMPONENT",WO_Data_Masterlist[[#This Row],[ASSET COMPONENT]]), "N/A") -> N/A | P38: 0 | Q38: =IFERROR(WO_Data_Masterlist[[#This Row],[ANNUAL ENERGY PER UNIT]]*WO_Data_Masterlist[[#This Row],[QUANTITY NON-LINEAR INFRASTRUCTURE]], 0) -> 0 | R38: =IF(SUM(WO_Data_Masterlist[[#This Row],[QUANTITY LINEAR INFRASTRUCTURE]:[QUANTITY NON-LINEAR INFRASTRUCTURE]])>0, "YES", "NO") -> NO | S38: =IFERROR(IF(WO_Data_Masterlist[[#This Row],[QUANTITY LINEAR INFRASTRUCTURE]]="N/A", ((((WO_Data_Masterlist[[#This Row],[OPERATOR HOURS per TASK]]*$M$4)+(WO_Data_Masterlist[[#This Row],[TRUCK HOURS]]*$M$5))+WO_Data_Masterlist[[#This Row],[CONTRACTOR COST]]+WO_Data_Masterlist[[#This Row],[EQUIPMENT]]+WO_Data_Masterlist[[#This Row],[PARTS AND MATERIALS]])*WO_Data_Masterlist[[#This Row],[FREQUENCY (TIMES PER YEAR)]])+WO_Data_Masterlist[[#This Row],[ANNUAL ENERGY PER UNIT]], (((((WO_Data_Masterlist[[#This Row],[OPERATOR HOURS per TASK]]*$M$4)+(WO_Data_Masterlist[[#This Row],[TRUCK HOURS]]*$M$5))+WO_Data_Masterlist[[#This Row],[CONTRACTOR COST]]+WO_Data_Masterlist[[#This Row],[EQUIPMENT]]+WO_Data_Masterlist[[#This Row],[PARTS AND MATERIALS]])*WO_Data_Masterlist[[#This Row],[FREQUENCY (TIMES PER YEAR)]])+WO_Data_Masterlist[[#This Row],[ANNUAL ENERGY PER UNIT]])/WO_Data_Masterlist[[#This Row],[QUANTITY LINEAR INFRASTRUCTURE]]), 0) -> 564.88874
A39: WW01 | B39: WATER | C39: Supply | D39: Well | E39: Weekly Groundwater Well Inspection | F39: Weekly | G39: 40 | H39: N/A | I39: 1 | J39: 1 | K39: 0 | L39: 0 | M39: 0 | N39: N/A | O39: =IFERROR(GETPIVOTDATA("ASSET GROUP",'TABLE OF CONTENTS'!$P$20,"ASSET COMPONENT",WO_Data_Masterlist[[#This Row],[ASSET COMPONENT]]), "N/A") -> N/A | P39: 0 | Q39: =IFERROR(WO_Data_Masterlist[[#This Row],[ANNUAL ENERGY PER UNIT]]*WO_Data_Masterlist[[#This Row],[QUANTITY NON-LINEAR INFRASTRUCTURE]], 0) -> 0 | R39: =IF(SUM(WO_Data_Masterlist[[#This Row],[QUANTITY LINEAR INFRASTRUCTURE]:[QUANTITY NON-LINEAR INFRASTRUCTURE]])>0, "YES", "NO") -> NO | S39: =IFERROR(IF(WO_Data_Masterlist[[#This Row],[QUANTITY LINEAR INFRASTRUCTURE]]="N/A", ((((WO_Data_Masterlist[[#This Row],[OPERATOR HOURS per TASK]]*$M$4)+(WO_Data_Masterlist[[#This Row],[TRUCK HOURS]]*$M$5))+WO_Data_Masterlist[[#This Row],[CONTRACTOR COST]]+WO_Data_Masterlist[[#This Row],[EQUIPMENT]]+WO_Data_Masterlist[[#This Row],[PARTS AND MATERIALS]])*WO_Data_Masterlist[[#This Row],[FREQUENCY (TIMES PER YEAR)]])+WO_Data_Masterlist[[#This Row],[ANNUAL ENERGY PER UNIT]], (((((WO_Data_Masterlist[[#This Row],[OPERATOR HOURS per TASK]]*$M$4)+(WO_Data_Masterlist[[#This Row],[TRUCK HOURS]]*$M$5))+WO_Data_Masterlist[[#This Row],[CONTRACTOR COST]]+WO_Data_Masterlist[[#This Row],[EQUIPMENT]]+WO_Data_Masterlist[[#This Row],[PARTS AND MATERIALS]])*WO_Data_Masterlist[[#This Row],[FREQUENCY (TIMES PER YEAR)]])+WO_Data_Masterlist[[#This Row],[ANNUAL ENERGY PER UNIT]])/WO_Data_Masterlist[[#This Row],[QUANTITY LINEAR INFRASTRUCTURE]]), 0) -> 1898.6648
A40: WW02 | B40: WATER | C40: Supply | D40: Well | E40: Monthly groundwater well inspection and Maintenance | F40: Monthly | G40: 11 | H40: N/A | I40: 2 | J40: 1 | K40: 0 | L40: 0 | M40: 25 | N40: N/A | O40: =IFERROR(GETPIVOTDATA("ASSET GROUP",'TABLE OF CONTENTS'!$P$20,"ASSET COMPONENT",WO_Data_Masterlist[[#This Row],[ASSET COMPONENT]]), "N/A") -> N/A | P40: 0 | Q40: =IFERROR(WO_Data_Masterlist[[#This Row],[ANNUAL ENERGY PER UNIT]]*WO_Data_Masterlist[[#This Row],[QUANTITY NON-LINEAR INFRASTRUCTURE]], 0) -> 0 | R40: =IF(SUM(WO_Data_Masterlist[[#This Row],[QUANTITY LINEAR INFRASTRUCTURE]:[QUANTITY NON-LINEAR INFRASTRUCTURE]])>0, "YES", "NO") -> NO | S40: =IFERROR(IF(WO_Data_Masterlist[[#This Row],[QUANTITY LINEAR INFRASTRUCTURE]]="N/A", ((((WO_Data_Masterlist[[#This Row],[OPERATOR HOURS per TASK]]*$M$4)+(WO_Data_Masterlist[[#This Row],[TRUCK HOURS]]*$M$5))+WO_Data_Masterlist[[#This Row],[CONTRACTOR COST]]+WO_Data_Masterlist[[#This Row],[EQUIPMENT]]+WO_Data_Masterlist[[#This Row],[PARTS AND MATERIALS]])*WO_Data_Masterlist[[#This Row],[FREQUENCY (TIMES PER YEAR)]])+WO_Data_Masterlist[[#This Row],[ANNUAL ENERGY PER UNIT]], (((((WO_Data_Masterlist[[#This Row],[OPERATOR HOURS per TASK]]*$M$4)+(WO_Data_Masterlist[[#This Row],[TRUCK HOURS]]*$M$5))+WO_Data_Masterlist[[#This Row],[CONTRACTOR COST]]+WO_Data_Masterlist[[#This Row],[EQUIPMENT]]+WO_Data_Masterlist[[#This Row],[PARTS AND MATERIALS]])*WO_Data_Masterlist[[#This Row],[FREQUENCY (TIMES PER YEAR)]])+WO_Data_Masterlist[[#This Row],[ANNUAL ENERGY PER UNIT]])/WO_Data_Masterlist[[#This Row],[QUANTITY LINEAR INFRASTRUCTURE]]), 0) -> 1138.1328
A41: WW03 | B41: WATER | C41: Supply | D41: Well | E41: Annual groundwater well inspection and Maintenance | F41: Annual | G41: 1 | H41: N/A | I41: 3 | J41: 1 | K41: 0 | L41: 50 | M41: 50 | N41: N/A | O41: =IFERROR(GETPIVOTDATA("ASSET GROUP",'TABLE OF CONTENTS'!$P$20,"ASSET COMPONENT",WO_Data_Masterlist[[#This Row],[ASSET COMPONENT]]), "N/A") -> N/A | P41: 900 | Q41: =IFERROR(WO_Data_Masterlist[[#This Row],[ANNUAL ENERGY PER UNIT]]*WO_Data_Masterlist[[#This Row],[QUANTITY NON-LINEAR INFRASTRUCTURE]], 0) -> 0 | R41: =IF(SUM(WO_Data_Masterlist[[#This Row],[QUANTITY LINEAR INFRASTRUCTURE]:[QUANTITY NON-LINEAR INFRASTRUCTURE]])>0, "YES", "NO") -> NO | S41: =IFERROR(IF(WO_Data_Masterlist[[#This Row],[QUANTITY LINEAR INFRASTRUCTURE]]="N/A", ((((WO_Data_Masterlist[[#This Row],[OPERATOR HOURS per TASK]]*$M$4)+(WO_Data_Masterlist[[#This Row],[TRUCK HOURS]]*$M$5))+WO_Data_Masterlist[[#This Row],[CONTRACTOR COST]]+WO_Data_Masterlist[[#This Row],[EQUIPMENT]]+WO_Data_Masterlist[[#This Row],[PARTS AND MATERIALS]])*WO_Data_Masterlist[[#This Row],[FREQUENCY (TIMES PER YEAR)]])+WO_Data_Masterlist[[#This Row],[ANNUAL ENERGY PER UNIT]], (((((WO_Data_Masterlist[[#This Row],[OPERATOR HOURS per TASK]]*$M$4)+(WO_Data_Masterlist[[#This Row],[TRUCK HOURS]]*$M$5))+WO_Data_Masterlist[[#This Row],[CONTRACTOR COST]]+WO_Data_Masterlist[[#This Row],[EQUIPMENT]]+WO_Data_Masterlist[[#This Row],[PARTS AND MATERIALS]])*WO_Data_Masterlist[[#This Row],[FREQUENCY (TIMES PER YEAR)]])+WO_Data_Masterlist[[#This Row],[ANNUAL ENERGY PER UNIT]])/WO_Data_Masterlist[[#This Row],[QUANTITY LINEAR INFRASTRUCTURE]]), 0) -> 1109.4666
A42: WW04 | B42: WATER | C42: Supply | D42: Well | E42: Periodic (Every 3 years) well assessment | F42: Every 3 Years | G42: =1/3 -> 0.33333333 | H42: N/A | I42: 4 | J42: 1 | K42: 0 | L42: 0 | M42: 50 | N42: N/A | O42: =IFERROR(GETPIVOTDATA("ASSET GROUP",'TABLE OF CONTENTS'!$P$20,"ASSET COMPONENT",WO_Data_Masterlist[[#This Row],[ASSET COMPONENT]]), "N/A") -> N/A | P42: 0 | Q42: =IFERROR(WO_Data_Masterlist[[#This Row],[ANNUAL ENERGY PER UNIT]]*WO_Data_Masterlist[[#This Row],[QUANTITY NON-LINEAR INFRASTRUCTURE]], 0) -> 0 | R42: =IF(SUM(WO_Data_Masterlist[[#This Row],[QUANTITY LINEAR INFRASTRUCTURE]:[QUANTITY NON-LINEAR INFRASTRUCTURE]])>0, "YES", "NO") -> NO | S42: =IFERROR(IF(WO_Data_Masterlist[[#This Row],[QUANTITY LINEAR INFRASTRUCTURE]]="N/A", ((((WO_Data_Masterlist[[#This Row],[OPERATOR HOURS per TASK]]*$M$4)+(WO_Data_Masterlist[[#This Row],[TRUCK HOURS]]*$M$5))+WO_Data_Masterlist[[#This Row],[CONTRACTOR COST]]+WO_Data_Masterlist[[#This Row],[EQUIPMENT]]+WO_Data_Masterlist[[#This Row],[PARTS AND MATERIALS]])*WO_Data_Masterlist[[#This Row],[FREQUENCY (TIMES PER YEAR)]])+WO_Data_Masterlist[[#This Row],[ANNUAL ENERGY PER UNIT]], (((((WO_Data_Masterlist[[#This Row],[OPERATOR HOURS per TASK]]*$M$4)+(WO_Data_Masterlist[[#This Row],[TRUCK HOURS]]*$M$5))+WO_Data_Masterlist[[#This Row],[CONTRACTOR COST]]+WO_Data_Masterlist[[#This Row],[EQUIPMENT]]+WO_Data_Masterlist[[#This Row],[PARTS AND MATERIALS]])*WO_Data_Masterlist[[#This Row],[FREQUENCY (TIMES PER YEAR)]])+WO_Data_Masterlist[[#This Row],[ANNUAL ENERGY PER UNIT]])/WO_Data_Masterlist[[#This Row],[QUANTITY LINEAR INFRASTRUCTURE]]), 0) -> 63.488874
A43: BS01 | B43: WATER | C43: Distribution | D43: Boost Station | E43: Weekly or Daily boost station inspection | F43: Weekly | G43: 40 | H43: N/A | I43: 1 | J43: 1 | K43: 0 | L43: 0 | M43: 5 | N43: N/A | O43: =IFERROR(GETPIVOTDATA("ASSET GROUP",'TABLE OF CONTENTS'!$P$20,"ASSET COMPONENT",WO_Data_Masterlist[[#This Row],[ASSET COMPONENT]]), "N/A") -> 1 | P43: 0 | Q43: =IFERROR(WO_Data_Masterlist[[#This Row],[ANNUAL ENERGY PER UNIT]]*WO_Data_Masterlist[[#This Row],[QUANTITY NON-LINEAR INFRASTRUCTURE]], 0) -> 0 | R43: =IF(SUM(WO_Data_Masterlist[[#This Row],[QUANTITY LINEAR INFRASTRUCTURE]:[QUANTITY NON-LINEAR INFRASTRUCTURE]])>0, "YES", "NO") -> YES | S43: =IFERROR(IF(WO_Data_Masterlist[[#This Row],[QUANTITY LINEAR INFRASTRUCTURE]]="N/A", ((((WO_Data_Masterlist[[#This Row],[OPERATOR HOURS per TASK]]*$M$4)+(WO_Data_Masterlist[[#This Row],[TRUCK HOURS]]*$M$5))+WO_Data_Masterlist[[#This Row],[CONTRACTOR COST]]+WO_Data_Masterlist[[#This Row],[EQUIPMENT]]+WO_Data_Masterlist[[#This Row],[PARTS AND MATERIALS]])*WO_Data_Masterlist[[#This Row],[FREQUENCY (TIMES PER YEAR)]])+WO_Data_Masterlist[[#This Row],[ANNUAL ENERGY PER UNIT]], (((((WO_Data_Masterlist[[#This Row],[OPERATOR HOURS per TASK]]*$M$4)+(WO_Data_Masterlist[[#This Row],[TRUCK HOURS]]*$M$5))+WO_Data_Masterlist[[#This Row],[CONTRACTOR COST]]+WO_Data_Masterlist[[#This Row],[EQUIPMENT]]+WO_Data_Masterlist[[#This Row],[PARTS AND MATERIALS]])*WO_Data_Masterlist[[#This Row],[FREQUENCY (TIMES PER YEAR)]])+WO_Data_Masterlist[[#This Row],[ANNUAL ENERGY PER UNIT]])/WO_Data_Masterlist[[#This Row],[QUANTITY LINEAR INFRASTRUCTURE]]), 0) -> 2098.6648
A44: BS02 | B44: WATER | C44: Distribution | D44: Boost Station | E44: Monthly booster station inspection and Maintenance | F44: Monthly | G44: 11 | H44: N/A | I44: 4 | J44: 1 | K44: 0 | L44: 10 | M44: 50 | N44: N/A | O44: =IFERROR(GETPIVOTDATA("ASSET GROUP",'TABLE OF CONTENTS'!$P$20,"ASSET COMPONENT",WO_Data_Masterlist[[#This Row],[ASSET COMPONENT]]), "N/A") -> 1 | P44: 0 | Q44: =IFERROR(WO_Data_Masterlist[[#This Row],[ANNUAL ENERGY PER UNIT]]*WO_Data_Masterlist[[#This Row],[QUANTITY NON-LINEAR INFRASTRUCTURE]], 0) -> 0 | R44: =IF(SUM(WO_Data_Masterlist[[#This Row],[QUANTITY LINEAR INFRASTRUCTURE]:[QUANTITY NON-LINEAR INFRASTRUCTURE]])>0, "YES", "NO") -> YES | S44: =IFERROR(IF(WO_Data_Masterlist[[#This Row],[QUANTITY LINEAR INFRASTRUCTURE]]="N/A", ((((WO_Data_Masterlist[[#This Row],[OPERATOR HOURS per TASK]]*$M$4)+(WO_Data_Masterlist[[#This Row],[TRUCK HOURS]]*$M$5))+WO_Data_Masterlist[[#This Row],[CONTRACTOR COST]]+WO_Data_Masterlist[[#This Row],[EQUIPMENT]]+WO_Data_Masterlist[[#This Row],[PARTS AND MATERIALS]])*WO_Data_Masterlist[[#This Row],[FREQUENCY (TIMES PER YEAR)]])+WO_Data_Masterlist[[#This Row],[ANNUAL ENERGY PER UNIT]], (((((WO_Data_Masterlist[[#This Row],[OPERATOR HOURS per TASK]]*$M$4)+(WO_Data_Masterlist[[#This Row],[TRUCK HOURS]]*$M$5))+WO_Data_Masterlist[[#This Row],[CONTRACTOR COST]]+WO_Data_Masterlist[[#This Row],[EQUIPMENT]]+WO_Data_Masterlist[[#This Row],[PARTS AND MATERIALS]])*WO_Data_Masterlist[[#This Row],[FREQUENCY (TIMES PER YEAR)]])+WO_Data_Masterlist[[#This Row],[ANNUAL ENERGY PER UNIT]])/WO_Data_Masterlist[[#This Row],[QUANTITY LINEAR INFRASTRUCTURE]]), 0) -> 2205.1328
A45: BS03 | B45: WATER | C45: Distribution | D45: Boost Station | E45: Annual Boost Station Inspection and Maintenance | F45: Annual | G45: 1 | H45: N/A | I45: 6 | J45: 1 | K45: 0 | L45: 50 | M45: 100 | N45: N/A | O45: =IFERROR(GETPIVOTDATA("ASSET GROUP",'TABLE OF CONTENTS'!$P$20,"ASSET COMPONENT",WO_Data_Masterlist[[#This Row],[ASSET COMPONENT]]), "N/A") -> 1 | P45: 2500 | Q45: =IFERROR(WO_Data_Masterlist[[#This Row],[ANNUAL ENERGY PER UNIT]]*WO_Data_Masterlist[[#This Row],[QUANTITY NON-LINEAR INFRASTRUCTURE]], 0) -> 2500 | R45: =IF(SUM(WO_Data_Masterlist[[#This Row],[QUANTITY LINEAR INFRASTRUCTURE]:[QUANTITY NON-LINEAR INFRASTRUCTURE]])>0, "YES", "NO") -> YES | S45: =IFERROR(IF(WO_Data_Masterlist[[#This Row],[QUANTITY LINEAR INFRASTRUCTURE]]="N/A", ((((WO_Data_Masterlist[[#This Row],[OPERATOR HOURS per TASK]]*$M$4)+(WO_Data_Masterlist[[#This Row],[TRUCK HOURS]]*$M$5))+WO_Data_Masterlist[[#This Row],[CONTRACTOR COST]]+WO_Data_Masterlist[[#This Row],[EQUIPMENT]]+WO_Data_Masterlist[[#This Row],[PARTS AND MATERIALS]])*WO_Data_Masterlist[[#This Row],[FREQUENCY (TIMES PER YEAR)]])+WO_Data_Masterlist[[#This Row],[ANNUAL ENERGY PER UNIT]], (((((WO_Data_Masterlist[[#This Row],[OPERATOR HOURS per TASK]]*$M$4)+(WO_Data_Masterlist[[#This Row],[TRUCK HOURS]]*$M$5))+WO_Data_Masterlist[[#This Row],[CONTRACTOR COST]]+WO_Data_Masterlist[[#This Row],[EQUIPMENT]]+WO_Data_Masterlist[[#This Row],[PARTS AND MATERIALS]])*WO_Data_Masterlist[[#This Row],[FREQUENCY (TIMES PER YEAR)]])+WO_Data_Masterlist[[#This Row],[ANNUAL ENERGY PER UNIT]])/WO_Data_Masterlist[[#This Row],[QUANTITY LINEAR INFRASTRUCTURE]]), 0) -> 2852.4666
A46: WS01 | B46: WATER | C46: Storage | D46: Reservoir | E46: Weekly Inspection of Water Storage Facility | F46: Weekly | G46: 40 | H46: N/A | I46: 1 | J46: 1 | K46: 0 | L46: 0 | M46: 0 | N46: N/A | O46: =IFERROR(GETPIVOTDATA("ASSET GROUP",'TABLE OF CONTENTS'!$P$20,"ASSET COMPONENT",WO_Data_Masterlist[[#This Row],[ASSET COMPONENT]]), "N/A") -> N/A | P46: 0 | Q46: =IFERROR(WO_Data_Masterlist[[#This Row],[ANNUAL ENERGY PER UNIT]]*WO_Data_Masterlist[[#This Row],[QUANTITY NON-LINEAR INFRASTRUCTURE]], 0) -> 0 | R46: =IF(SUM(WO_Data_Masterlist[[#This Row],[QUANTITY LINEAR INFRASTRUCTURE]:[QUANTITY NON-LINEAR INFRASTRUCTURE]])>0, "YES", "NO") -> NO | S46: =IFERROR(IF(WO_Data_Masterlist[[#This Row],[QUANTITY LINEAR INFRASTRUCTURE]]="N/A", ((((WO_Data_Masterlist[[#This Row],[OPERATOR HOURS per TASK]]*$M$4)+(WO_Data_Masterlist[[#This Row],[TRUCK HOURS]]*$M$5))+WO_Data_Masterlist[[#This Row],[CONTRACTOR COST]]+WO_Data_Masterlist[[#This Row],[EQUIPMENT]]+WO_Data_Masterlist[[#This Row],[PARTS AND MATERIALS]])*WO_Data_Masterlist[[#This Row],[FREQUENCY (TIMES PER YEAR)]])+WO_Data_Masterlist[[#This Row],[ANNUAL ENERGY PER UNIT]], (((((WO_Data_Masterlist[[#This Row],[OPERATOR HOURS per TASK]]*$M$4)+(WO_Data_Masterlist[[#This Row],[TRUCK HOURS]]*$M$5))+WO_Data_Masterlist[[#This Row],[CONTRACTOR COST]]+WO_Data_Masterlist[[#This Row],[EQUIPMENT]]+WO_Data_Masterlist[[#This Row],[PARTS AND MATERIALS]])*WO_Data_Masterlist[[#This Row],[FREQUENCY (TIMES PER YEAR)]])+WO_Data_Masterlist[[#This Row],[ANNUAL ENERGY PER UNIT]])/WO_Data_Masterlist[[#This Row],[QUANTITY LINEAR INFRASTRUCTURE]]), 0) -> 1898.6648
A47: WS02 | B47: WATER | C47: Storage | D47: Reservoir | E47: Monthly Inspection and Maintenance of Storage Facility | F47: Monthly | G47: 8 | H47: N/A | I47: 3 | J47: 1 | K47: 0 | L47: 10 | M47: 50 | N47: N/A | O47: =IFERROR(GETPIVOTDATA("ASSET GROUP",'TABLE OF CONTENTS'!$P$20,"ASSET COMPONENT",WO_Data_Masterlist[[#This Row],[ASSET COMPONENT]]), "N/A") -> N/A | P47: 0 | Q47: =IFERROR(WO_Data_Masterlist[[#This Row],[ANNUAL ENERGY PER UNIT]]*WO_Data_Masterlist[[#This Row],[QUANTITY NON-LINEAR INFRASTRUCTURE]], 0) -> 0 | R47: =IF(SUM(WO_Data_Masterlist[[#This Row],[QUANTITY LINEAR INFRASTRUCTURE]:[QUANTITY NON-LINEAR INFRASTRUCTURE]])>0, "YES", "NO") -> NO | S47: =IFERROR(IF(WO_Data_Masterlist[[#This Row],[QUANTITY LINEAR INFRASTRUCTURE]]="N/A", ((((WO_Data_Masterlist[[#This Row],[OPERATOR HOURS per TASK]]*$M$4)+(WO_Data_Masterlist[[#This Row],[TRUCK HOURS]]*$M$5))+WO_Data_Masterlist[[#This Row],[CONTRACTOR COST]]+WO_Data_Masterlist[[#This Row],[EQUIPMENT]]+WO_Data_Masterlist[[#This Row],[PARTS AND MATERIALS]])*WO_Data_Masterlist[[#This Row],[FREQUENCY (TIMES PER YEAR)]])+WO_Data_Masterlist[[#This Row],[ANNUAL ENERGY PER UNIT]], (((((WO_Data_Masterlist[[#This Row],[OPERATOR HOURS per TASK]]*$M$4)+(WO_Data_Masterlist[[#This Row],[TRUCK HOURS]]*$M$5))+WO_Data_Masterlist[[#This Row],[CONTRACTOR COST]]+WO_Data_Masterlist[[#This Row],[EQUIPMENT]]+WO_Data_Masterlist[[#This Row],[PARTS AND MATERIALS]])*WO_Data_Masterlist[[#This Row],[FREQUENCY (TIMES PER YEAR)]])+WO_Data_Masterlist[[#This Row],[ANNUAL ENERGY PER UNIT]])/WO_Data_Masterlist[[#This Row],[QUANTITY LINEAR INFRASTRUCTURE]]), 0) -> 1355.733
A48: WS03 | B48: WATER | C48: Storage | D48: Reservoir | E48: Quarterly inspection and Maintenance of Storage Facility | F48: Quarterly | G48: 3 | H48: N/A | I48: 3 | J48: 1 | K48: 0 | L48: 10 | M48: 50 | N48: N/A | O48: =IFERROR(GETPIVOTDATA("ASSET GROUP",'TABLE OF CONTENTS'!$P$20,"ASSET COMPONENT",WO_Data_Masterlist[[#This Row],[ASSET COMPONENT]]), "N/A") -> N/A | P48: 0 | Q48: =IFERROR(WO_Data_Masterlist[[#This Row],[ANNUAL ENERGY PER UNIT]]*WO_Data_Masterlist[[#This Row],[QUANTITY NON-LINEAR INFRASTRUCTURE]], 0) -> 0 | R48: =IF(SUM(WO_Data_Masterlist[[#This Row],[QUANTITY LINEAR INFRASTRUCTURE]:[QUANTITY NON-LINEAR INFRASTRUCTURE]])>0, "YES", "NO") -> NO | S48: =IFERROR(IF(WO_Data_Masterlist[[#This Row],[QUANTITY LINEAR INFRASTRUCTURE]]="N/A", ((((WO_Data_Masterlist[[#This Row],[OPERATOR HOURS per TASK]]*$M$4)+(WO_Data_Masterlist[[#This Row],[TRUCK HOURS]]*$M$5))+WO_Data_Masterlist[[#This Row],[CONTRACTOR COST]]+WO_Data_Masterlist[[#This Row],[EQUIPMENT]]+WO_Data_Masterlist[[#This Row],[PARTS AND MATERIALS]])*WO_Data_Masterlist[[#This Row],[FREQUENCY (TIMES PER YEAR)]])+WO_Data_Masterlist[[#This Row],[ANNUAL ENERGY PER UNIT]], (((((WO_Data_Masterlist[[#This Row],[OPERATOR HOURS per TASK]]*$M$4)+(WO_Data_Masterlist[[#This Row],[TRUCK HOURS]]*$M$5))+WO_Data_Masterlist[[#This Row],[CONTRACTOR COST]]+WO_Data_Masterlist[[#This Row],[EQUIPMENT]]+WO_Data_Masterlist[[#This Row],[PARTS AND MATERIALS]])*WO_Data_Masterlist[[#This Row],[FREQUENCY (TIMES PER YEAR)]])+WO_Data_Masterlist[[#This Row],[ANNUAL ENERGY PER UNIT]])/WO_Data_Masterlist[[#This Row],[QUANTITY LINEAR INFRASTRUCTURE]]), 0) -> 508.39986
A49: WS04 | B49: WATER | C49: Storage | D49: Reservoir | E49: Annual Inspection and Maintenance of Water Storage Facility | F49: Annual | G49: 1 | H49: N/A | I49: 4 | J49: 1 | K49: 0 | L49: 10 | M49: 100 | N49: N/A | O49: =IFERROR(GETPIVOTDATA("ASSET GROUP",'TABLE OF CONTENTS'!$P$20,"ASSET COMPONENT",WO_Data_Masterlist[[#This Row],[ASSET COMPONENT]]), "N/A") -> N/A | P49: 0 | Q49: =IFERROR(WO_Data_Masterlist[[#This Row],[ANNUAL ENERGY PER UNIT]]*WO_Data_Masterlist[[#This Row],[QUANTITY NON-LINEAR INFRASTRUCTURE]], 0) -> 0 | R49: =IF(SUM(WO_Data_Masterlist[[#This Row],[QUANTITY LINEAR INFRASTRUCTURE]:[QUANTITY NON-LINEAR INFRASTRUCTURE]])>0, "YES", "NO") -> NO | S49: =IFERROR(IF(WO_Data_Masterlist[[#This Row],[QUANTITY LINEAR INFRASTRUCTURE]]="N/A", ((((WO_Data_Masterlist[[#This Row],[OPERATOR HOURS per TASK]]*$M$4)+(WO_Data_Masterlist[[#This Row],[TRUCK HOURS]]*$M$5))+WO_Data_Masterlist[[#This Row],[CONTRACTOR COST]]+WO_Data_Masterlist[[#This Row],[EQUIPMENT]]+WO_Data_Masterlist[[#This Row],[PARTS AND MATERIALS]])*WO_Data_Masterlist[[#This Row],[FREQUENCY (TIMES PER YEAR)]])+WO_Data_Masterlist[[#This Row],[ANNUAL ENERGY PER UNIT]], (((((WO_Data_Masterlist[[#This Row],[OPERATOR HOURS per TASK]]*$M$4)+(WO_Data_Masterlist[[#This Row],[TRUCK HOURS]]*$M$5))+WO_Data_Masterlist[[#This Row],[CONTRACTOR COST]]+WO_Data_Masterlist[[#This Row],[EQUIPMENT]]+WO_Data_Masterlist[[#This Row],[PARTS AND MATERIALS]])*WO_Data_Masterlist[[#This Row],[FREQUENCY (TIMES PER YEAR)]])+WO_Data_Masterlist[[#This Row],[ANNUAL ENERGY PER UNIT]])/WO_Data_Masterlist[[#This Row],[QUANTITY LINEAR INFRASTRUCTURE]]), 0) -> 250.46662
A50: WS05 | B50: WATER | C50: Storage | D50: Reservoir | E50: Three to Five year inspection and Maintenance of Storage Facility | F50: Every 3 Years | G50: =1/3 -> 0.33333333 | H50: N/A | I50: 8 | J50: 1 | K50: 0 | L50: 50 | M50: 200 | N50: N/A | O50: =IFERROR(GETPIVOTDATA("ASSET GROUP",'TABLE OF CONTENTS'!$P$20,"ASSET COMPONENT",WO_Data_Masterlist[[#This Row],[ASSET COMPONENT]]), "N/A") -> N/A | P50: 0 | Q50: =IFERROR(WO_Data_Masterlist[[#This Row],[ANNUAL ENERGY PER UNIT]]*WO_Data_Masterlist[[#This Row],[QUANTITY NON-LINEAR INFRASTRUCTURE]], 0) -> 0 | R50: =IF(SUM(WO_Data_Masterlist[[#This Row],[QUANTITY LINEAR INFRASTRUCTURE]:[QUANTITY NON-LINEAR INFRASTRUCTURE]])>0, "YES", "NO") -> NO | S50: =IFERROR(IF(WO_Data_Masterlist[[#This Row],[QUANTITY LINEAR INFRASTRUCTURE]]="N/A", ((((WO_Data_Masterlist[[#This Row],[OPERATOR HOURS per TASK]]*$M$4)+(WO_Data_Masterlist[[#This Row],[TRUCK HOURS]]*$M$5))+WO_Data_Masterlist[[#This Row],[CONTRACTOR COST]]+WO_Data_Masterlist[[#This Row],[EQUIPMENT]]+WO_Data_Masterlist[[#This Row],[PARTS AND MATERIALS]])*WO_Data_Masterlist[[#This Row],[FREQUENCY (TIMES PER YEAR)]])+WO_Data_Masterlist[[#This Row],[ANNUAL ENERGY PER UNIT]], (((((WO_Data_Masterlist[[#This Row],[OPERATOR HOURS per TASK]]*$M$4)+(WO_Data_Masterlist[[#This Row],[TRUCK HOURS]]*$M$5))+WO_Data_Masterlist[[#This Row],[CONTRACTOR COST]]+WO_Data_Masterlist[[#This Row],[EQUIPMENT]]+WO_Data_Masterlist[[#This Row],[PARTS AND MATERIALS]])*WO_Data_Masterlist[[#This Row],[FREQUENCY (TIMES PER YEAR)]])+WO_Data_Masterlist[[#This Row],[ANNUAL ENERGY PER UNIT]])/WO_Data_Masterlist[[#This Row],[QUANTITY LINEAR INFRASTRUCTURE]]), 0) -> 171.48887
A51: S01 | B51: SANITARY | C51: Collection | D51: Main | E51: Annual Sanitary Main Inspection | F51: Annual | G51: 1 | H51: N/A | I51: ='ii. WO Linear Infr. Mnt Hours'!G21 -> 40 | J51: =WO_Data_Masterlist[[#This Row],[OPERATOR HOURS per TASK]] -> 40 | K51: 0 | L51: 50 | M51: 200 | N51: =IFERROR(GETPIVOTDATA("LENGTH (m)",'2. ASSET INVENTORY - SANI MAIN'!$D$4,"ASSET COMPONENT","Main")/1000,0) -> 5 | O51: =IFERROR(GETPIVOTDATA("ASSET GROUP",'TABLE OF CONTENTS'!$P$20,"ASSET COMPONENT",WO_Data_Masterlist[[#This Row],[ASSET COMPONENT]]), "N/A") -> N/A | P51: 0 | Q51: =IFERROR(WO_Data_Masterlist[[#This Row],[ANNUAL ENERGY PER UNIT]]*WO_Data_Masterlist[[#This Row],[QUANTITY NON-LINEAR INFRASTRUCTURE]], 0) -> 0 | R51: =IF(SUM(WO_Data_Masterlist[[#This Row],[QUANTITY LINEAR INFRASTRUCTURE]:[QUANTITY NON-LINEAR INFRASTRUCTURE]])>0, "YES", "NO") -> YES | S51: =IFERROR(IF(WO_Data_Masterlist[[#This Row],[QUANTITY LINEAR INFRASTRUCTURE]]="N/A", ((((WO_Data_Masterlist[[#This Row],[OPERATOR HOURS per TASK]]*$M$4)+(WO_Data_Masterlist[[#This Row],[TRUCK HOURS]]*$M$5))+WO_Data_Masterlist[[#This Row],[CONTRACTOR COST]]+WO_Data_Masterlist[[#This Row],[EQUIPMENT]]+WO_Data_Masterlist[[#This Row],[PARTS AND MATERIALS]])*WO_Data_Masterlist[[#This Row],[FREQUENCY (TIMES PER YEAR)]])+WO_Data_Masterlist[[#This Row],[ANNUAL ENERGY PER UNIT]], (((((WO_Data_Masterlist[[#This Row],[OPERATOR HOURS per TASK]]*$M$4)+(WO_Data_Masterlist[[#This Row],[TRUCK HOURS]]*$M$5))+WO_Data_Masterlist[[#This Row],[CONTRACTOR COST]]+WO_Data_Masterlist[[#This Row],[EQUIPMENT]]+WO_Data_Masterlist[[#This Row],[PARTS AND MATERIALS]])*WO_Data_Masterlist[[#This Row],[FREQUENCY (TIMES PER YEAR)]])+WO_Data_Masterlist[[#This Row],[ANNUAL ENERGY PER UNIT]])/WO_Data_Masterlist[[#This Row],[QUANTITY LINEAR INFRASTRUCTURE]]), 0) -> 429.73297
A52: S02 | B52: SANITARY | C52: Collection | D52: Main | E52: Main Flushing and Cleaning | F52: Every 3 Years | G52: =1/3 -> 0.33333333 | H52: N/A | I52: ='ii. WO Linear Infr. Mnt Hours'!G27 -> 57 | J52: =WO_Data_Masterlist[[#This Row],[OPERATOR HOURS per TASK]] -> 57 | K52: 0 | L52: 75 | M52: 0 | N52: =IFERROR(GETPIVOTDATA("LENGTH (m)",'2. ASSET INVENTORY - SANI MAIN'!$D$4,"ASSET COMPONENT","Main")/1000,0) -> 5 | O52: =IFERROR(GETPIVOTDATA("ASSET GROUP",'TABLE OF CONTENTS'!$P$20,"ASSET COMPONENT",WO_Data_Masterlist[[#This Row],[ASSET COMPONENT]]), "N/A") -> N/A | P52: 0 | Q52: =IFERROR(WO_Data_Masterlist[[#This Row],[ANNUAL ENERGY PER UNIT]]*WO_Data_Masterlist[[#This Row],[QUANTITY NON-LINEAR INFRASTRUCTURE]], 0) -> 0 | R52: =IF(SUM(WO_Data_Masterlist[[#This Row],[QUANTITY LINEAR INFRASTRUCTURE]:[QUANTITY NON-LINEAR INFRASTRUCTURE]])>0, "YES", "NO") -> YES | S52: =IFERROR(IF(WO_Data_Masterlist[[#This Row],[QUANTITY LINEAR INFRASTRUCTURE]]="N/A", ((((WO_Data_Masterlist[[#This Row],[OPERATOR HOURS per TASK]]*$M$4)+(WO_Data_Masterlist[[#This Row],[TRUCK HOURS]]*$M$5))+WO_Data_Masterlist[[#This Row],[CONTRACTOR COST]]+WO_Data_Masterlist[[#This Row],[EQUIPMENT]]+WO_Data_Masterlist[[#This Row],[PARTS AND MATERIALS]])*WO_Data_Masterlist[[#This Row],[FREQUENCY (TIMES PER YEAR)]])+WO_Data_Masterlist[[#This Row],[ANNUAL ENERGY PER UNIT]], (((((WO_Data_Masterlist[[#This Row],[OPERATOR HOURS per TASK]]*$M$4)+(WO_Data_Masterlist[[#This Row],[TRUCK HOURS]]*$M$5))+WO_Data_Masterlist[[#This Row],[CONTRACTOR COST]]+WO_Data_Masterlist[[#This Row],[EQUIPMENT]]+WO_Data_Masterlist[[#This Row],[PARTS AND MATERIALS]])*WO_Data_Masterlist[[#This Row],[FREQUENCY (TIMES PER YEAR)]])+WO_Data_Masterlist[[#This Row],[ANNUAL ENERGY PER UNIT]])/WO_Data_Masterlist[[#This Row],[QUANTITY LINEAR INFRASTRUCTURE]]), 0) -> 185.37316
A53: S03 | B53: SANITARY | C53: Collection | D53: Main | E53: CCTV Inspection | F53: Every 10 Years | G53: =1/10 -> 0.1 | H53: 6.5 | I53: ='ii. WO Linear Infr. Mnt Hours'!G31 -> 11 | J53: =WO_Data_Masterlist[[#This Row],[OPERATOR HOURS per TASK]] -> 11 | K53: =WO_Data_Masterlist[[#This Row],[CONTRACTOR COST / UNIT]]*SUM(Table1356[LENGTH (m)]) -> 32500 | L53: 0 | M53: 0 | N53: =IFERROR(GETPIVOTDATA("LENGTH (m)",'2. ASSET INVENTORY - SANI MAIN'!$D$4,"ASSET COMPONENT","Main")/1000,0) -> 5 | O53: =IFERROR(GETPIVOTDATA("ASSET GROUP",'TABLE OF CONTENTS'!$P$20,"ASSET COMPONENT",WO_Data_Masterlist[[#This Row],[ASSET COMPONENT]]), "N/A") -> N/A | P53: 0 | Q53: =IFERROR(WO_Data_Masterlist[[#This Row],[ANNUAL ENERGY PER UNIT]]*WO_Data_Masterlist[[#This Row],[QUANTITY NON-LINEAR INFRASTRUCTURE]], 0) -> 0 | R53: =IF(SUM(WO_Data_Masterlist[[#This Row],[QUANTITY LINEAR INFRASTRUCTURE]:[QUANTITY NON-LINEAR INFRASTRUCTURE]])>0, "YES", "NO") -> YES | S53: =IFERROR(IF(WO_Data_Masterlist[[#This Row],[QUANTITY LINEAR INFRASTRUCTURE]]="N/A", ((((WO_Data_Masterlist[[#This Row],[OPERATOR HOURS per TASK]]*$M$4)+(WO_Data_Masterlist[[#This Row],[TRUCK HOURS]]*$M$5))+WO_Data_Masterlist[[#This Row],[CONTRACTOR COST]]+WO_Data_Masterlist[[#This Row],[EQUIPMENT]]+WO_Data_Masterlist[[#This Row],[PARTS AND MATERIALS]])*WO_Data_Masterlist[[#This Row],[FREQUENCY (TIMES PER YEAR)]])+WO_Data_Masterlist[[#This Row],[ANNUAL ENERGY PER UNIT]], (((((WO_Data_Masterlist[[#This Row],[OPERATOR HOURS per TASK]]*$M$4)+(WO_Data_Masterlist[[#This Row],[TRUCK HOURS]]*$M$5))+WO_Data_Masterlist[[#This Row],[CONTRACTOR COST]]+WO_Data_Masterlist[[#This Row],[EQUIPMENT]]+WO_Data_Masterlist[[#This Row],[PARTS AND MATERIALS]])*WO_Data_Masterlist[[#This Row],[FREQUENCY (TIMES PER YEAR)]])+WO_Data_Masterlist[[#This Row],[ANNUAL ENERGY PER UNIT]])/WO_Data_Masterlist[[#This Row],[QUANTITY LINEAR INFRASTRUCTURE]]), 0) -> 660.44266
A54: S04 | B54: SANITARY | C54: Collection | D54: Main | E54: Vac Truck | F54: As Required | G54: 1 | H54: N/A | I54: 0 | J54: 0 | K54: 1500 | L54: 0 | M54: 0 | N54: =IFERROR(GETPIVOTDATA("LENGTH (m)",'2. ASSET INVENTORY - SANI MAIN'!$D$4,"ASSET COMPONENT","Main")/1000,0) -> 5 | O54: =IFERROR(GETPIVOTDATA("ASSET GROUP",'TABLE OF CONTENTS'!$P$20,"ASSET COMPONENT",WO_Data_Masterlist[[#This Row],[ASSET COMPONENT]]), "N/A") -> N/A | P54: 0 | Q54: =IFERROR(WO_Data_Masterlist[[#This Row],[ANNUAL ENERGY PER UNIT]]*WO_Data_Masterlist[[#This Row],[QUANTITY NON-LINEAR INFRASTRUCTURE]], 0) -> 0 | R54: =IF(SUM(WO_Data_Masterlist[[#This Row],[QUANTITY LINEAR INFRASTRUCTURE]:[QUANTITY NON-LINEAR INFRASTRUCTURE]])>0, "YES", "NO") -> YES | S54: =IFERROR(IF(WO_Data_Masterlist[[#This Row],[QUANTITY LINEAR INFRASTRUCTURE]]="N/A", ((((WO_Data_Masterlist[[#This Row],[OPERATOR HOURS per TASK]]*$M$4)+(WO_Data_Masterlist[[#This Row],[TRUCK HOURS]]*$M$5))+WO_Data_Masterlist[[#This Row],[CONTRACTOR COST]]+WO_Data_Masterlist[[#This Row],[EQUIPMENT]]+WO_Data_Masterlist[[#This Row],[PARTS AND MATERIALS]])*WO_Data_Masterlist[[#This Row],[FREQUENCY (TIMES PER YEAR)]])+WO_Data_Masterlist[[#This Row],[ANNUAL ENERGY PER UNIT]], (((((WO_Data_Masterlist[[#This Row],[OPERATOR HOURS per TASK]]*$M$4)+(WO_Data_Masterlist[[#This Row],[TRUCK HOURS]]*$M$5))+WO_Data_Masterlist[[#This Row],[CONTRACTOR COST]]+WO_Data_Masterlist[[#This Row],[EQUIPMENT]]+WO_Data_Masterlist[[#This Row],[PARTS AND MATERIALS]])*WO_Data_Masterlist[[#This Row],[FREQUENCY (TIMES PER YEAR)]])+WO_Data_Masterlist[[#This Row],[ANNUAL ENERGY PER UNIT]])/WO_Data_Masterlist[[#This Row],[QUANTITY LINEAR INFRASTRUCTURE]]), 0) -> 300
A55: S05 | B55: SANITARY | C55: Collection | D55: Forcemain | E55: Annual Forcemain Inspection | F55: Annual | G55: 1 | H55: N/A | I55: ='ii. WO Linear Infr. Mnt Hours'!G36 -> 1 | J55: =WO_Data_Masterlist[[#This Row],[OPERATOR HOURS per TASK]] -> 1 | K55: 0 | L55: ='ii. WO Linear Infr. Mnt Hours'!L36 -> 100 | M55: ='ii. WO Linear Infr. Mnt Hours'!M36 -> 50 | N55: =IFERROR(GETPIVOTDATA("LENGTH (m)",'2. ASSET INVENTORY - SANI MAIN'!$D$4,"ASSET COMPONENT","Forcemain")/1000,0) -> 0 | O55: =IFERROR(GETPIVOTDATA("ASSET GROUP",'TABLE OF CONTENTS'!$P$20,"ASSET COMPONENT",WO_Data_Masterlist[[#This Row],[ASSET COMPONENT]]), "N/A") -> N/A | P55: 0 | Q55: =IFERROR(WO_Data_Masterlist[[#This Row],[ANNUAL ENERGY PER UNIT]]*WO_Data_Masterlist[[#This Row],[QUANTITY NON-LINEAR INFRASTRUCTURE]], 0) -> 0 | R55: =IF(SUM(WO_Data_Masterlist[[#This Row],[QUANTITY LINEAR INFRASTRUCTURE]:[QUANTITY NON-LINEAR INFRASTRUCTURE]])>0, "YES", "NO") -> NO | S55: =IFERROR(IF(WO_Data_Masterlist[[#This Row],[QUANTITY LINEAR INFRASTRUCTURE]]="N/A", ((((WO_Data_Masterlist[[#This Row],[OPERATOR HOURS per TASK]]*$M$4)+(WO_Data_Masterlist[[#This Row],[TRUCK HOURS]]*$M$5))+WO_Data_Masterlist[[#This Row],[CONTRACTOR COST]]+WO_Data_Masterlist[[#This Row],[EQUIPMENT]]+WO_Data_Masterlist[[#This Row],[PARTS AND MATERIALS]])*WO_Data_Masterlist[[#This Row],[FREQUENCY (TIMES PER YEAR)]])+WO_Data_Masterlist[[#This Row],[ANNUAL ENERGY PER UNIT]], (((((WO_Data_Masterlist[[#This Row],[OPERATOR HOURS per TASK]]*$M$4)+(WO_Data_Masterlist[[#This Row],[TRUCK HOURS]]*$M$5))+WO_Data_Masterlist[[#This Row],[CONTRACTOR COST]]+WO_Data_Masterlist[[#This Row],[EQUIPMENT]]+WO_Data_Masterlist[[#This Row],[PARTS AND MATERIALS]])*WO_Data_Masterlist[[#This Row],[FREQUENCY (TIMES PER YEAR)]])+WO_Data_Masterlist[[#This Row],[ANNUAL ENERGY PER UNIT]])/WO_Data_Masterlist[[#This Row],[QUANTITY LINEAR INFRASTRUCTURE]]), 0) -> 0
A56: S06 | B56: SANITARY | C56: Collection | D56: Backflow Preventor | E56: Annual Backflow Preventor Inspection and Maintenance | F56: Annual | G56: 1 | H56: N/A | I56: 1 | J56: =WO_Data_Masterlist[[#This Row],[OPERATOR HOURS per TASK]] -> 1 | K56: 1500 | L56: 0 | M56: 0 | N56: N/A | O56: =IFERROR(GETPIVOTDATA("ASSET GROUP",'TABLE OF CONTENTS'!$P$20,"ASSET COMPONENT",WO_Data_Masterlist[[#This Row],[ASSET COMPONENT]]), "N/A") -> N/A | P56: 0 | Q56: =IFERROR(WO_Data_Masterlist[[#This Row],[ANNUAL ENERGY PER UNIT]]*WO_Data_Masterlist[[#This Row],[QUANTITY NON-LINEAR INFRASTRUCTURE]], 0) -> 0 | R56: =IF(SUM(WO_Data_Masterlist[[#This Row],[QUANTITY LINEAR INFRASTRUCTURE]:[QUANTITY NON-LINEAR INFRASTRUCTURE]])>0, "YES", "NO") -> NO | S56: =IFERROR(IF(WO_Data_Masterlist[[#This Row],[QUANTITY LINEAR INFRASTRUCTURE]]="N/A", ((((WO_Data_Masterlist[[#This Row],[OPERATOR HOURS per TASK]]*$M$4)+(WO_Data_Masterlist[[#This Row],[TRUCK HOURS]]*$M$5))+WO_Data_Masterlist[[#This Row],[CONTRACTOR COST]]+WO_Data_Masterlist[[#This Row],[EQUIPMENT]]+WO_Data_Masterlist[[#This Row],[PARTS AND MATERIALS]])*WO_Data_Masterlist[[#This Row],[FREQUENCY (TIMES PER YEAR)]])+WO_Data_Masterlist[[#This Row],[ANNUAL ENERGY PER UNIT]], (((((WO_Data_Masterlist[[#This Row],[OPERATOR HOURS per TASK]]*$M$4)+(WO_Data_Masterlist[[#This Row],[TRUCK HOURS]]*$M$5))+WO_Data_Masterlist[[#This Row],[CONTRACTOR COST]]+WO_Data_Masterlist[[#This Row],[EQUIPMENT]]+WO_Data_Masterlist[[#This Row],[PARTS AND MATERIALS]])*WO_Data_Masterlist[[#This Row],[FREQUENCY (TIMES PER YEAR)]])+WO_Data_Masterlist[[#This Row],[ANNUAL ENERGY PER UNIT]])/WO_Data_Masterlist[[#This Row],[QUANTITY LINEAR INFRASTRUCTURE]]), 0) -> 1547.4666
A57: S07 | B57: SANITARY | C57: Collection | D57: Air Release Valve | E57: Annual Sanitary Air Release Valve Inspection and Maintenance | F57: Annual | G57: 1 | H57: N/A | I57: 0.5 | J57: =WO_Data_Masterlist[[#This Row],[OPERATOR HOURS per TASK]] -> 0.5 | K57: 0 | L57: 0 | M57: 0 | N57: N/A | O57: =IFERROR(GETPIVOTDATA("ASSET GROUP",'TABLE OF CONTENTS'!$P$20,"ASSET COMPONENT",WO_Data_Masterlist[[#This Row],[ASSET COMPONENT]]), "N/A") -> 1 | P57: 0 | Q57: =IFERROR(WO_Data_Masterlist[[#This Row],[ANNUAL ENERGY PER UNIT]]*WO_Data_Masterlist[[#This Row],[QUANTITY NON-LINEAR INFRASTRUCTURE]], 0) -> 0 | R57: =IF(SUM(WO_Data_Masterlist[[#This Row],[QUANTITY LINEAR INFRASTRUCTURE]:[QUANTITY NON-LINEAR INFRASTRUCTURE]])>0, "YES", "NO") -> YES | S57: =IFERROR(IF(WO_Data_Masterlist[[#This Row],[QUANTITY LINEAR INFRASTRUCTURE]]="N/A", ((((WO_Data_Masterlist[[#This Row],[OPERATOR HOURS per TASK]]*$M$4)+(WO_Data_Masterlist[[#This Row],[TRUCK HOURS]]*$M$5))+WO_Data_Masterlist[[#This Row],[CONTRACTOR COST]]+WO_Data_Masterlist[[#This Row],[EQUIPMENT]]+WO_Data_Masterlist[[#This Row],[PARTS AND MATERIALS]])*WO_Data_Masterlist[[#This Row],[FREQUENCY (TIMES PER YEAR)]])+WO_Data_Masterlist[[#This Row],[ANNUAL ENERGY PER UNIT]], (((((WO_Data_Masterlist[[#This Row],[OPERATOR HOURS per TASK]]*$M$4)+(WO_Data_Masterlist[[#This Row],[TRUCK HOURS]]*$M$5))+WO_Data_Masterlist[[#This Row],[CONTRACTOR COST]]+WO_Data_Masterlist[[#This Row],[EQUIPMENT]]+WO_Data_Masterlist[[#This Row],[PARTS AND MATERIALS]])*WO_Data_Masterlist[[#This Row],[FREQUENCY (TIMES PER YEAR)]])+WO_Data_Masterlist[[#This Row],[ANNUAL ENERGY PER UNIT]])/WO_Data_Masterlist[[#This Row],[QUANTITY LINEAR INFRASTRUCTURE]]), 0) -> 23.73331
A58: LS01 | B58: SANITARY | C58: Collection | D58: Lift Station | E58: Lift Station Weekly Inspection | F58: Weekly | G58: 40 | H58: N/A | I58: 1 | J58: 1 | K58: 0 | L58: 0 | M58: 50 | N58: N/A | O58: =IFERROR(GETPIVOTDATA("ASSET GROUP",'TABLE OF CONTENTS'!$P$20,"ASSET COMPONENT",WO_Data_Masterlist[[#This Row],[ASSET COMPONENT]]), "N/A") -> N/A | P58: 0 | Q58: =IFERROR(WO_Data_Masterlist[[#This Row],[ANNUAL ENERGY PER UNIT]]*WO_Data_Masterlist[[#This Row],[QUANTITY NON-LINEAR INFRASTRUCTURE]], 0) -> 0 | R58: =IF(SUM(WO_Data_Masterlist[[#This Row],[QUANTITY LINEAR INFRASTRUCTURE]:[QUANTITY NON-LINEAR INFRASTRUCTURE]])>0, "YES", "NO") -> NO | S58: =IFERROR(IF(WO_Data_Masterlist[[#This Row],[QUANTITY LINEAR INFRASTRUCTURE]]="N/A", ((((WO_Data_Masterlist[[#This Row],[OPERATOR HOURS per TASK]]*$M$4)+(WO_Data_Masterlist[[#This Row],[TRUCK HOURS]]*$M$5))+WO_Data_Masterlist[[#This Row],[CONTRACTOR COST]]+WO_Data_Masterlist[[#This Row],[EQUIPMENT]]+WO_Data_Masterlist[[#This Row],[PARTS AND MATERIALS]])*WO_Data_Masterlist[[#This Row],[FREQUENCY (TIMES PER YEAR)]])+WO_Data_Masterlist[[#This Row],[ANNUAL ENERGY PER UNIT]], (((((WO_Data_Masterlist[[#This Row],[OPERATOR HOURS per TASK]]*$M$4)+(WO_Data_Masterlist[[#This Row],[TRUCK HOURS]]*$M$5))+WO_Data_Masterlist[[#This Row],[CONTRACTOR COST]]+WO_Data_Masterlist[[#This Row],[EQUIPMENT]]+WO_Data_Masterlist[[#This Row],[PARTS AND MATERIALS]])*WO_Data_Masterlist[[#This Row],[FREQUENCY (TIMES PER YEAR)]])+WO_Data_Masterlist[[#This Row],[ANNUAL ENERGY PER UNIT]])/WO_Data_Masterlist[[#This Row],[QUANTITY LINEAR INFRASTRUCTURE]]), 0) -> 3898.6648
A59: LS02 | B59: SANITARY | C59: Collection | D59: Lift Station | E59: Lift Station Monthly Inspection | F59: Monthly | G59: 8 | H59: N/A | I59: 1.5 | J59: 1 | K59: 0 | L59: 0 | M59: 50 | N59: N/A | O59: =IFERROR(GETPIVOTDATA("ASSET GROUP",'TABLE OF CONTENTS'!$P$20,"ASSET COMPONENT",WO_Data_Masterlist[[#This Row],[ASSET COMPONENT]]), "N/A") -> N/A | P59: 0 | Q59: =IFERROR(WO_Data_Masterlist[[#This Row],[ANNUAL ENERGY PER UNIT]]*WO_Data_Masterlist[[#This Row],[QUANTITY NON-LINEAR INFRASTRUCTURE]], 0) -> 0 | R59: =IF(SUM(WO_Data_Masterlist[[#This Row],[QUANTITY LINEAR INFRASTRUCTURE]:[QUANTITY NON-LINEAR INFRASTRUCTURE]])>0, "YES", "NO") -> NO | S59: =IFERROR(IF(WO_Data_Masterlist[[#This Row],[QUANTITY LINEAR INFRASTRUCTURE]]="N/A", ((((WO_Data_Masterlist[[#This Row],[OPERATOR HOURS per TASK]]*$M$4)+(WO_Data_Masterlist[[#This Row],[TRUCK HOURS]]*$M$5))+WO_Data_Masterlist[[#This Row],[CONTRACTOR COST]]+WO_Data_Masterlist[[#This Row],[EQUIPMENT]]+WO_Data_Masterlist[[#This Row],[PARTS AND MATERIALS]])*WO_Data_Masterlist[[#This Row],[FREQUENCY (TIMES PER YEAR)]])+WO_Data_Masterlist[[#This Row],[ANNUAL ENERGY PER UNIT]], (((((WO_Data_Masterlist[[#This Row],[OPERATOR HOURS per TASK]]*$M$4)+(WO_Data_Masterlist[[#This Row],[TRUCK HOURS]]*$M$5))+WO_Data_Masterlist[[#This Row],[CONTRACTOR COST]]+WO_Data_Masterlist[[#This Row],[EQUIPMENT]]+WO_Data_Masterlist[[#This Row],[PARTS AND MATERIALS]])*WO_Data_Masterlist[[#This Row],[FREQUENCY (TIMES PER YEAR)]])+WO_Data_Masterlist[[#This Row],[ANNUAL ENERGY PER UNIT]])/WO_Data_Masterlist[[#This Row],[QUANTITY LINEAR INFRASTRUCTURE]]), 0) -> 903.73297
A60: LS03 | B60: SANITARY | C60: Collection | D60: Lift Station | E60: Lift Station Quarterly Inspection and Maintenance | F60: Quarterly | G60: 2 | H60: N/A | I60: 3 | J60: 1 | K60: 0 | L60: 50 | M60: 150 | N60: N/A | O60: =IFERROR(GETPIVOTDATA("ASSET GROUP",'TABLE OF CONTENTS'!$P$20,"ASSET COMPONENT",WO_Data_Masterlist[[#This Row],[ASSET COMPONENT]]), "N/A") -> N/A | P60: 0 | Q60: =IFERROR(WO_Data_Masterlist[[#This Row],[ANNUAL ENERGY PER UNIT]]*WO_Data_Masterlist[[#This Row],[QUANTITY NON-LINEAR INFRASTRUCTURE]], 0) -> 0 | R60: =IF(SUM(WO_Data_Masterlist[[#This Row],[QUANTITY LINEAR INFRASTRUCTURE]:[QUANTITY NON-LINEAR INFRASTRUCTURE]])>0, "YES", "NO") -> NO | S60: =IFERROR(IF(WO_Data_Masterlist[[#This Row],[QUANTITY LINEAR INFRASTRUCTURE]]="N/A", ((((WO_Data_Masterlist[[#This Row],[OPERATOR HOURS per TASK]]*$M$4)+(WO_Data_Masterlist[[#This Row],[TRUCK HOURS]]*$M$5))+WO_Data_Masterlist[[#This Row],[CONTRACTOR COST]]+WO_Data_Masterlist[[#This Row],[EQUIPMENT]]+WO_Data_Masterlist[[#This Row],[PARTS AND MATERIALS]])*WO_Data_Masterlist[[#This Row],[FREQUENCY (TIMES PER YEAR)]])+WO_Data_Masterlist[[#This Row],[ANNUAL ENERGY PER UNIT]], (((((WO_Data_Masterlist[[#This Row],[OPERATOR HOURS per TASK]]*$M$4)+(WO_Data_Masterlist[[#This Row],[TRUCK HOURS]]*$M$5))+WO_Data_Masterlist[[#This Row],[CONTRACTOR COST]]+WO_Data_Masterlist[[#This Row],[EQUIPMENT]]+WO_Data_Masterlist[[#This Row],[PARTS AND MATERIALS]])*WO_Data_Masterlist[[#This Row],[FREQUENCY (TIMES PER YEAR)]])+WO_Data_Masterlist[[#This Row],[ANNUAL ENERGY PER UNIT]])/WO_Data_Masterlist[[#This Row],[QUANTITY LINEAR INFRASTRUCTURE]]), 0) -> 618.93324
A61: LS04 | B61: SANITARY | C61: Collection | D61: Lift Station | E61: Lift Station Semi-Annual Inspection and Maintenance | F61: Semi-Annual | G61: 1 | H61: N/A | I61: 6 | J61: 1 | K61: 0 | L61: 50 | M61: 100 | N61: N/A | O61: =IFERROR(GETPIVOTDATA("ASSET GROUP",'TABLE OF CONTENTS'!$P$20,"ASSET COMPONENT",WO_Data_Masterlist[[#This Row],[ASSET COMPONENT]]), "N/A") -> N/A | P61: 0 | Q61: =IFERROR(WO_Data_Masterlist[[#This Row],[ANNUAL ENERGY PER UNIT]]*WO_Data_Masterlist[[#This Row],[QUANTITY NON-LINEAR INFRASTRUCTURE]], 0) -> 0 | R61: =IF(SUM(WO_Data_Masterlist[[#This Row],[QUANTITY LINEAR INFRASTRUCTURE]:[QUANTITY NON-LINEAR INFRASTRUCTURE]])>0, "YES", "NO") -> NO | S61: =IFERROR(IF(WO_Data_Masterlist[[#This Row],[QUANTITY LINEAR INFRASTRUCTURE]]="N/A", ((((WO_Data_Masterlist[[#This Row],[OPERATOR HOURS per TASK]]*$M$4)+(WO_Data_Masterlist[[#This Row],[TRUCK HOURS]]*$M$5))+WO_Data_Masterlist[[#This Row],[CONTRACTOR COST]]+WO_Data_Masterlist[[#This Row],[EQUIPMENT]]+WO_Data_Masterlist[[#This Row],[PARTS AND MATERIALS]])*WO_Data_Masterlist[[#This Row],[FREQUENCY (TIMES PER YEAR)]])+WO_Data_Masterlist[[#This Row],[ANNUAL ENERGY PER UNIT]], (((((WO_Data_Masterlist[[#This Row],[OPERATOR HOURS per TASK]]*$M$4)+(WO_Data_Masterlist[[#This Row],[TRUCK HOURS]]*$M$5))+WO_Data_Masterlist[[#This Row],[CONTRACTOR COST]]+WO_Data_Masterlist[[#This Row],[EQUIPMENT]]+WO_Data_Masterlist[[#This Row],[PARTS AND MATERIALS]])*WO_Data_Masterlist[[#This Row],[FREQUENCY (TIMES PER YEAR)]])+WO_Data_Masterlist[[#This Row],[ANNUAL ENERGY PER UNIT]])/WO_Data_Masterlist[[#This Row],[QUANTITY LINEAR INFRASTRUCTURE]]), 0) -> 352.46662
A62: LS05 | B62: SANITARY | C62: Collection | D62: Lift Station | E62: Lift Station Annual Inspection and Maintenance | F62: Annual | G62: 1 | H62: N/A | I62: 8 | J62: 1 | K62: 0 | L62: 600 | M62: 900 | N62: N/A | O62: =IFERROR(GETPIVOTDATA("ASSET GROUP",'TABLE OF CONTENTS'!$P$20,"ASSET COMPONENT",WO_Data_Masterlist[[#This Row],[ASSET COMPONENT]]), "N/A") -> N/A | P62: 1300 | Q62: =IFERROR(WO_Data_Masterlist[[#This Row],[ANNUAL ENERGY PER UNIT]]*WO_Data_Masterlist[[#This Row],[QUANTITY NON-LINEAR INFRASTRUCTURE]], 0) -> 0 | R62: =IF(SUM(WO_Data_Masterlist[[#This Row],[QUANTITY LINEAR INFRASTRUCTURE]:[QUANTITY NON-LINEAR INFRASTRUCTURE]])>0, "YES", "NO") -> NO | S62: =IFERROR(IF(WO_Data_Masterlist[[#This Row],[QUANTITY LINEAR INFRASTRUCTURE]]="N/A", ((((WO_Data_Masterlist[[#This Row],[OPERATOR HOURS per TASK]]*$M$4)+(WO_Data_Masterlist[[#This Row],[TRUCK HOURS]]*$M$5))+WO_Data_Masterlist[[#This Row],[CONTRACTOR COST]]+WO_Data_Masterlist[[#This Row],[EQUIPMENT]]+WO_Data_Masterlist[[#This Row],[PARTS AND MATERIALS]])*WO_Data_Masterlist[[#This Row],[FREQUENCY (TIMES PER YEAR)]])+WO_Data_Masterlist[[#This Row],[ANNUAL ENERGY PER UNIT]], (((((WO_Data_Masterlist[[#This Row],[OPERATOR HOURS per TASK]]*$M$4)+(WO_Data_Masterlist[[#This Row],[TRUCK HOURS]]*$M$5))+WO_Data_Masterlist[[#This Row],[CONTRACTOR COST]]+WO_Data_Masterlist[[#This Row],[EQUIPMENT]]+WO_Data_Masterlist[[#This Row],[PARTS AND MATERIALS]])*WO_Data_Masterlist[[#This Row],[FREQUENCY (TIMES PER YEAR)]])+WO_Data_Masterlist[[#This Row],[ANNUAL ENERGY PER UNIT]])/WO_Data_Masterlist[[#This Row],[QUANTITY LINEAR INFRASTRUCTURE]]), 0) -> 3064.4666
A63: LS06 | B63: SANITARY | C63: Collection | D63: Lift Station | E63: Pump out and flush wet well - vac truck | F63: Annual | G63: 1 | H63: N/A | I63: 1 | J63: 1 | K63: 2500 | L63: 0 | M63: 0 | N63: N/A | O63: =IFERROR(GETPIVOTDATA("ASSET GROUP",'TABLE OF CONTENTS'!$P$20,"ASSET COMPONENT",WO_Data_Masterlist[[#This Row],[ASSET COMPONENT]]), "N/A") -> N/A | P63: 0 | Q63: =IFERROR(WO_Data_Masterlist[[#This Row],[ANNUAL ENERGY PER UNIT]]*WO_Data_Masterlist[[#This Row],[QUANTITY NON-LINEAR INFRASTRUCTURE]], 0) -> 0 | R63: =IF(SUM(WO_Data_Masterlist[[#This Row],[QUANTITY LINEAR INFRASTRUCTURE]:[QUANTITY NON-LINEAR INFRASTRUCTURE]])>0, "YES", "NO") -> NO | S63: =IFERROR(IF(WO_Data_Masterlist[[#This Row],[QUANTITY LINEAR INFRASTRUCTURE]]="N/A", ((((WO_Data_Masterlist[[#This Row],[OPERATOR HOURS per TASK]]*$M$4)+(WO_Data_Masterlist[[#This Row],[TRUCK HOURS]]*$M$5))+WO_Data_Masterlist[[#This Row],[CONTRACTOR COST]]+WO_Data_Masterlist[[#This Row],[EQUIPMENT]]+WO_Data_Masterlist[[#This Row],[PARTS AND MATERIALS]])*WO_Data_Masterlist[[#This Row],[FREQUENCY (TIMES PER YEAR)]])+WO_Data_Masterlist[[#This Row],[ANNUAL ENERGY PER UNIT]], (((((WO_Data_Masterlist[[#This Row],[OPERATOR HOURS per TASK]]*$M$4)+(WO_Data_Masterlist[[#This Row],[TRUCK HOURS]]*$M$5))+WO_Data_Masterlist[[#This Row],[CONTRACTOR COST]]+WO_Data_Masterlist[[#This Row],[EQUIPMENT]]+WO_Data_Masterlist[[#This Row],[PARTS AND MATERIALS]])*WO_Data_Masterlist[[#This Row],[FREQUENCY (TIMES PER YEAR)]])+WO_Data_Masterlist[[#This Row],[ANNUAL ENERGY PER UNIT]])/WO_Data_Masterlist[[#This Row],[QUANTITY LINEAR INFRASTRUCTURE]]), 0) -> 2547.4666
A64: GEN01 | B64: OTHER | C64: Electrical | D64: Backup Generator | E64: Monthly Generator Maintenance | F64: Monthly | G64: 12 | H64: N/A | I64: 1 | J64: 0 | K64: 0 | L64: 0 | M64: 50 | N64: N/A | O64: =IFERROR(GETPIVOTDATA("ASSET GROUP",'TABLE OF CONTENTS'!$P$20,"ASSET COMPONENT",WO_Data_Masterlist[[#This Row],[ASSET COMPONENT]]), "N/A") -> N/A | P64: 0 | Q64: =IFERROR(WO_Data_Masterlist[[#This Row],[ANNUAL ENERGY PER UNIT]]*WO_Data_Masterlist[[#This Row],[QUANTITY NON-LINEAR INFRASTRUCTURE]], 0) -> 0 | R64: =IF(SUM(WO_Data_Masterlist[[#This Row],[QUANTITY LINEAR INFRASTRUCTURE]:[QUANTITY NON-LINEAR INFRASTRUCTURE]])>0, "YES", "NO") -> NO | S64: =IFERROR(IF(WO_Data_Masterlist[[#This Row],[QUANTITY LINEAR INFRASTRUCTURE]]="N/A", ((((WO_Data_Masterlist[[#This Row],[OPERATOR HOURS per TASK]]*$M$4)+(WO_Data_Masterlist[[#This Row],[TRUCK HOURS]]*$M$5))+WO_Data_Masterlist[[#This Row],[CONTRACTOR COST]]+WO_Data_Masterlist[[#This Row],[EQUIPMENT]]+WO_Data_Masterlist[[#This Row],[PARTS AND MATERIALS]])*WO_Data_Masterlist[[#This Row],[FREQUENCY (TIMES PER YEAR)]])+WO_Data_Masterlist[[#This Row],[ANNUAL ENERGY PER UNIT]], (((((WO_Data_Masterlist[[#This Row],[OPERATOR HOURS per TASK]]*$M$4)+(WO_Data_Masterlist[[#This Row],[TRUCK HOURS]]*$M$5))+WO_Data_Masterlist[[#This Row],[CONTRACTOR COST]]+WO_Data_Masterlist[[#This Row],[EQUIPMENT]]+WO_Data_Masterlist[[#This Row],[PARTS AND MATERIALS]])*WO_Data_Masterlist[[#This Row],[FREQUENCY (TIMES PER YEAR)]])+WO_Data_Masterlist[[#This Row],[ANNUAL ENERGY PER UNIT]])/WO_Data_Masterlist[[#This Row],[QUANTITY LINEAR INFRASTRUCTURE]]), 0) -> 972
A65: GEN02 | B65: OTHER | C65: Electrical | D65: Backup Generator | E65: Generator Servicing | F65: As Required | G65: 1 | H65: N/A | I65: 2 | J65: 0 | K65: 600 | L65: 0 | M65: 0 | N65: N/A | O65: =IFERROR(GETPIVOTDATA("ASSET GROUP",'TABLE OF CONTENTS'!$P$20,"ASSET COMPONENT",WO_Data_Masterlist[[#This Row],[ASSET COMPONENT]]), "N/A") -> N/A | P65: 0 | Q65: =IFERROR(WO_Data_Masterlist[[#This Row],[ANNUAL ENERGY PER UNIT]]*WO_Data_Masterlist[[#This Row],[QUANTITY NON-LINEAR INFRASTRUCTURE]], 0) -> 0 | R65: =IF(SUM(WO_Data_Masterlist[[#This Row],[QUANTITY LINEAR INFRASTRUCTURE]:[QUANTITY NON-LINEAR INFRASTRUCTURE]])>0, "YES", "NO") -> NO | S65: =IFERROR(IF(WO_Data_Masterlist[[#This Row],[QUANTITY LINEAR INFRASTRUCTURE]]="N/A", ((((WO_Data_Masterlist[[#This Row],[OPERATOR HOURS per TASK]]*$M$4)+(WO_Data_Masterlist[[#This Row],[TRUCK HOURS]]*$M$5))+WO_Data_Masterlist[[#This Row],[CONTRACTOR COST]]+WO_Data_Masterlist[[#This Row],[EQUIPMENT]]+WO_Data_Masterlist[[#This Row],[PARTS AND MATERIALS]])*WO_Data_Masterlist[[#This Row],[FREQUENCY (TIMES PER YEAR)]])+WO_Data_Masterlist[[#This Row],[ANNUAL ENERGY PER UNIT]], (((((WO_Data_Masterlist[[#This Row],[OPERATOR HOURS per TASK]]*$M$4)+(WO_Data_Masterlist[[#This Row],[TRUCK HOURS]]*$M$5))+WO_Data_Masterlist[[#This Row],[CONTRACTOR COST]]+WO_Data_Masterlist[[#This Row],[EQUIPMENT]]+WO_Data_Masterlist[[#This Row],[PARTS AND MATERIALS]])*WO_Data_Masterlist[[#This Row],[FREQUENCY (TIMES PER YEAR)]])+WO_Data_Masterlist[[#This Row],[ANNUAL ENERGY PER UNIT]])/WO_Data_Masterlist[[#This Row],[QUANTITY LINEAR INFRASTRUCTURE]]), 0) -> 662
A66: ST01 | B66: SANITARY | C66: Treatment | D66: Lagoon | E66: Bi-Annual Lagoon Inspection | F66: Bi-Annual | G66: 2 | H66: N/A | I66: 3 | J66: 0.5 | K66: 0 | L66: 100 | M66: 150 | N66: N/A | O66: =IFERROR(GETPIVOTDATA("ASSET GROUP",'TABLE OF CONTENTS'!$P$20,"ASSET COMPONENT",WO_Data_Masterlist[[#This Row],[ASSET COMPONENT]]), "N/A") -> N/A | P66: 0 | Q66: =IFERROR(WO_Data_Masterlist[[#This Row],[ANNUAL ENERGY PER UNIT]]*WO_Data_Masterlist[[#This Row],[QUANTITY NON-LINEAR INFRASTRUCTURE]], 0) -> 0 | R66: =IF(SUM(WO_Data_Masterlist[[#This Row],[QUANTITY LINEAR INFRASTRUCTURE]:[QUANTITY NON-LINEAR INFRASTRUCTURE]])>0, "YES", "NO") -> NO | S66: =IFERROR(IF(WO_Data_Masterlist[[#This Row],[QUANTITY LINEAR INFRASTRUCTURE]]="N/A", ((((WO_Data_Masterlist[[#This Row],[OPERATOR HOURS per TASK]]*$M$4)+(WO_Data_Masterlist[[#This Row],[TRUCK HOURS]]*$M$5))+WO_Data_Masterlist[[#This Row],[CONTRACTOR COST]]+WO_Data_Masterlist[[#This Row],[EQUIPMENT]]+WO_Data_Masterlist[[#This Row],[PARTS AND MATERIALS]])*WO_Data_Masterlist[[#This Row],[FREQUENCY (TIMES PER YEAR)]])+WO_Data_Masterlist[[#This Row],[ANNUAL ENERGY PER UNIT]], (((((WO_Data_Masterlist[[#This Row],[OPERATOR HOURS per TASK]]*$M$4)+(WO_Data_Masterlist[[#This Row],[TRUCK HOURS]]*$M$5))+WO_Data_Masterlist[[#This Row],[CONTRACTOR COST]]+WO_Data_Masterlist[[#This Row],[EQUIPMENT]]+WO_Data_Masterlist[[#This Row],[PARTS AND MATERIALS]])*WO_Data_Masterlist[[#This Row],[FREQUENCY (TIMES PER YEAR)]])+WO_Data_Masterlist[[#This Row],[ANNUAL ENERGY PER UNIT]])/WO_Data_Masterlist[[#This Row],[QUANTITY LINEAR INFRASTRUCTURE]]), 0) -> 702.46662
A67: ST02 | B67: SANITARY | C67: Treatment | D67: Lagoon | E67: Monthly Lagoon Facility Inspection | F67: Monthly | G67: 10 | H67: N/A | I67: 1.5 | J67: 1 | K67: 0 | L67: 100 | M67: 100 | N67: N/A | O67: =IFERROR(GETPIVOTDATA("ASSET GROUP",'TABLE OF CONTENTS'!$P$20,"ASSET COMPONENT",WO_Data_Masterlist[[#This Row],[ASSET COMPONENT]]), "N/A") -> N/A | P67: 0 | Q67: =IFERROR(WO_Data_Masterlist[[#This Row],[ANNUAL ENERGY PER UNIT]]*WO_Data_Masterlist[[#This Row],[QUANTITY NON-LINEAR INFRASTRUCTURE]], 0) -> 0 | R67: =IF(SUM(WO_Data_Masterlist[[#This Row],[QUANTITY LINEAR INFRASTRUCTURE]:[QUANTITY NON-LINEAR INFRASTRUCTURE]])>0, "YES", "NO") -> NO | S67: =IFERROR(IF(WO_Data_Masterlist[[#This Row],[QUANTITY LINEAR INFRASTRUCTURE]]="N/A", ((((WO_Data_Masterlist[[#This Row],[OPERATOR HOURS per TASK]]*$M$4)+(WO_Data_Masterlist[[#This Row],[TRUCK HOURS]]*$M$5))+WO_Data_Masterlist[[#This Row],[CONTRACTOR COST]]+WO_Data_Masterlist[[#This Row],[EQUIPMENT]]+WO_Data_Masterlist[[#This Row],[PARTS AND MATERIALS]])*WO_Data_Masterlist[[#This Row],[FREQUENCY (TIMES PER YEAR)]])+WO_Data_Masterlist[[#This Row],[ANNUAL ENERGY PER UNIT]], (((((WO_Data_Masterlist[[#This Row],[OPERATOR HOURS per TASK]]*$M$4)+(WO_Data_Masterlist[[#This Row],[TRUCK HOURS]]*$M$5))+WO_Data_Masterlist[[#This Row],[CONTRACTOR COST]]+WO_Data_Masterlist[[#This Row],[EQUIPMENT]]+WO_Data_Masterlist[[#This Row],[PARTS AND MATERIALS]])*WO_Data_Masterlist[[#This Row],[FREQUENCY (TIMES PER YEAR)]])+WO_Data_Masterlist[[#This Row],[ANNUAL ENERGY PER UNIT]])/WO_Data_Masterlist[[#This Row],[QUANTITY LINEAR INFRASTRUCTURE]]), 0) -> 2629.6662
A68: ST03 | B68: SANITARY | C68: Treatment | D68: Community Septic Tank | E68: Septic Tank Pumping | F68: Every 5 years | G68: =1/5 -> 0.2 | H68: N/A | I68: 1 | J68: 0.5 | K68: =2500*WO_Data_Masterlist[[#This Row],[FREQUENCY (TIMES PER YEAR)]] -> 500 | L68: 0 | M68: 0 | N68: N/A | O68: =IFERROR(GETPIVOTDATA("ASSET GROUP",'TABLE OF CONTENTS'!$P$20,"ASSET COMPONENT",WO_Data_Masterlist[[#This Row],[ASSET COMPONENT]]), "N/A") -> N/A | P68: 0 | Q68: =IFERROR(WO_Data_Masterlist[[#This Row],[ANNUAL ENERGY PER UNIT]]*WO_Data_Masterlist[[#This Row],[QUANTITY NON-LINEAR INFRASTRUCTURE]], 0) -> 0 | R68: =IF(SUM(WO_Data_Masterlist[[#This Row],[QUANTITY LINEAR INFRASTRUCTURE]:[QUANTITY NON-LINEAR INFRASTRUCTURE]])>0, "YES", "NO") -> NO | S68: =IFERROR(IF(WO_Data_Masterlist[[#This Row],[QUANTITY LINEAR INFRASTRUCTURE]]="N/A", ((((WO_Data_Masterlist[[#This Row],[OPERATOR HOURS per TASK]]*$M$4)+(WO_Data_Masterlist[[#This Row],[TRUCK HOURS]]*$M$5))+WO_Data_Masterlist[[#This Row],[CONTRACTOR COST]]+WO_Data_Masterlist[[#This Row],[EQUIPMENT]]+WO_Data_Masterlist[[#This Row],[PARTS AND MATERIALS]])*WO_Data_Masterlist[[#This Row],[FREQUENCY (TIMES PER YEAR)]])+WO_Data_Masterlist[[#This Row],[ANNUAL ENERGY PER UNIT]], (((((WO_Data_Masterlist[[#This Row],[OPERATOR HOURS per TASK]]*$M$4)+(WO_Data_Masterlist[[#This Row],[TRUCK HOURS]]*$M$5))+WO_Data_Masterlist[[#This Row],[CONTRACTOR COST]]+WO_Data_Masterlist[[#This Row],[EQUIPMENT]]+WO_Data_Masterlist[[#This Row],[PARTS AND MATERIALS]])*WO_Data_Masterlist[[#This Row],[FREQUENCY (TIMES PER YEAR)]])+WO_Data_Masterlist[[#This Row],[ANNUAL ENERGY PER UNIT]])/WO_Data_Masterlist[[#This Row],[QUANTITY LINEAR INFRASTRUCTURE]]), 0) -> 107.84666
A69: ST04 | B69: SANITARY | C69: Treatment | D69: Community Septic Tank | E69: Quarterly Septic Tank Inspection | F69: Quarterly | G69: 2 | H69: N/A | I69: 1 | J69: 0.5 | K69: 0 | L69: 50 | M69: 50 | N69: N/A | O69: =IFERROR(GETPIVOTDATA("ASSET GROUP",'TABLE OF CONTENTS'!$P$20,"ASSET COMPONENT",WO_Data_Masterlist[[#This Row],[ASSET COMPONENT]]), "N/A") -> N/A | P69: 0 | Q69: =IFERROR(WO_Data_Masterlist[[#This Row],[ANNUAL ENERGY PER UNIT]]*WO_Data_Masterlist[[#This Row],[QUANTITY NON-LINEAR INFRASTRUCTURE]], 0) -> 0 | R69: =IF(SUM(WO_Data_Masterlist[[#This Row],[QUANTITY LINEAR INFRASTRUCTURE]:[QUANTITY NON-LINEAR INFRASTRUCTURE]])>0, "YES", "NO") -> NO | S69: =IFERROR(IF(WO_Data_Masterlist[[#This Row],[QUANTITY LINEAR INFRASTRUCTURE]]="N/A", ((((WO_Data_Masterlist[[#This Row],[OPERATOR HOURS per TASK]]*$M$4)+(WO_Data_Masterlist[[#This Row],[TRUCK HOURS]]*$M$5))+WO_Data_Masterlist[[#This Row],[CONTRACTOR COST]]+WO_Data_Masterlist[[#This Row],[EQUIPMENT]]+WO_Data_Masterlist[[#This Row],[PARTS AND MATERIALS]])*WO_Data_Masterlist[[#This Row],[FREQUENCY (TIMES PER YEAR)]])+WO_Data_Masterlist[[#This Row],[ANNUAL ENERGY PER UNIT]], (((((WO_Data_Masterlist[[#This Row],[OPERATOR HOURS per TASK]]*$M$4)+(WO_Data_Masterlist[[#This Row],[TRUCK HOURS]]*$M$5))+WO_Data_Masterlist[[#This Row],[CONTRACTOR COST]]+WO_Data_Masterlist[[#This Row],[EQUIPMENT]]+WO_Data_Masterlist[[#This Row],[PARTS AND MATERIALS]])*WO_Data_Masterlist[[#This Row],[FREQUENCY (TIMES PER YEAR)]])+WO_Data_Masterlist[[#This Row],[ANNUAL ENERGY PER UNIT]])/WO_Data_Masterlist[[#This Row],[QUANTITY LINEAR INFRASTRUCTURE]]), 0) -> 278.46662
A70: ST05 | B70: SANITARY | C70: Treatment | D70: Community Septic Tank | E70: Bi-Annual Septic Tank and Field Inspection and Maintenance | F70: Bi-Annual | G70: 2 | H70: N/A | I70: 3 | J70: 0.5 | K70: 0 | L70: 50 | M70: 300 | N70: N/A | O70: =IFERROR(GETPIVOTDATA("ASSET GROUP",'TABLE OF CONTENTS'!$P$20,"ASSET COMPONENT",WO_Data_Masterlist[[#This Row],[ASSET COMPONENT]]), "N/A") -> N/A | P70: 0 | Q70: =IFERROR(WO_Data_Masterlist[[#This Row],[ANNUAL ENERGY PER UNIT]]*WO_Data_Masterlist[[#This Row],[QUANTITY NON-LINEAR INFRASTRUCTURE]], 0) -> 0 | R70: =IF(SUM(WO_Data_Masterlist[[#This Row],[QUANTITY LINEAR INFRASTRUCTURE]:[QUANTITY NON-LINEAR INFRASTRUCTURE]])>0, "YES", "NO") -> NO | S70: =IFERROR(IF(WO_Data_Masterlist[[#This Row],[QUANTITY LINEAR INFRASTRUCTURE]]="N/A", ((((WO_Data_Masterlist[[#This Row],[OPERATOR HOURS per TASK]]*$M$4)+(WO_Data_Masterlist[[#This Row],[TRUCK HOURS]]*$M$5))+WO_Data_Masterlist[[#This Row],[CONTRACTOR COST]]+WO_Data_Masterlist[[#This Row],[EQUIPMENT]]+WO_Data_Masterlist[[#This Row],[PARTS AND MATERIALS]])*WO_Data_Masterlist[[#This Row],[FREQUENCY (TIMES PER YEAR)]])+WO_Data_Masterlist[[#This Row],[ANNUAL ENERGY PER UNIT]], (((((WO_Data_Masterlist[[#This Row],[OPERATOR HOURS per TASK]]*$M$4)+(WO_Data_Masterlist[[#This Row],[TRUCK HOURS]]*$M$5))+WO_Data_Masterlist[[#This Row],[CONTRACTOR COST]]+WO_Data_Masterlist[[#This Row],[EQUIPMENT]]+WO_Data_Masterlist[[#This Row],[PARTS AND MATERIALS]])*WO_Data_Masterlist[[#This Row],[FREQUENCY (TIMES PER YEAR)]])+WO_Data_Masterlist[[#This Row],[ANNUAL ENERGY PER UNIT]])/WO_Data_Masterlist[[#This Row],[QUANTITY LINEAR INFRASTRUCTURE]]), 0) -> 902.46662
A71: ST06 | B71: SANITARY | C71: Treatment | D71: Sewage Treatment Plant | E71: Sewage Treatment Plant Inspection | F71: Daily | G71: 365 | H71: N/A | I71: 0.25 | J71: 0.25 | K71: 0 | L71: 0 | M71: 0 | N71: N/A | O71: =IFERROR(GETPIVOTDATA("ASSET GROUP",'TABLE OF CONTENTS'!$P$20,"ASSET COMPONENT",WO_Data_Masterlist[[#This Row],[ASSET COMPONENT]]), "N/A") -> N/A | P71: 0 | Q71: =IFERROR(WO_Data_Masterlist[[#This Row],[ANNUAL ENERGY PER UNIT]]*WO_Data_Masterlist[[#This Row],[QUANTITY NON-LINEAR INFRASTRUCTURE]], 0) -> 0 | R71: =IF(SUM(WO_Data_Masterlist[[#This Row],[QUANTITY LINEAR INFRASTRUCTURE]:[QUANTITY NON-LINEAR INFRASTRUCTURE]])>0, "YES", "NO") -> NO | S71: =IFERROR(IF(WO_Data_Masterlist[[#This Row],[QUANTITY LINEAR INFRASTRUCTURE]]="N/A", ((((WO_Data_Masterlist[[#This Row],[OPERATOR HOURS per TASK]]*$M$4)+(WO_Data_Masterlist[[#This Row],[TRUCK HOURS]]*$M$5))+WO_Data_Masterlist[[#This Row],[CONTRACTOR COST]]+WO_Data_Masterlist[[#This Row],[EQUIPMENT]]+WO_Data_Masterlist[[#This Row],[PARTS AND MATERIALS]])*WO_Data_Masterlist[[#This Row],[FREQUENCY (TIMES PER YEAR)]])+WO_Data_Masterlist[[#This Row],[ANNUAL ENERGY PER UNIT]], (((((WO_Data_Masterlist[[#This Row],[OPERATOR HOURS per TASK]]*$M$4)+(WO_Data_Masterlist[[#This Row],[TRUCK HOURS]]*$M$5))+WO_Data_Masterlist[[#This Row],[CONTRACTOR COST]]+WO_Data_Masterlist[[#This Row],[EQUIPMENT]]+WO_Data_Masterlist[[#This Row],[PARTS AND MATERIALS]])*WO_Data_Masterlist[[#This Row],[FREQUENCY (TIMES PER YEAR)]])+WO_Data_Masterlist[[#This Row],[ANNUAL ENERGY PER UNIT]])/WO_Data_Masterlist[[#This Row],[QUANTITY LINEAR INFRASTRUCTURE]]), 0) -> 4331.3291
A72: ST07 | B72: SANITARY | C72: Treatment | D72: Sewage Treatment Plant | E72: Weekly Effluent Pump Station Inspection and Maintenance | F72: Weekly | G72: 52 | H72: N/A | I72: 0.5 | J72: 0.25 | K72: 0 | L72: 0 | M72: 0 | N72: N/A | O72: =IFERROR(GETPIVOTDATA("ASSET GROUP",'TABLE OF CONTENTS'!$P$20,"ASSET COMPONENT",WO_Data_Masterlist[[#This Row],[ASSET COMPONENT]]), "N/A") -> N/A | P72: 0 | Q72: =IFERROR(WO_Data_Masterlist[[#This Row],[ANNUAL ENERGY PER UNIT]]*WO_Data_Masterlist[[#This Row],[QUANTITY NON-LINEAR INFRASTRUCTURE]], 0) -> 0 | R72: =IF(SUM(WO_Data_Masterlist[[#This Row],[QUANTITY LINEAR INFRASTRUCTURE]:[QUANTITY NON-LINEAR INFRASTRUCTURE]])>0, "YES", "NO") -> NO | S72: =IFERROR(IF(WO_Data_Masterlist[[#This Row],[QUANTITY LINEAR INFRASTRUCTURE]]="N/A", ((((WO_Data_Masterlist[[#This Row],[OPERATOR HOURS per TASK]]*$M$4)+(WO_Data_Masterlist[[#This Row],[TRUCK HOURS]]*$M$5))+WO_Data_Masterlist[[#This Row],[CONTRACTOR COST]]+WO_Data_Masterlist[[#This Row],[EQUIPMENT]]+WO_Data_Masterlist[[#This Row],[PARTS AND MATERIALS]])*WO_Data_Masterlist[[#This Row],[FREQUENCY (TIMES PER YEAR)]])+WO_Data_Masterlist[[#This Row],[ANNUAL ENERGY PER UNIT]], (((((WO_Data_Masterlist[[#This Row],[OPERATOR HOURS per TASK]]*$M$4)+(WO_Data_Masterlist[[#This Row],[TRUCK HOURS]]*$M$5))+WO_Data_Masterlist[[#This Row],[CONTRACTOR COST]]+WO_Data_Masterlist[[#This Row],[EQUIPMENT]]+WO_Data_Masterlist[[#This Row],[PARTS AND MATERIALS]])*WO_Data_Masterlist[[#This Row],[FREQUENCY (TIMES PER YEAR)]])+WO_Data_Masterlist[[#This Row],[ANNUAL ENERGY PER UNIT]])/WO_Data_Masterlist[[#This Row],[QUANTITY LINEAR INFRASTRUCTURE]]), 0) -> 1020.0661
A73: ST08 | B73: SANITARY | C73: Treatment | D73: Sewage Treatment Plant | E73: Annual Effluent Pump Station Inspection and Maintenance | F73: Annual | G73: 1 | H73: N/A | I73: 1 | J73: 0.25 | K73: 0 | L73: 0 | M73: 0 | N73: N/A | O73: =IFERROR(GETPIVOTDATA("ASSET GROUP",'TABLE OF CONTENTS'!$P$20,"ASSET COMPONENT",WO_Data_Masterlist[[#This Row],[ASSET COMPONENT]]), "N/A") -> N/A | P73: 2300 | Q73: =IFERROR(WO_Data_Masterlist[[#This Row],[ANNUAL ENERGY PER UNIT]]*WO_Data_Masterlist[[#This Row],[QUANTITY NON-LINEAR INFRASTRUCTURE]], 0) -> 0 | R73: =IF(SUM(WO_Data_Masterlist[[#This Row],[QUANTITY LINEAR INFRASTRUCTURE]:[QUANTITY NON-LINEAR INFRASTRUCTURE]])>0, "YES", "NO") -> NO | S73: =IFERROR(IF(WO_Data_Masterlist[[#This Row],[QUANTITY LINEAR INFRASTRUCTURE]]="N/A", ((((WO_Data_Masterlist[[#This Row],[OPERATOR HOURS per TASK]]*$M$4)+(WO_Data_Masterlist[[#This Row],[TRUCK HOURS]]*$M$5))+WO_Data_Masterlist[[#This Row],[CONTRACTOR COST]]+WO_Data_Masterlist[[#This Row],[EQUIPMENT]]+WO_Data_Masterlist[[#This Row],[PARTS AND MATERIALS]])*WO_Data_Masterlist[[#This Row],[FREQUENCY (TIMES PER YEAR)]])+WO_Data_Masterlist[[#This Row],[ANNUAL ENERGY PER UNIT]], (((((WO_Data_Masterlist[[#This Row],[OPERATOR HOURS per TASK]]*$M$4)+(WO_Data_Masterlist[[#This Row],[TRUCK HOURS]]*$M$5))+WO_Data_Masterlist[[#This Row],[CONTRACTOR COST]]+WO_Data_Masterlist[[#This Row],[EQUIPMENT]]+WO_Data_Masterlist[[#This Row],[PARTS AND MATERIALS]])*WO_Data_Masterlist[[#This Row],[FREQUENCY (TIMES PER YEAR)]])+WO_Data_Masterlist[[#This Row],[ANNUAL ENERGY PER UNIT]])/WO_Data_Masterlist[[#This Row],[QUANTITY LINEAR INFRASTRUCTURE]]), 0) -> 2335.1167
A74: ST09 | B74: SANITARY | C74: Treatment | D74: Sewage Treatment Plant | E74: RBC Module Inspection | F74: Monthly | G74: 12 | H74: N/A | I74: 1 | J74: 0.25 | K74: 0 | L74: 0 | M74: 10 | N74: N/A | O74: =IFERROR(GETPIVOTDATA("ASSET GROUP",'TABLE OF CONTENTS'!$P$20,"ASSET COMPONENT",WO_Data_Masterlist[[#This Row],[ASSET COMPONENT]]), "N/A") -> N/A | P74: 0 | Q74: =IFERROR(WO_Data_Masterlist[[#This Row],[ANNUAL ENERGY PER UNIT]]*WO_Data_Masterlist[[#This Row],[QUANTITY NON-LINEAR INFRASTRUCTURE]], 0) -> 0 | R74: =IF(SUM(WO_Data_Masterlist[[#This Row],[QUANTITY LINEAR INFRASTRUCTURE]:[QUANTITY NON-LINEAR INFRASTRUCTURE]])>0, "YES", "NO") -> NO | S74: =IFERROR(IF(WO_Data_Masterlist[[#This Row],[QUANTITY LINEAR INFRASTRUCTURE]]="N/A", ((((WO_Data_Masterlist[[#This Row],[OPERATOR HOURS per TASK]]*$M$4)+(WO_Data_Masterlist[[#This Row],[TRUCK HOURS]]*$M$5))+WO_Data_Masterlist[[#This Row],[CONTRACTOR COST]]+WO_Data_Masterlist[[#This Row],[EQUIPMENT]]+WO_Data_Masterlist[[#This Row],[PARTS AND MATERIALS]])*WO_Data_Masterlist[[#This Row],[FREQUENCY (TIMES PER YEAR)]])+WO_Data_Masterlist[[#This Row],[ANNUAL ENERGY PER UNIT]], (((((WO_Data_Masterlist[[#This Row],[OPERATOR HOURS per TASK]]*$M$4)+(WO_Data_Masterlist[[#This Row],[TRUCK HOURS]]*$M$5))+WO_Data_Masterlist[[#This Row],[CONTRACTOR COST]]+WO_Data_Masterlist[[#This Row],[EQUIPMENT]]+WO_Data_Masterlist[[#This Row],[PARTS AND MATERIALS]])*WO_Data_Masterlist[[#This Row],[FREQUENCY (TIMES PER YEAR)]])+WO_Data_Masterlist[[#This Row],[ANNUAL ENERGY PER UNIT]])/WO_Data_Masterlist[[#This Row],[QUANTITY LINEAR INFRASTRUCTURE]]), 0) -> 541.39986
A75: ST10 | B75: SANITARY | C75: Treatment | D75: Sewage Treatment Plant | E75: Secondary Clarifiers Inspection and Maintenance | F75: Daily | G75: 365 | H75: N/A | I75: 0.5 | J75: 0.25 | K75: 0 | L75: 0 | M75: 0 | N75: N/A | O75: =IFERROR(GETPIVOTDATA("ASSET GROUP",'TABLE OF CONTENTS'!$P$20,"ASSET COMPONENT",WO_Data_Masterlist[[#This Row],[ASSET COMPONENT]]), "N/A") -> N/A | P75: 0 | Q75: =IFERROR(WO_Data_Masterlist[[#This Row],[ANNUAL ENERGY PER UNIT]]*WO_Data_Masterlist[[#This Row],[QUANTITY NON-LINEAR INFRASTRUCTURE]], 0) -> 0 | R75: =IF(SUM(WO_Data_Masterlist[[#This Row],[QUANTITY LINEAR INFRASTRUCTURE]:[QUANTITY NON-LINEAR INFRASTRUCTURE]])>0, "YES", "NO") -> NO | S75: =IFERROR(IF(WO_Data_Masterlist[[#This Row],[QUANTITY LINEAR INFRASTRUCTURE]]="N/A", ((((WO_Data_Masterlist[[#This Row],[OPERATOR HOURS per TASK]]*$M$4)+(WO_Data_Masterlist[[#This Row],[TRUCK HOURS]]*$M$5))+WO_Data_Masterlist[[#This Row],[CONTRACTOR COST]]+WO_Data_Masterlist[[#This Row],[EQUIPMENT]]+WO_Data_Masterlist[[#This Row],[PARTS AND MATERIALS]])*WO_Data_Masterlist[[#This Row],[FREQUENCY (TIMES PER YEAR)]])+WO_Data_Masterlist[[#This Row],[ANNUAL ENERGY PER UNIT]], (((((WO_Data_Masterlist[[#This Row],[OPERATOR HOURS per TASK]]*$M$4)+(WO_Data_Masterlist[[#This Row],[TRUCK HOURS]]*$M$5))+WO_Data_Masterlist[[#This Row],[CONTRACTOR COST]]+WO_Data_Masterlist[[#This Row],[EQUIPMENT]]+WO_Data_Masterlist[[#This Row],[PARTS AND MATERIALS]])*WO_Data_Masterlist[[#This Row],[FREQUENCY (TIMES PER YEAR)]])+WO_Data_Masterlist[[#This Row],[ANNUAL ENERGY PER UNIT]])/WO_Data_Masterlist[[#This Row],[QUANTITY LINEAR INFRASTRUCTURE]]), 0) -> 7160.0791
A76: ST11 | B76: SANITARY | C76: Treatment | D76: Sewage Treatment Plant | E76: Chlorinators and Tank Inspection | F76: Weekly | G76: 52 | H76: N/A | I76: 0.25 | J76: 0.25 | K76: 0 | L76: 0 | M76: 10 | N76: N/A | O76: =IFERROR(GETPIVOTDATA("ASSET GROUP",'TABLE OF CONTENTS'!$P$20,"ASSET COMPONENT",WO_Data_Masterlist[[#This Row],[ASSET COMPONENT]]), "N/A") -> N/A | P76: 0 | Q76: =IFERROR(WO_Data_Masterlist[[#This Row],[ANNUAL ENERGY PER UNIT]]*WO_Data_Masterlist[[#This Row],[QUANTITY NON-LINEAR INFRASTRUCTURE]], 0) -> 0 | R76: =IF(SUM(WO_Data_Masterlist[[#This Row],[QUANTITY LINEAR INFRASTRUCTURE]:[QUANTITY NON-LINEAR INFRASTRUCTURE]])>0, "YES", "NO") -> NO | S76: =IFERROR(IF(WO_Data_Masterlist[[#This Row],[QUANTITY LINEAR INFRASTRUCTURE]]="N/A", ((((WO_Data_Masterlist[[#This Row],[OPERATOR HOURS per TASK]]*$M$4)+(WO_Data_Masterlist[[#This Row],[TRUCK HOURS]]*$M$5))+WO_Data_Masterlist[[#This Row],[CONTRACTOR COST]]+WO_Data_Masterlist[[#This Row],[EQUIPMENT]]+WO_Data_Masterlist[[#This Row],[PARTS AND MATERIALS]])*WO_Data_Masterlist[[#This Row],[FREQUENCY (TIMES PER YEAR)]])+WO_Data_Masterlist[[#This Row],[ANNUAL ENERGY PER UNIT]], (((((WO_Data_Masterlist[[#This Row],[OPERATOR HOURS per TASK]]*$M$4)+(WO_Data_Masterlist[[#This Row],[TRUCK HOURS]]*$M$5))+WO_Data_Masterlist[[#This Row],[CONTRACTOR COST]]+WO_Data_Masterlist[[#This Row],[EQUIPMENT]]+WO_Data_Masterlist[[#This Row],[PARTS AND MATERIALS]])*WO_Data_Masterlist[[#This Row],[FREQUENCY (TIMES PER YEAR)]])+WO_Data_Masterlist[[#This Row],[ANNUAL ENERGY PER UNIT]])/WO_Data_Masterlist[[#This Row],[QUANTITY LINEAR INFRASTRUCTURE]]), 0) -> 1137.0661
A77: ST12 | B77: SANITARY | C77: Treatment | D77: Sewage Treatment Plant | E77: Annual Chlorinators and Tank Inspection and Maintenance | F77: Annual | G77: 1 | H77: N/A | I77: 2 | J77: 0.25 | K77: 0 | L77: 0 | M77: 50 | N77: N/A | O77: =IFERROR(GETPIVOTDATA("ASSET GROUP",'TABLE OF CONTENTS'!$P$20,"ASSET COMPONENT",WO_Data_Masterlist[[#This Row],[ASSET COMPONENT]]), "N/A") -> N/A | P77: 1800 | Q77: =IFERROR(WO_Data_Masterlist[[#This Row],[ANNUAL ENERGY PER UNIT]]*WO_Data_Masterlist[[#This Row],[QUANTITY NON-LINEAR INFRASTRUCTURE]], 0) -> 0 | R77: =IF(SUM(WO_Data_Masterlist[[#This Row],[QUANTITY LINEAR INFRASTRUCTURE]:[QUANTITY NON-LINEAR INFRASTRUCTURE]])>0, "YES", "NO") -> NO | S77: =IFERROR(IF(WO_Data_Masterlist[[#This Row],[QUANTITY LINEAR INFRASTRUCTURE]]="N/A", ((((WO_Data_Masterlist[[#This Row],[OPERATOR HOURS per TASK]]*$M$4)+(WO_Data_Masterlist[[#This Row],[TRUCK HOURS]]*$M$5))+WO_Data_Masterlist[[#This Row],[CONTRACTOR COST]]+WO_Data_Masterlist[[#This Row],[EQUIPMENT]]+WO_Data_Masterlist[[#This Row],[PARTS AND MATERIALS]])*WO_Data_Masterlist[[#This Row],[FREQUENCY (TIMES PER YEAR)]])+WO_Data_Masterlist[[#This Row],[ANNUAL ENERGY PER UNIT]], (((((WO_Data_Masterlist[[#This Row],[OPERATOR HOURS per TASK]]*$M$4)+(WO_Data_Masterlist[[#This Row],[TRUCK HOURS]]*$M$5))+WO_Data_Masterlist[[#This Row],[CONTRACTOR COST]]+WO_Data_Masterlist[[#This Row],[EQUIPMENT]]+WO_Data_Masterlist[[#This Row],[PARTS AND MATERIALS]])*WO_Data_Masterlist[[#This Row],[FREQUENCY (TIMES PER YEAR)]])+WO_Data_Masterlist[[#This Row],[ANNUAL ENERGY PER UNIT]])/WO_Data_Masterlist[[#This Row],[QUANTITY LINEAR INFRASTRUCTURE]]), 0) -> 1916.1167
A78: ST13 | B78: SANITARY | C78: Treatment | D78: Sewage Treatment Plant | E78: Dechlorinator Inspection and Maintenance | F78: Weekly | G78: 52 | H78: N/A | I78: 0.25 | J78: 0.25 | K78: 0 | L78: 0 | M78: 20 | N78: N/A | O78: =IFERROR(GETPIVOTDATA("ASSET GROUP",'TABLE OF CONTENTS'!$P$20,"ASSET COMPONENT",WO_Data_Masterlist[[#This Row],[ASSET COMPONENT]]), "N/A") -> N/A | P78: 0 | Q78: =IFERROR(WO_Data_Masterlist[[#This Row],[ANNUAL ENERGY PER UNIT]]*WO_Data_Masterlist[[#This Row],[QUANTITY NON-LINEAR INFRASTRUCTURE]], 0) -> 0 | R78: =IF(SUM(WO_Data_Masterlist[[#This Row],[QUANTITY LINEAR INFRASTRUCTURE]:[QUANTITY NON-LINEAR INFRASTRUCTURE]])>0, "YES", "NO") -> NO | S78: =IFERROR(IF(WO_Data_Masterlist[[#This Row],[QUANTITY LINEAR INFRASTRUCTURE]]="N/A", ((((WO_Data_Masterlist[[#This Row],[OPERATOR HOURS per TASK]]*$M$4)+(WO_Data_Masterlist[[#This Row],[TRUCK HOURS]]*$M$5))+WO_Data_Masterlist[[#This Row],[CONTRACTOR COST]]+WO_Data_Masterlist[[#This Row],[EQUIPMENT]]+WO_Data_Masterlist[[#This Row],[PARTS AND MATERIALS]])*WO_Data_Masterlist[[#This Row],[FREQUENCY (TIMES PER YEAR)]])+WO_Data_Masterlist[[#This Row],[ANNUAL ENERGY PER UNIT]], (((((WO_Data_Masterlist[[#This Row],[OPERATOR HOURS per TASK]]*$M$4)+(WO_Data_Masterlist[[#This Row],[TRUCK HOURS]]*$M$5))+WO_Data_Masterlist[[#This Row],[CONTRACTOR COST]]+WO_Data_Masterlist[[#This Row],[EQUIPMENT]]+WO_Data_Masterlist[[#This Row],[PARTS AND MATERIALS]])*WO_Data_Masterlist[[#This Row],[FREQUENCY (TIMES PER YEAR)]])+WO_Data_Masterlist[[#This Row],[ANNUAL ENERGY PER UNIT]])/WO_Data_Masterlist[[#This Row],[QUANTITY LINEAR INFRASTRUCTURE]]), 0) -> 1657.0661
A79: ST14 | B79: SANITARY | C79: Treatment | D79: Sewage Treatment Plant | E79: Flow Recorder Inspection | F79: Daily | G79: 365 | H79: N/A | I79: 0.25 | J79: 0.25 | K79: 0 | L79: 0 | M79: 5 | N79: N/A | O79: =IFERROR(GETPIVOTDATA("ASSET GROUP",'TABLE OF CONTENTS'!$P$20,"ASSET COMPONENT",WO_Data_Masterlist[[#This Row],[ASSET COMPONENT]]), "N/A") -> N/A | P79: 0 | Q79: =IFERROR(WO_Data_Masterlist[[#This Row],[ANNUAL ENERGY PER UNIT]]*WO_Data_Masterlist[[#This Row],[QUANTITY NON-LINEAR INFRASTRUCTURE]], 0) -> 0 | R79: =IF(SUM(WO_Data_Masterlist[[#This Row],[QUANTITY LINEAR INFRASTRUCTURE]:[QUANTITY NON-LINEAR INFRASTRUCTURE]])>0, "YES", "NO") -> NO | S79: =IFERROR(IF(WO_Data_Masterlist[[#This Row],[QUANTITY LINEAR INFRASTRUCTURE]]="N/A", ((((WO_Data_Masterlist[[#This Row],[OPERATOR HOURS per TASK]]*$M$4)+(WO_Data_Masterlist[[#This Row],[TRUCK HOURS]]*$M$5))+WO_Data_Masterlist[[#This Row],[CONTRACTOR COST]]+WO_Data_Masterlist[[#This Row],[EQUIPMENT]]+WO_Data_Masterlist[[#This Row],[PARTS AND MATERIALS]])*WO_Data_Masterlist[[#This Row],[FREQUENCY (TIMES PER YEAR)]])+WO_Data_Masterlist[[#This Row],[ANNUAL ENERGY PER UNIT]], (((((WO_Data_Masterlist[[#This Row],[OPERATOR HOURS per TASK]]*$M$4)+(WO_Data_Masterlist[[#This Row],[TRUCK HOURS]]*$M$5))+WO_Data_Masterlist[[#This Row],[CONTRACTOR COST]]+WO_Data_Masterlist[[#This Row],[EQUIPMENT]]+WO_Data_Masterlist[[#This Row],[PARTS AND MATERIALS]])*WO_Data_Masterlist[[#This Row],[FREQUENCY (TIMES PER YEAR)]])+WO_Data_Masterlist[[#This Row],[ANNUAL ENERGY PER UNIT]])/WO_Data_Masterlist[[#This Row],[QUANTITY LINEAR INFRASTRUCTURE]]), 0) -> 6156.3291
A80: ST15 | B80: SANITARY | C80: Treatment | D80: Sewage Treatment Plant | E80: Outfall Inspection | F80: Quarterly | G80: 4 | H80: N/A | I80: 0.5 | J80: 0.25 | K80: 0 | L80: 0 | M80: 0 | N80: N/A | O80: =IFERROR(GETPIVOTDATA("ASSET GROUP",'TABLE OF CONTENTS'!$P$20,"ASSET COMPONENT",WO_Data_Masterlist[[#This Row],[ASSET COMPONENT]]), "N/A") -> N/A | P80: 0 | Q80: =IFERROR(WO_Data_Masterlist[[#This Row],[ANNUAL ENERGY PER UNIT]]*WO_Data_Masterlist[[#This Row],[QUANTITY NON-LINEAR INFRASTRUCTURE]], 0) -> 0 | R80: =IF(SUM(WO_Data_Masterlist[[#This Row],[QUANTITY LINEAR INFRASTRUCTURE]:[QUANTITY NON-LINEAR INFRASTRUCTURE]])>0, "YES", "NO") -> NO | S80: =IFERROR(IF(WO_Data_Masterlist[[#This Row],[QUANTITY LINEAR INFRASTRUCTURE]]="N/A", ((((WO_Data_Masterlist[[#This Row],[OPERATOR HOURS per TASK]]*$M$4)+(WO_Data_Masterlist[[#This Row],[TRUCK HOURS]]*$M$5))+WO_Data_Masterlist[[#This Row],[CONTRACTOR COST]]+WO_Data_Masterlist[[#This Row],[EQUIPMENT]]+WO_Data_Masterlist[[#This Row],[PARTS AND MATERIALS]])*WO_Data_Masterlist[[#This Row],[FREQUENCY (TIMES PER YEAR)]])+WO_Data_Masterlist[[#This Row],[ANNUAL ENERGY PER UNIT]], (((((WO_Data_Masterlist[[#This Row],[OPERATOR HOURS per TASK]]*$M$4)+(WO_Data_Masterlist[[#This Row],[TRUCK HOURS]]*$M$5))+WO_Data_Masterlist[[#This Row],[CONTRACTOR COST]]+WO_Data_Masterlist[[#This Row],[EQUIPMENT]]+WO_Data_Masterlist[[#This Row],[PARTS AND MATERIALS]])*WO_Data_Masterlist[[#This Row],[FREQUENCY (TIMES PER YEAR)]])+WO_Data_Masterlist[[#This Row],[ANNUAL ENERGY PER UNIT]])/WO_Data_Masterlist[[#This Row],[QUANTITY LINEAR INFRASTRUCTURE]]), 0) -> 78.466621
... A95: ST30 | B95: SANITARY | C95: Treatment | D95: Lagoon | E95: Effluent Leakage Check | F95: Semi-Annual | G95: 2 | H95: N/A | I95: 1 | J95: 1 | K95: 0 | L95: 0 | M95: 25 | N95: N/A | O95: =IFERROR(GETPIVOTDATA("ASSET GROUP",'TABLE OF CONTENTS'!$P$20,"ASSET COMPONENT",WO_Data_Masterlist[[#This Row],[ASSET COMPONENT]]), "N/A") -> N/A | P95: 0 | Q95: =IFERROR(WO_Data_Masterlist[[#This Row],[ANNUAL ENERGY PER UNIT]]*WO_Data_Masterlist[[#This Row],[QUANTITY NON-LINEAR INFRASTRUCTURE]], 0) -> 0 | R95: =IF(SUM(WO_Data_Masterlist[[#This Row],[QUANTITY LINEAR INFRASTRUCTURE]:[QUANTITY NON-LINEAR INFRASTRUCTURE]])>0, "YES", "NO") -> NO | S95: =IFERROR(IF(WO_Data_Masterlist[[#This Row],[QUANTITY LINEAR INFRASTRUCTURE]]="N/A", ((((WO_Data_Masterlist[[#This Row],[OPERATOR HOURS per TASK]]*$M$4)+(WO_Data_Masterlist[[#This Row],[TRUCK HOURS]]*$M$5))+WO_Data_Masterlist[[#This Row],[CONTRACTOR COST]]+WO_Data_Masterlist[[#This Row],[EQUIPMENT]]+WO_Data_Masterlist[[#This Row],[PARTS AND MATERIALS]])*WO_Data_Masterlist[[#This Row],[FREQUENCY (TIMES PER YEAR)]])+WO_Data_Masterlist[[#This Row],[ANNUAL ENERGY PER UNIT]], (((((WO_Data_Masterlist[[#This Row],[OPERATOR HOURS per TASK]]*$M$4)+(WO_Data_Masterlist[[#This Row],[TRUCK HOURS]]*$M$5))+WO_Data_Masterlist[[#This Row],[CONTRACTOR COST]]+WO_Data_Masterlist[[#This Row],[EQUIPMENT]]+WO_Data_Masterlist[[#This Row],[PARTS AND MATERIALS]])*WO_Data_Masterlist[[#This Row],[FREQUENCY (TIMES PER YEAR)]])+WO_Data_Masterlist[[#This Row],[ANNUAL ENERGY PER UNIT]])/WO_Data_Masterlist[[#This Row],[QUANTITY LINEAR INFRASTRUCTURE]]), 0) -> 144.93324

Sheet ii. WO Linear Infr. Mnt Hours
E2: Return to Table of Contents | L2: **Values in YELLOW can be updated based on community specific assumptions
L3: ASSUMPTIONS
L4: Hydrants | M4: ='TABLE OF CONTENTS'!K28 -> 5 | N4: /km
L5: Manholes | M5: ='TABLE OF CONTENTS'!K30 -> 14 | N5: /km
A6: LINEAR INFRASTRUCTURE MAINTENANCE BREAKDOWN | L6: Valves | M6: ='TABLE OF CONTENTS'!K29 -> 12 | N6: /km
L7: CCTV | M7: 6500 | N7: /km
L9: COMMUNITY DATA
L10: Total Sanitary Gravity Main | M10: =IFERROR(GETPIVOTDATA("LENGTH (m)",'2. ASSET INVENTORY - SANI MAIN'!$D$4,"ASSET COMPONENT","main")/1000,0) -> 5 | N10: km | O10: from 2. ASSET INVENTORY - SANI MAIN
L11: Total Sanitary Forcemain | M11: =IFERROR(GETPIVOTDATA("LENGTH (m)",'2. ASSET INVENTORY - SANI MAIN'!$D$4,"ASSET COMPONENT","Forcemain")/1000,0) -> 0 | N11: km | O11: from 2. ASSET INVENTORY - SANI MAIN
L12: Total Water Main | M12: =(SUM(Watermain_Inventory[LENGTH (m)]))/1000 -> 10 | N12: km | O12: from 1. ASSET INVENTORY - WATERMAINS
L13: Total Hydrants | M13: ='TABLE OF CONTENTS'!Q16 -> 50 | O13: from TABLE OF CONTENTS - Community Infrastructure Sumary
L14: Total Valves | M14: ='TABLE OF CONTENTS'!Q17 -> 120 | O14: from TABLE OF CONTENTS - Community Infrastructure Sumary
L15: Total Manholes | M15: ='TABLE OF CONTENTS'!Q18 -> 70 | O15: from TABLE OF CONTENTS - Community Infrastructure Sumary
A20: Work Order | B20: Task Description | C20: Task | D20: Time (h) | E20: Unit | F20: Hours per Task | G20: Total Time | H20: Frequency (per year) | I20: Hours per km | J20: Total hours per km per year | K20: Cost per km per year | L20: Equipment per task | M20: Parts&Materials per task | N20: Contractor per task | O20: TOTAL
A21: S01 | B21: =VLOOKUP('ii. WO Linear Infr. Mnt Hours'!A21,WO_Data_Masterlist[],5,FALSE) -> Annual Sanitary Main Inspection | G21: =SUM(F22:F26) -> 40 | H21: 1 | J21: =SUM(I22:I26)*H21 -> 8 | K21: =J21*('TABLE OF CONTENTS'!K15+'TABLE OF CONTENTS'!K16) -> 379.73297 | L21: 150 | M21: 125 | N21: 0 | O21: =IFERROR(K21+((SUM(L21:N21)/$M$10)*H21),0) -> 434.73297
B22: 1 person crew | C22: Visually inspect manholes and interior of pipes | D22: 0.25 | E22: per manhole | F22: =D22*M15 -> 17.5 | I22: =IFERROR(F22/$M$10,0) -> 3.5
C23: walk lines - visually inspect mains | D23: 0.6 | E23: per km | F23: =D23*M10 -> 3 | I23: =IFERROR(F23/$M$10,0) -> 0.6
C24: Use rodding equipment to remove accumulated solids | D24: 1 | E24: per 0.25 manholes | F24: =D24*(M15/4) -> 17.5 | I24: =IFERROR(F24/$M$10,0) -> 3.5
C25: Prepare list of maintenance and repair work required | D25: 1 | E25: per inspection | F25: =D25 -> 1 | I25: =IFERROR(F25/$M$10,0) -> 0.2
C26: Update maintenance logs and Forms | D26: 1 | E26: per inspection | F26: =D26 -> 1 | I26: =IFERROR(F26/$M$10,0) -> 0.2
A27: S02 | B27: =VLOOKUP('ii. WO Linear Infr. Mnt Hours'!A27,WO_Data_Masterlist[],5,FALSE) -> Main Flushing and Cleaning | G27: =SUM(F28:F30) -> 57 | H27: 0.33 | J27: =SUM(I28:I30)*H27 -> 3.762 | K27: =J27*('TABLE OF CONTENTS'!$K$15+'TABLE OF CONTENTS'!$K$16) -> 178.56943 | L27: 100 | M27: 50 | N27: 0 | O27: =IFERROR(K27+((SUM(L27:N27)/$M$10)*H27),0) -> 188.46943
B28: Total time for 2 person crew | C28: Connect and set up hose | D28: 0.3 | E28: per manhole | F28: =D28*M15 -> 21 | I28: =IFERROR(F28/$M$10,0) -> 4.2
C29: Flush each main for 5 minutes | D29: 0.5 | E29: per manhole | F29: =D29*M15 -> 35 | I29: =IFERROR(F29/$M$10,0) -> 7
C30: Update maintenance logs and Forms | D30: 1 | E30: per inspection | F30: =D30 -> 1 | I30: =IFERROR(F30/$M$10,0) -> 0.2
A31: S03 | B31: =VLOOKUP('ii. WO Linear Infr. Mnt Hours'!A31,WO_Data_Masterlist[],5,FALSE) -> CCTV Inspection | G31: =SUM(F32:F33) -> 11 | H31: 0.1 | J31: =SUM(I32:I33)*H31 -> 0.22 | K31: =J31*('TABLE OF CONTENTS'!$K$15+'TABLE OF CONTENTS'!$K$16) -> 10.442657 | L31: 0 | M31: 0 | N31: =M7*M10 -> 32500 | O31: =IFERROR(K31+((SUM(L31:N31)/$M$10)*H31),0) -> 660.44266
C32: Supervision of CCTV Contractor | D32: 2 | E32: per km | F32: =D32*M10 -> 10 | I32: =IFERROR(F32/$M$10,0) -> 2
C33: Update maintenance logs and Forms | D33: 1 | E33: per inspection | F33: =D33 -> 1 | I33: =IFERROR(F33/$M$10,0) -> 0.2
A34: S04 | B34: =VLOOKUP('ii. WO Linear Infr. Mnt Hours'!A34,WO_Data_Masterlist[],5,FALSE) -> Vac Truck | G34: =SUM(F40:F41) -> 0 | H34: 1 | K34: =J34*('TABLE OF CONTENTS'!$K$15+'TABLE OF CONTENTS'!$K$16) -> 0 | L34: 0 | M34: 0 | N34: 1500 | O34: =IFERROR(K34+((SUM(L34:N34)/$M$10)*H34),) -> 300
A36: S05 | B36: =VLOOKUP('ii. WO Linear Infr. Mnt Hours'!A36,WO_Data_Masterlist[],5,FALSE) -> Annual Forcemain Inspection | G36: =SUM(F37:F39) -> 1 | H36: 1 | J36: =SUM(I37:I39)*H36 -> 0 | K36: =J36*('TABLE OF CONTENTS'!$K$15+'TABLE OF CONTENTS'!$K$16) -> 0 | L36: 100 | M36: 50 | N36: 0 | O36: =IFERROR(K36+((SUM(L36:N36)/$M$10)*H36),) -> 30
C37: Visually inspect forcemain row | D37: 1 | E37: per km | F37: =D37*M11 -> 0 | I37: =IFERROR(F37/$M$11,) -> 0
C38: Inspect cleanout chamber | D38: 0.25 | E38: per cleanout | F38: =D38*M24 -> 0 | I38: =IFERROR(F38/$M$11,) -> 0
C39: Update maintenance logs and Forms | D39: 1 | E39: per inspection | F39: =D39 -> 1 | I39: =IFERROR(F39/$M$11,) -> 0
B41: Sanitary System Repairs | O41: =SUM(K41:N41) -> 0
N42: TOTAL ANNUAL SANI MAIN MAINTENCE COST PER KM | O42: =SUM(O21:O41) -> 1613.645
A44: W01 | B44: =VLOOKUP('ii. WO Linear Infr. Mnt Hours'!A44,WO_Data_Masterlist[],5,FALSE) -> Distribution System Inspection | G44: =SUM(F45:F49) -> 54 | H44: 12 | J44: =SUM(I45:I47)*H44 -> 46.8 | K44: =J44*('TABLE OF CONTENTS'!$K$15+'TABLE OF CONTENTS'!$K$16) -> 2221.4378 | L44: 50 | M44: 50 | N44: 0 | O44: =IFERROR(K44+((SUM(L44:N44)/$M$10)*H44),0) -> 2461.4378
C45: Check for dampness and accumulation of water/ice | D45: 0.25 | E45: per kilometer | F45: =D45*M12 -> 2.5 | I45: =IFERROR(F45/$M$12,0) -> 0.25
C46: Check all hydrants/standpipes and clear vegetation | D46: 0.25 | E46: per hydrant | F46: =D46*M13 -> 12.5 | I46: =IFERROR(F46/$M$12,0) -> 1.25
C47: Expose and check all valve boxes | D47: 0.2 | E47: per valve | F47: =D47*M14 -> 24 | I47: =IFERROR(F47/$M$12,0) -> 2.4
C48: Survey residents | D48: 0.2 | E48: per valve | F48: =D48*M15 -> 14 | I48: =IFERROR(F48/$M$12,0) -> 1.4
C49: Update maintenance logs and forms | D49: 1 | E49: per inspection | F49: =D49 -> 1 | I49: =IFERROR(F49/$M$12,0) -> 0.1
A51: W02 | B51: =VLOOKUP('ii. WO Linear Infr. Mnt Hours'!A51,WO_Data_Masterlist[],5,FALSE) -> Annual Valve Inspection and Maintenance | G51: =SUM(F52:F56) -> 49 | H51: 1 | J51: =SUM(I52:I56)*H51 -> 4.9 | K51: =J51*('TABLE OF CONTENTS'!$K$15+'TABLE OF CONTENTS'!$K$16) -> 232.58644 | L51: 50 | M51: 150 | N51: 0 | O51: =IFERROR(K51+((SUM(L51:N51)/$M$10)*H51),0) -> 272.58644
C52: Clean valve box and lubricate gears if required | D52: 0.1 | E52: per valve | F52: =D52*M14 -> 12 | I52: =IFERROR(F52/$M$12,0) -> 1.2
C53: Isolate section of watermain between two valves | D53: 0.1 | E53: per valve | F53: =D53*M14 -> 12 | I53: =IFERROR(F53/$M$12,0) -> 1.2
C54: Check with consumers connected to isolated section | D54: 0.1 | E54: per valve | F54: =D54*M14 -> 12 | I54: =IFERROR(F54/$M$12,0) -> 1.2
C55: Paint valve boxes with epoxy yellow | D55: 0.1 | E55: per valve | F55: =D55*M14 -> 12 | I55: =IFERROR(F55/$M$12,0) -> 1.2
C56: Update maintenance logs and Forms | D56: 1 | E56: per inspection | F56: =D56 -> 1 | I56: =IFERROR(F56/$M$12,0) -> 0.1
A58: W03 | B58: =VLOOKUP('ii. WO Linear Infr. Mnt Hours'!A58,WO_Data_Masterlist[],5,FALSE) -> Watermain Flushing | G58: =SUM(F59:F64) -> 101 | H58: 1 | J58: =SUM(I59:I64)*H58 -> 10.1 | K58: =J58*('TABLE OF CONTENTS'!$K$15+'TABLE OF CONTENTS'!$K$16) -> 479.41287 | L58: 100 | M58: 50 | N58: 0 | O58: =IFERROR(K58+((SUM(L58:N58)/$M$10)*H58),0) -> 509.41287
C59: Attach firehose to hydrant and run to ditch/manhole | D59: 0.15 | E59: per hydrant | F59: =D59*M13 -> 7.5 | I59: =IFERROR(F59/$M$12,0) -> 0.75
C60: Conduct W04 Hydrant Inspection and Maintenance | D60: 0.5 | E60: per hydrant | F60: =D60*M14 -> 60 | I60: =IFERROR(F60/$M$12,0) -> 6
C61: Open hydrant and flush for 10 min | D61: 0.2 | E61: per hydrant | F61: =D61*M13 -> 10 | I61: =IFERROR(F61/$M$12,0) -> 1
C62: Clean and lubricate threads, replace port caps | D62: 0.3 | E62: per hydrant | F62: =D62*M13 -> 15 | I62: =IFERROR(F62/$M$12,0) -> 1.5
C63: Collect hoses, move to next location | D63: 0.15 | E63: per hydrant | F63: =D63*M13 -> 7.5 | I63: =IFERROR(F63/$M$12,0) -> 0.75
C64: Update maintenance logs and Forms | D64: 1 | E64: per inspection | F64: =D64 -> 1 | I64: =IFERROR(F64/$M$12,0) -> 0.1
A66: W04 | B66: =VLOOKUP('ii. WO Linear Infr. Mnt Hours'!A66,WO_Data_Masterlist[],5,FALSE) -> Hydrant Inspection, Maintenance, and Flushing | G66: =SUM(F67:F71) -> 35 | H66: 1 | J66: =SUM(I67:I71)*H66 -> 3.5 | K66: =J66*('TABLE OF CONTENTS'!$K$15+'TABLE OF CONTENTS'!$K$16) -> 166.13317 | L66: 100 | M66: 150 | N66: 0 | O66: =IFERROR(K66+((SUM(L66:N66)/$M$10)*H66),0) -> 216.13317
C67: Inspect hydrant and check for leakage | D67: 0.1 | E67: per hydrant | F67: =D67*M13 -> 5 | I67: =IFERROR(F67/$M$12,0) -> 0.5
C68: Open hydrant and flush debris | D68: 0.33 | E68: per hydrant | F68: =D68*M13 -> 16.5 | I68: =IFERROR(F68/$M$12,0) -> 1.65
C69: Clean and lubricate nozzle threads | D69: 0.25 | E69: per hydrant | F69: =D69*M13 -> 12.5 | I69: =IFERROR(F69/$M$12,0) -> 1.25
C70: Paint hydrant if required (See W14) | E70: per hydrant | F70: =D70*M13 -> 0 | I70: =IFERROR(F70/$M$12,0) -> 0
C71: Update maintenance logs and Forms | D71: 1 | E71: per inspection | F71: =D71 -> 1 | I71: =IFERROR(F71/$M$12,0) -> 0.1
A73: W10 | B73: =VLOOKUP('ii. WO Linear Infr. Mnt Hours'!A73,WO_Data_Masterlist[],5,FALSE) -> Fire Hydrant and Standpipe Test | G73: =SUM(F74:F75) -> 76 | H73: 2 | J73: =SUM(I74:I75)*H73 -> 15.2 | K73: =J73*('TABLE OF CONTENTS'!$K$15+'TABLE OF CONTENTS'!$K$16) -> 721.49263 | L73: 0 | M73: 0 | N73: 0 | O73: =IFERROR(K73+((SUM(L73:N73)/$M$10)*H73),0) -> 721.49263
C74: Test operation and condition of each hydrant | D74: 1.5 | E74: per hydrant | F74: =D74*M13 -> 75 | I74: =IFERROR(F74/$M$12,0) -> 7.5
C75: Update maintenance logs and Forms | D75: 1 | E75: per inspection | F75: =D75 -> 1 | I75: =IFERROR(F75/$M$12,0) -> 0.1
B78: Water System Repairs | O78: =SUM(K78:N78) -> 0
N79: TOTAL ANNUAL WATER MAIN MAINTENCE COST PER KM | O79: =SUM(O44:O78) -> 4181.063

Sheet iii.Annual Mnt. Budget Summary 
F3: Return to Table of Contents
A8: TOTAL ANNUAL MAINTENANCE PER COMPONENT
A11: Asset Group | B11: Asset Component | C11: Task Code | D11: Sum of Annual Budget
C12: (blank) | D12: 0
B13: Total | D13: 0
A14: Total | D14: 0
A15: Grand Total | D15: 0

Sheet iv. Annual Unit Cost
A1: WO Required? | B1: YES
A3: ASSET GROUP | B3: ASSET COMPONENT | C3: WORK ORDER | D3: Annual Budget per Unit
A4: SANITARY | B4: Forcemain | D4: 226.98173
B5: Lift Station | D5: 11385.731
B6: Main | D6: 1718.5488
A7: WATER | B7: Boost Station | D7: 7156.2643
B8: Main | D8: 6014.1212
